Workbook

Sheet Cover
C2: University Nanosatellite Program
C3: Budget Templates Last Revision Date: 7/31/2025
B4: The performance budgets included were developed for the UNP Mission Design Course. This Excel workbook contains an Orbit Infromation sheet along with the Data Budget, Pointing Budget, Link Budget, Power Budget and Mass Budget. The values displayed throughout each sheet correlate to the ShipSat mission found in the UNP Mission Design Course presentation. They are simplified for feasibility-level analysis and education. They do not capture all the details necessary for a small satellite mission. Each Excel sheet has multiple hyperlinked cells to ensure when an user changes a value input, it auto populates throughout the rest of the workbook. UNP recommends all users review each budget sheet to familiarize oneself with the interactions between each budget sheet. While utilizing the Excel Worksheet, all users should update inputs and assumptions to reflect the mission under investigation.
B6: All budget sheets follow the key found on this page. All cells highlighted in blue indicate values that should be updated to reflect each mission needs. All cells highlighted in white are derived values based on equations or hyperlinks within the Excel workbook. | D6: Key
D7: Derived value
D8: Value to Enter
B10: Approved for public release; distribution is unlimited. Public Affairs release approval AFRL-2025-0934
B11: This document owned and developed by AFRL/RV: University Nanosatellite Program

Sheet Orbit Info
A1: Timestep | B1: Timestep | C1: In | D1: In
A2: (min) | B2: Orbit | C2: Sunlight? | D2: Eclipse? | F2: ORBIT INPUTS | J2: Key
A3: 1 | B3: =A3/G$10 -> 0.010569319 | C3: =IF((CEILING(B3,1)*G$10-A3)>G$10*(1-G$18),1,0) -> 1 | D3: =IF((CEILING(B3,1)*G$10-A3)>G$10*(1-G$18),0,1) -> 0 | F3: Orbit Altitude | G3: 500 | H3: km | I3: TBR | J3: Derived Value
A4: =A3+'Energy Balance'!$N$7 -> 2 | B4: =A4/G$10 -> 0.021138638 | C4: =IF((CEILING(B4,1)*G$10-A4)>G$10*(1-G$18),1,0) -> 1 | D4: =IF((CEILING(B4,1)*G$10-A4)>G$10*(1-G$18),0,1) -> 0 | F4: Radius (Earth) | G4: 6378 | H4: km | J4: Value to Enter
A5: =A4+'Energy Balance'!$N$7 -> 3 | B5: =A5/G$10 -> 0.031707958 | C5: =IF((CEILING(B5,1)*G$10-A5)>G$10*(1-G$18),1,0) -> 1 | D5: =IF((CEILING(B5,1)*G$10-A5)>G$10*(1-G$18),0,1) -> 0 | F5: Gravitational Parameter (Earth) | G5: 398600.44 | H5: km^3/s^2
A6: =A5+'Energy Balance'!$N$7 -> 4 | B6: =A6/G$10 -> 0.042277277 | C6: =IF((CEILING(B6,1)*G$10-A6)>G$10*(1-G$18),1,0) -> 1 | D6: =IF((CEILING(B6,1)*G$10-A6)>G$10*(1-G$18),0,1) -> 0 | F6: RESULTS
A7: =A6+'Energy Balance'!$N$7 -> 5 | B7: =A7/G$10 -> 0.052846596 | C7: =IF((CEILING(B7,1)*G$10-A7)>G$10*(1-G$18),1,0) -> 1 | D7: =IF((CEILING(B7,1)*G$10-A7)>G$10*(1-G$18),0,1) -> 0 | F7: Orbit Radius | G7: =G3+G4 -> 6878 | H7: km
A8: =A7+'Energy Balance'!$N$7 -> 6 | B8: =A8/G$10 -> 0.063415915 | C8: =IF((CEILING(B8,1)*G$10-A8)>G$10*(1-G$18),1,0) -> 1 | D8: =IF((CEILING(B8,1)*G$10-A8)>G$10*(1-G$18),0,1) -> 0 | F8: Range (at Horizon) | G8: =SQRT(G7^2-G4^2) -> 2574.4902 | H8: km
A9: =A8+'Energy Balance'!$N$7 -> 7 | B9: =A9/G$10 -> 0.073985234 | C9: =IF((CEILING(B9,1)*G$10-A9)>G$10*(1-G$18),1,0) -> 1 | D9: =IF((CEILING(B9,1)*G$10-A9)>G$10*(1-G$18),0,1) -> 0 | F9: Orbit Period | G9: =2*PI()*SQRT(G7^3/G5) -> 5676.8084 | H9: sec
A10: =A9+'Energy Balance'!$N$7 -> 8 | B10: =A10/G$10 -> 0.084554553 | C10: =IF((CEILING(B10,1)*G$10-A10)>G$10*(1-G$18),1,0) -> 1 | D10: =IF((CEILING(B10,1)*G$10-A10)>G$10*(1-G$18),0,1) -> 0 | G10: =G9/60 -> 94.613474 | H10: min
A11: =A10+'Energy Balance'!$N$7 -> 9 | B11: =A11/G$10 -> 0.095123872 | C11: =IF((CEILING(B11,1)*G$10-A11)>G$10*(1-G$18),1,0) -> 1 | D11: =IF((CEILING(B11,1)*G$10-A11)>G$10*(1-G$18),0,1) -> 0 | G11: =G9/3600 -> 1.5768912 | H11: hr
A12: =A11+'Energy Balance'!$N$7 -> 10 | B12: =A12/G$10 -> 0.10569319 | C12: =IF((CEILING(B12,1)*G$10-A12)>G$10*(1-G$18),1,0) -> 1 | D12: =IF((CEILING(B12,1)*G$10-A12)>G$10*(1-G$18),0,1) -> 0 | F12: Total # of Orbits / Day | G12: =24*3600/G9 -> 15.21982 | H12: orb/day
A13: =A12+'Energy Balance'!$N$7 -> 11 | B13: =A13/G$10 -> 0.11626251 | C13: =IF((CEILING(B13,1)*G$10-A13)>G$10*(1-G$18),1,0) -> 1 | D13: =IF((CEILING(B13,1)*G$10-A13)>G$10*(1-G$18),0,1) -> 0 | F13: Mean Motion | G13: =2*PI()/G9 -> 0.0011068165 | H13: rad/s
A14: =A13+'Energy Balance'!$N$7 -> 12 | B14: =A14/G$10 -> 0.12683183 | C14: =IF((CEILING(B14,1)*G$10-A14)>G$10*(1-G$18),1,0) -> 1 | D14: =IF((CEILING(B14,1)*G$10-A14)>G$10*(1-G$18),0,1) -> 0 | F14: Angle Transited Horizon-to-Horizon, ẞ (from Earth's center, circular orbit) | G14: =2*ACOS(G4/(G7)) -> 0.76730077 | H14: rad
A15: =A14+'Energy Balance'!$N$7 -> 13 | B15: =A15/G$10 -> 0.13740115 | C15: =IF((CEILING(B15,1)*G$10-A15)>G$10*(1-G$18),1,0) -> 1 | D15: =IF((CEILING(B15,1)*G$10-A15)>G$10*(1-G$18),0,1) -> 0 | F15: Max Horizon-to-Horizon Pass Duration (circular orbit) | G15: =G14/G13 -> 693.2502 | H15: s
A16: =A15+'Energy Balance'!$N$7 -> 14 | B16: =A16/G$10 -> 0.14797047 | C16: =IF((CEILING(B16,1)*G$10-A16)>G$10*(1-G$18),1,0) -> 1 | D16: =IF((CEILING(B16,1)*G$10-A16)>G$10*(1-G$18),0,1) -> 0 | G16: =G15/60 -> 11.55417 | H16: min
A17: =A16+'Energy Balance'!$N$7 -> 15 | B17: =A17/G$10 -> 0.15853979 | C17: =IF((CEILING(B17,1)*G$10-A17)>G$10*(1-G$18),1,0) -> 1 | D17: =IF((CEILING(B17,1)*G$10-A17)>G$10*(1-G$18),0,1) -> 0 | F17: Max Angle in Sun (circular orbit) | G17: =PI()+G14 -> 3.9088934 | H17: rad
A18: =A17+'Energy Balance'!$N$7 -> 16 | B18: =A18/G$10 -> 0.16910911 | C18: =IF((CEILING(B18,1)*G$10-A18)>G$10*(1-G$18),1,0) -> 1 | D18: =IF((CEILING(B18,1)*G$10-A18)>G$10*(1-G$18),0,1) -> 0 | F18: Max Orbit Duration in Sun (circular orbit) | G18: =G17/(2*PI()) -> 0.62211971 | H18: %
A19: =A18+'Energy Balance'!$N$7 -> 17 | B19: =A19/G$10 -> 0.17967843 | C19: =IF((CEILING(B19,1)*G$10-A19)>G$10*(1-G$18),1,0) -> 1 | D19: =IF((CEILING(B19,1)*G$10-A19)>G$10*(1-G$18),0,1) -> 0 | G19: =G9*G18 -> 3531.6544 | H19: sec
A20: =A19+'Energy Balance'!$N$7 -> 18 | B20: =A20/G$10 -> 0.19024774 | C20: =IF((CEILING(B20,1)*G$10-A20)>G$10*(1-G$18),1,0) -> 1 | D20: =IF((CEILING(B20,1)*G$10-A20)>G$10*(1-G$18),0,1) -> 0 | G20: =G10*G18 -> 58.860907 | H20: min
A21: =A20+'Energy Balance'!$N$7 -> 19 | B21: =A21/G$10 -> 0.20081706 | C21: =IF((CEILING(B21,1)*G$10-A21)>G$10*(1-G$18),1,0) -> 1 | D21: =IF((CEILING(B21,1)*G$10-A21)>G$10*(1-G$18),0,1) -> 0 | F21: Notes: Many of the spreadsheets utilize the orbit altitude, orbit period, etc. for calculations. This sheet allows the user to input these in one place that is used throughout the other budgets. The orbit is assumed to be circular i.e. the Altitude + Earth radius = the radius of the orbit. If the orbit is elliptical, the Altitude + Earth Radius should equal the orbit's semi-major axis.
A22: =A21+'Energy Balance'!$N$7 -> 20 | B22: =A22/G$10 -> 0.21138638 | C22: =IF((CEILING(B22,1)*G$10-A22)>G$10*(1-G$18),1,0) -> 1 | D22: =IF((CEILING(B22,1)*G$10-A22)>G$10*(1-G$18),0,1) -> 0
A23: =A22+'Energy Balance'!$N$7 -> 21 | B23: =A23/G$10 -> 0.2219557 | C23: =IF((CEILING(B23,1)*G$10-A23)>G$10*(1-G$18),1,0) -> 1 | D23: =IF((CEILING(B23,1)*G$10-A23)>G$10*(1-G$18),0,1) -> 0
A24: =A23+'Energy Balance'!$N$7 -> 22 | B24: =A24/G$10 -> 0.23252502 | C24: =IF((CEILING(B24,1)*G$10-A24)>G$10*(1-G$18),1,0) -> 1 | D24: =IF((CEILING(B24,1)*G$10-A24)>G$10*(1-G$18),0,1) -> 0
A25: =A24+'Energy Balance'!$N$7 -> 23 | B25: =A25/G$10 -> 0.24309434 | C25: =IF((CEILING(B25,1)*G$10-A25)>G$10*(1-G$18),1,0) -> 1 | D25: =IF((CEILING(B25,1)*G$10-A25)>G$10*(1-G$18),0,1) -> 0
A26: =A25+'Energy Balance'!$N$7 -> 24 | B26: =A26/G$10 -> 0.25366366 | C26: =IF((CEILING(B26,1)*G$10-A26)>G$10*(1-G$18),1,0) -> 1 | D26: =IF((CEILING(B26,1)*G$10-A26)>G$10*(1-G$18),0,1) -> 0
A27: =A26+'Energy Balance'!$N$7 -> 25 | B27: =A27/G$10 -> 0.26423298 | C27: =IF((CEILING(B27,1)*G$10-A27)>G$10*(1-G$18),1,0) -> 1 | D27: =IF((CEILING(B27,1)*G$10-A27)>G$10*(1-G$18),0,1) -> 0
A28: =A27+'Energy Balance'!$N$7 -> 26 | B28: =A28/G$10 -> 0.2748023 | C28: =IF((CEILING(B28,1)*G$10-A28)>G$10*(1-G$18),1,0) -> 1 | D28: =IF((CEILING(B28,1)*G$10-A28)>G$10*(1-G$18),0,1) -> 0
A29: =A28+'Energy Balance'!$N$7 -> 27 | B29: =A29/G$10 -> 0.28537162 | C29: =IF((CEILING(B29,1)*G$10-A29)>G$10*(1-G$18),1,0) -> 1 | D29: =IF((CEILING(B29,1)*G$10-A29)>G$10*(1-G$18),0,1) -> 0
A30: =A29+'Energy Balance'!$N$7 -> 28 | B30: =A30/G$10 -> 0.29594094 | C30: =IF((CEILING(B30,1)*G$10-A30)>G$10*(1-G$18),1,0) -> 1 | D30: =IF((CEILING(B30,1)*G$10-A30)>G$10*(1-G$18),0,1) -> 0
A31: =A30+'Energy Balance'!$N$7 -> 29 | B31: =A31/G$10 -> 0.30651026 | C31: =IF((CEILING(B31,1)*G$10-A31)>G$10*(1-G$18),1,0) -> 1 | D31: =IF((CEILING(B31,1)*G$10-A31)>G$10*(1-G$18),0,1) -> 0
A32: =A31+'Energy Balance'!$N$7 -> 30 | B32: =A32/G$10 -> 0.31707958 | C32: =IF((CEILING(B32,1)*G$10-A32)>G$10*(1-G$18),1,0) -> 1 | D32: =IF((CEILING(B32,1)*G$10-A32)>G$10*(1-G$18),0,1) -> 0
A33: =A32+'Energy Balance'!$N$7 -> 31 | B33: =A33/G$10 -> 0.32764889 | C33: =IF((CEILING(B33,1)*G$10-A33)>G$10*(1-G$18),1,0) -> 1 | D33: =IF((CEILING(B33,1)*G$10-A33)>G$10*(1-G$18),0,1) -> 0
... A1442: =A1441+'Energy Balance'!$N$7 -> 1440 | B1442: =A1442/G$10 -> 15.21982 | C1442: =IF((CEILING(B1442,1)*G$10-A1442)>G$10*(1-G$18),1,0) -> 1 | D1442: =IF((CEILING(B1442,1)*G$10-A1442)>G$10*(1-G$18),0,1) -> 0

Sheet Data DownlinkStorage Budget
A1: DOWNLINK DATA BUDGET (1 DAY) | M1: INPUTS | Q1: PACKET SIZING INPUTS | U1: Key
A2: Subsystem | B2: Description | C2: Size (Bytes) | D2: Frequency | E2: Frequency (samples/second) | F2: F Prime Sample/Event Overhead (Bytes) | G2: Duration (sec) | H2: F Prime Data (Bytes) | I2: Packet/TM Framing + Padding (Bytes) | J2: Transmitted Bytes | K2: Share of Daily Downlink | M2: Orbital Inputs | Q2: Item | R2: Value | S2: Units | U2: Derived Value
A3: CDH | B3: CDH/application-state telemetry: 19 channels (satellite mode, mission operations, schedules, storage), and F': 37 channels (dispatcher, sequencer, EventManager, TlmPacketizer, health, file/data services) | C3: 316 | D3: once per 5 sec | E3: 0.2 | F3: 15 | G3: =$N$3*$N$4*60 -> 2880 | H3: =G3*E3*(F3+C3) -> 190656 | I3: =J3-H3 -> 83915.557 | J3: =CEILING((SUM($C$3:$C$8)+SUM($F$3:$F$8)+COUNT($C$3:$C$8)*$R$3)/$R$10,1)*($E$3*$G$3)*$R$14*((H3+E3*G3*$R$3)/(SUM($H$3:$H$8)+$R$3*SUMPRODUCT($E$3:$E$8,$G$3:$G$8)+$H$11+$R$3*$E$11*$G$11+$H$12+$R$3*$E$12*$G$12)) -> 274571.56 | K3: =J3/$J$14 -> 0.044051608 | M3: Downlink Time per Pass | N3: 8 | O3: Minutes | Q3: CCSDS Space Packet Header | R3: 6 | S3: Bytes/packet | U3: Inputted Value
A4: EPS | B4: EPS telemetry: 18 channels (MPPT, rail monitors, battery/power state) | C4: 53 | D4: once per 5 sec | E4: 0.2 | F4: 15 | G4: =$N$3*$N$4*60 -> 2880 | H4: =G4*E4*(F4+C4) -> 39168 | I4: =J4-H4 -> 21123.677 | J4: =CEILING((SUM($C$3:$C$8)+SUM($F$3:$F$8)+COUNT($C$3:$C$8)*$R$3)/$R$10,1)*($E$3*$G$3)*$R$14*((H4+E4*G4*$R$3)/(SUM($H$3:$H$8)+$R$3*SUMPRODUCT($E$3:$E$8,$G$3:$G$8)+$H$11+$R$3*$E$11*$G$11+$H$12+$R$3*$E$12*$G$12)) -> 60291.677 | K4: =J4/$J$14 -> 0.0096730533 | M4: Number of Passes per day | N4: 6 | O4: Passes | Q4: F Prime ComBuffer Capacity (not on-air) | R4: 512 | S4: Bytes
A5: ADCS | B5: ADCS telemetry: 27 channels (IMU, sun sensor, magnetorquer, star tracker, filters, pointing mode) | C5: 268 | D5: once per 5 sec | E5: 0.2 | F5: 15 | G5: =$N$3*$N$4*60 -> 2880 | H5: =G5*E5*(F5+C5) -> 163008 | I5: =J5-H5 -> 72455.442 | J5: =CEILING((SUM($C$3:$C$8)+SUM($F$3:$F$8)+COUNT($C$3:$C$8)*$R$3)/$R$10,1)*($E$3*$G$3)*$R$14*((H5+E5*G5*$R$3)/(SUM($H$3:$H$8)+$R$3*SUMPRODUCT($E$3:$E$8,$G$3:$G$8)+$H$11+$R$3*$E$11*$G$11+$H$12+$R$3*$E$12*$G$12)) -> 235463.44 | K5: =J5/$J$14 -> 0.037777195 | M5: Data Size Inputs | Q5: Proposed File Data Chunk Limit | R5: 468 | S5: Bytes
A6: THR | B6: THR telemetry: 11 channels (temperature sensor, heater, thermal application state) | C6: 40 | D6: once per 5 sec | E6: 0.2 | F6: 15 | G6: =$N$3*$N$4*60 -> 2880 | H6: =G6*E6*(F6+C6) -> 31680 | I6: =J6-H6 -> 18019.896 | J6: =CEILING((SUM($C$3:$C$8)+SUM($F$3:$F$8)+COUNT($C$3:$C$8)*$R$3)/$R$10,1)*($E$3*$G$3)*$R$14*((H6+E6*G6*$R$3)/(SUM($H$3:$H$8)+$R$3*SUMPRODUCT($E$3:$E$8,$G$3:$G$8)+$H$11+$R$3*$E$11*$G$11+$H$12+$R$3*$E$12*$G$12)) -> 49699.896 | K6: =J6/$J$14 -> 0.0079737332 | M6: LOST Uncompressed Image Size Together | N6: =2064*1544 * 10/8 -> 3983520 | O6: Bytes | Q6: TM Frame Size | R6: 1024 | S6: Bytes
A7: PAY | B7: PAYLOAD telemetry: 30 channels (cameras, GNSS, data collection, science) | C7: 194 | D7: once per 5 sec | E7: 0.2 | F7: 15 | G7: =$N$3*$N$4*60 -> 2880 | H7: =G7*E7*(F7+C7) -> 120384 | I7: =J7-H7 -> 54787.765 | J7: =CEILING((SUM($C$3:$C$8)+SUM($F$3:$F$8)+COUNT($C$3:$C$8)*$R$3)/$R$10,1)*($E$3*$G$3)*$R$14*((H7+E7*G7*$R$3)/(SUM($H$3:$H$8)+$R$3*SUMPRODUCT($E$3:$E$8,$G$3:$G$8)+$H$11+$R$3*$E$11*$G$11+$H$12+$R$3*$E$12*$G$12)) -> 175171.76 | K7: =J7/$J$14 -> 0.028104141 | M7: LOST Effective Image Size Ratio (downsampling + compression) | N7: 0.25 | Q7: TM Primary Header | R7: 6 | S7: Bytes/frame
A8: COMM | B8: COM telemetry: 15 channels (downlink mode, queue/link state, SDLS counters) | C8: 49 | D8: once per 5 sec | E8: 0.2 | F8: 15 | G8: =$N$3*$N$4*60 -> 2880 | H8: =G8*E8*(F8+C8) -> 36864 | I8: =J8-H8 -> 20168.668 | J8: =CEILING((SUM($C$3:$C$8)+SUM($F$3:$F$8)+COUNT($C$3:$C$8)*$R$3)/$R$10,1)*($E$3*$G$3)*$R$14*((H8+E8*G8*$R$3)/(SUM($H$3:$H$8)+$R$3*SUMPRODUCT($E$3:$E$8,$G$3:$G$8)+$H$11+$R$3*$E$11*$G$11+$H$12+$R$3*$E$12*$G$12)) -> 57032.668 | K8: =J8/$J$14 -> 0.0091501856 | M8: FOUND Uncompressed Image Size Together | N8: =2064*1544 * 10/8 -> 3983520 | O8: Bytes | Q8: TM FECF (CRC16) | R8: 2 | S8: Bytes/frame
A9: PAY | B9: LOST Image | C9: =N6*N7 -> 995880 | D9: See M15 | E9: =N15/2/86400 -> 2.3148148e-05 | F9: 0 | G9: 86400 | H9: =G9*E9*(F9+C9) -> 1991760 | I9: =J9-H9 -> 212728 | J9: =(CEILING(CEILING(C9/$R$5,1)/$R$13,1)+$R$21)*E9*G9*$R$14 -> 2204488 | K9: =J9/$J$14 -> 0.35368281 | M9: FOUND Effective Image Size Ratio (downsampling + compression) | N9: 0.25 | Q9: Reserved Minimum Idle Packet | R9: 7 | S9: Bytes/frame
A10: PAY | B10: FOUND Image | C10: =N8*N9 -> 995880 | D10: See M15 | E10: =N15/2/86400 -> 2.3148148e-05 | F10: 0 | G10: 86400 | H10: =G10*E10*(F10+C10) -> 1991760 | I10: =J10-H10 -> 212728 | J10: =(CEILING(CEILING(C10/$R$5,1)/$R$13,1)+$R$21)*E10*G10*$R$14 -> 2204488 | K10: =J10/$J$14 -> 0.35368281 | M10: Overhead + Data Size Inaccuracies Margin Input | Q10: Usable Aggregation Capacity | R10: =R6-R7-R8-R9 -> 1009 | S10: Bytes
A11: PAY | B11: Numerical Data (Truth attitude (12), Angular velocity (12), GNSS position (12), GNSS velocity (12), Timestamp (8), LOST attitude (12), FOUND position (12), Status flags (1), CRC (2), Image/experiment metadata (39)) | C11: 122 | D11: See M13 | E11: =N13/60/60/24 -> 0.016666667 | F11: 16 | G11: 86400 | H11: =G11*E11*(F11+C11) -> 198720 | I11: =J11-H11 -> 94590.862 | J11: =CEILING((SUM($C$3:$C$8)+SUM($F$3:$F$8)+COUNT($C$3:$C$8)*$R$3)/$R$10,1)*($E$3*$G$3)*$R$14*((H11+E11*G11*$R$3)/(SUM($H$3:$H$8)+$R$3*SUMPRODUCT($E$3:$E$8,$G$3:$G$8)+$H$11+$R$3*$E$11*$G$11+$H$12+$R$3*$E$12*$G$12)) -> 293310.86 | K11: =J11/$J$14 -> 0.047058097 | M11: Margin | N11: 0.2 | Q11: F Prime File Data Header | R11: 13 | S11: Bytes/packet
A12: AGG | B12: 5-min aggregate of CDH/EPS/ADCS/THR/PAY/COMM telemetry (min/max/avg/state summary) | C12: 90 | D12: once per 5 min | E12: =1/(5*60) -> 0.0033333333 | F12: 16 | G12: =24*60*60 -> 86400 | H12: =G12*E12*(F12+C12) -> 30528 | I12: =J12-H12 -> 15098.134 | J12: =CEILING((SUM($C$3:$C$8)+SUM($F$3:$F$8)+COUNT($C$3:$C$8)*$R$3)/$R$10,1)*($E$3*$G$3)*$R$14*((H12+E12*G12*$R$3)/(SUM($H$3:$H$8)+$R$3*SUMPRODUCT($E$3:$E$8,$G$3:$G$8)+$H$11+$R$3*$E$11*$G$11+$H$12+$R$3*$E$12*$G$12)) -> 45626.134 | K12: =J12/$J$14 -> 0.0073201485 | M12: Experiment Count Inputs | Q12: Full File Space Packet Size | R12: =R5+R11+R3 -> 487 | S12: Bytes/packet
A13: CDH | B13: Binary event-log file(s), one per pass. Daily allowance divided uniformly by record count. | C13: =R18 -> 32 | D13: Event records/day | E13: =R17/G13 -> 0.20138889 | F13: 0 | G13: 86400 | H13: =R17*R18+R19*R20 -> 556800 | I13: =J13-H13 -> 76008 | J13: =(CEILING(CEILING((CEILING($R$17/$R$19,1)*$R$18+$R$20)/$R$5,1)/$R$13,1)+$R$21)*$R$19*$R$14 -> 632808 | K13: =J13/$J$14 -> 0.10152621 | M13: Total number of experiments per day | N13: =86400/60 -> 1440 | O13: Experiments | Q13: Full File Packets per TM Frame | R13: =FLOOR(R10/R12,1) -> 2 | S13: Packets/frame
A14: TOTALS | H14: =SUM(H3:H13) -> 5351328 | I14: =SUM(I3:I13) -> 881624 | J14: =SUM(J3:J13) -> 6232952 | K14: =SUM(K3:K13) -> 1 | M14: Bytes from Images (before downlink overhead) | N14: =H9+H10 -> 3983520 | O14: Bytes | Q14: On-air Bytes per TM Frame | R14: =R6+R15+R16 -> 1034 | S14: Bytes/frame
M15: Total number of images downlinked per day | N15: 4 | O15: Images | Q15: Additional Radio Framing (HDLC) | R15: 6 | S15: Bytes/frame
A16: DATA GENERATION BUDGET (1 DAY) | M16: Minimal Experiment Data Storage Time Input | Q16: Additional Radio CRC32 | R16: 4 | S16: Bytes/frame
A17: Subsystem | B17: Description | C17: Size (Bytes) | D17: Frequency | E17: Frequency (sample/sec) | F17: Sample Overhead (Bytes) | G17: Duration (sec) | H17: Sample Total (Bytes) | M17: Number of Hours for Data to be Stored | N17: 24 | O17: Hours | Q17: Event Records per Day | R17: 17400 | S17: Records
A18: CDH | B18: CDH/application-state telemetry: 19 channels (satellite mode, mission operations, schedules, storage), and F': 37 channels (dispatcher, sequencer, EventManager, TlmPacketizer, health, file/data services) | C18: 316 | D18: once per 0.2 sec | E18: 5 | F18: 15 | G18: =24*3600 -> 86400 | H18: =G18*E18*(F18+C18) -> 142992000 | M18: Downlink Size Required from Experiment Counts | Q18: Average Compact Event Record | R18: 32 | S18: Bytes/record
A19: EPS | B19: EPS telemetry: 18 channels (MPPT, rail monitors, battery/power state) | C19: 53 | D19: once per 0.2 sec | E19: 5 | F19: 15 | G19: =24*3600 -> 86400 | H19: =G19*E19*(F19+C19) -> 29376000 | M19: Transmitted Bytes (1 Day) | N19: =J14 -> 6232952 | O19: Bytes | Q19: Event Log Files per Day (one per pass) | R19: =N4 -> 6 | S19: Files
A20: ADCS | B20: ADCS telemetry: 27 channels (IMU, sun sensor, magnetorquer, star tracker, filters, pointing mode) | C20: 268 | D20: once per 0.2 sec | E20: =5 -> 5 | F20: 15 | G20: =24*3600 -> 86400 | H20: =G20*E20*(F20+C20) -> 122256000 | M20: Total Bytes with Margin (1 Day) | N20: =N19*(1+N11) -> 7479542.4 | O20: Bytes | Q20: Event Log Header Allowance | R20: 0 | S20: Bytes/file
A21: THM | B21: THR telemetry: 11 channels (temperature sensor, heater, thermal application state) | C21: 40 | D21: once per 10 sec | E21: =1/10 -> 0.1 | F21: 15 | G21: =24*3600 -> 86400 | H21: =G21*E21*(F21+C21) -> 475200 | M21: RESULTS | Q21: Start/End Frame Allowance | R21: 2 | S21: Frames/file
A22: PAY | B22: PAYLOAD telemetry: 30 channels (cameras, GNSS, data collection, science) | C22: 194 | D22: once per 3 sec | E22: =1/3 -> 0.33333333 | F22: 15 | G22: =24*3600 -> 86400 | H22: =G22*E22*(F22+C22) -> 6019200 | M22: Minimum Radio Downlink Rate | N22: =N20*8/1000/(N3*N4*60) -> 20.776507 | O22: Kbps
A23: COMM | B23: COM telemetry: 15 channels (downlink mode, queue/link state, SDLS counters) | C23: 49 | D23: once per 10 sec | E23: =1/10 -> 0.1 | F23: 15 | G23: =24*3600 -> 86400 | H23: =G23*E23*(F23+C23) -> 552960 | M23: Minimum LOST Payload Storage Required | N23: =N13*(C9+C11/2)/1000/1000/1000*(N17/24) -> 1.434155 | O23: GB
A24: PAY | B24: LOST Image | C24: =N6 -> 3983520 | D24: See M13 | E24: =N13/60/60/24 -> 0.016666667 | F24: 64 | G24: 86400 | H24: =G24*E24*C24 -> 5736268800 | M24: Minimum FOUND Payload Storage Required | N24: =N13*(C10+C11/2)/1000/1000/1000*(N17/24) -> 1.434155 | O24: GB
A25: PAY | B25: FOUND Image | C25: =N6 -> 3983520 | D25: See M13 | E25: =N13/60/60/24 -> 0.016666667 | F25: 64 | G25: 86400 | H25: =G25*E25*C25 -> 5736268800 | M25: Minimum Total Payload Storage Required | N25: =N24+N23 -> 2.8683101 | O25: GB
A26: PAY | B26: Numerical Data (Truth attitude (12), Angular velocity (12), GNSS position (12), GNSS velocity (12), Timestamp (8), LOST attitude (12), FOUND position (12), Status flags (1), CRC (2), Image/experiment metadata (39)) | C26: 122 | D26: See M13 | E26: =N13/60/60/24 -> 0.016666667 | F26: 16 | G26: 86400 | H26: =G26*E26*(F26+C26) -> 198720
A27: EVENTS | B27: Compact binary event-log file(s) | C27: =32 -> 32 | D27: Event records/day | E27: =R17/G13 -> 0.20138889 | F27: 0 | G27: 86400 | H27: =R17*R18+R19*R20 -> 556800
A28: TOTALS | H28: =SUM(H18:H27) -> 11774964480
A30: NOTES
A31: Events: 17,400 records/day = 10 records × 1,440 experiments + 3,000 other records. One compact event-log file is downlinked per pass; records are assumed uniform between the six passes.
A32: Events use a 32-byte average complete compact record, then each per-pass log is transferred as a file. No CCSDS header is charged per record; only file-packet and TM-frame framing are included.
A33: Generated Bytes/Day is the unframed mission data volume. The on-air budget is calculated separately in the Downlink Budget section.
A34: The 512 B F Prime ComBuffer is a software buffer capacity, not a transmitted field or per-packet overhead. Refer to the CTL. to see what telemetry channels are downlinked.
A35: TM framing assumes 1024-byte TM frames, 1009 bytes of packet-zone capacity, and 10 bytes/frame of on-air HDLC/CRC overhead. Validate against the final radio/framer configuration.
A36: Images already include downsampling and compression. Images are downlinked on command. Event logs are downlinked once per pass; two start/end frames per log are an editable allowance. The plan is not to downlink all images taken; only downlinking to verify cameras are pointing appropriately.
A37: Data generation storage assumes images are taken 24/7; with CONOPS modes in mind, this is not true, and thus the actual generated data per day is significantly lower. See the Storage over time sheet for more detail.
A38: Contact assumption: six 8-minute daily contacts represent Leaf Space service across multiple ground stations, not one station. The storage timeline models 9 MB/day of contact capacity against a 7.48 MB/day as outlined above (including 20% margin and four compressed images/day); we do not downlink every stored image.

Sheet Data Uplink Budget
A1: UPLINK DATA BUDGET (1 PASS) | G1: INPUTS | K1: PACKET SIZING INPUTS | P1: Key
A2: Case | B2: Description | C2: Command size (Bytes) | D2: Frames needed (1 command) | E2: Effective bytes uplinked | G2: OPERATIONS INPUTS | K2: Item | L2: Value | M2: Units | N2: Source / status | P2: Derived Value
A3: Min command size | B3: Smallest CTL command (short, no-argument command) | C3: =L3 -> 32 | D3: =CEILING(C3/512,1) -> 1 | E3: =D3*$L$6 -> 1024 | G3: Command window per pass | H3: 2 | I3: min | K3: Min command size (short command) | L3: 32 | M3: Bytes/command | N3: Baseline short-command allocation | P3: Inputted Value
A4: Expected command size | B4: Typical planning-envelope command | C4: =L4 -> 128 | D4: =CEILING(C4/512,1) -> 1 | E4: =D4*$L$6 -> 1024 | G4: Command window per pass | H4: =H3*60 -> 120 | I4: sec | K4: Expected command size (planning envelope) | L4: 128 | M4: Bytes/command | N4: Baseline planning envelope
A5: Max command size | B5: Largest CTL command (MoveFile) | C5: =L5 -> 279 | D5: =CEILING(C5/512,1) -> 1 | E5: =D5*$L$6 -> 1024 | G5: Uplink rate | H5: 25 | I5: kbps | K5: Max command size (MoveFile) | L5: =128+128+23 -> 279 | M5: Bytes/command | N5: MoveFile: 128B source path + 128B destination path + 23B header/opcode
G6: Margin | H6: 0.2 | K6: CCSDS TC frame size | L6: 1024 | M6: Bytes/frame | N6: Similar to TM Frames in Data Downlink budget, max user payload allowed is 512B
A7: NOTES | G7: Expected max number of commands to be sent during a single pass | H7: 40 | I7: commands
A8: Min / Expected / Max command sizes reuse the same baseline allocations as the prior detailed budget (short command, planning envelope, MoveFile), so this sheet isolates the framing effect rather than re-deriving command sizes. The estimated number of needed commands comes from assuming error handling via commanding components, recovering from safe mode, and proceeding to schedule experiments. | G8: RESULTS
A9: TC frame size (1,024 B) is a single uplinked unit that already includes all packet, header, and radio framing overhead. The CTL command-per-frame policy pads every command up to a full frame, so the effective uplink cost of any single command is 1,024 bytes regardless of its actual size, this is why all three cases land on the same Commands per pass. Depending on Mission Operations, multiple commands may be batched into a single frame, so this budget likely overestimates the amount of data needed for commands. | G9: Uplink capacity per pass | H9: =H5*1000*H4 -> 3000000 | I9: bits
A10: Uplink rate (25 kbps) is because Leaf Space gives significantly more than 50 kbps as raw data uplink rate, but the EnduroSat S-Band Transceiver is capped at 50 kbps raw receive rate, so it is the bottle neck. Due to FEC, the effective data rate is halved. The 2 minute window for commands is there assuming that several minutes of a ground pass would be used for setting up the command(s) to prepare to send. | G10: Uplink capacity after margin | H10: =H9/(1+H6) -> 2500000 | I10: bits
G11: Minimum available commands per pass (after margin) | H11: =FLOOR(H10/(E5*8),1) -> 305 | I11: commands
G12: Data amount of expected max number of commands (after margin) | H12: =E5*8 * H7 * (1+H6) -> 393216 | I12: bits
G13: Time needed for uplinking expected max number of commands (after margin, assuming 25kbps rate) | H13: =E5*8 * H7 * (1+H6) / (H5*1000) -> 15.72864 | I13: seconds
G14: Uplink rate needed for uplinking expected max number of commands (after margin, assuming 120s uplink time) | H14: =E5*8 * H7 * (1+H6) / (H4) / 1000 -> 3.2768 | I14: kbps

Sheet Storage over time
A1: Onboard Storage Timeline
A2: Four-minute steps, Safe state has highest priority; a validated contact preempts Science for Downlink.
A4: Storage and data assumptions | E4: Storage timeline summary | J4: Notional mode and contact schedule | O4: Mode color key
A5: Item | B5: Value | C5: Units / basis | E5: Metric | F5: Value | G5: Units | H5: Interpretation | J5: Scheduled activity | K5: Start min | L5: End min | M5: Runs per 4 min | O5: Mode | P5: Color | Q5: Data behavior
A6: SSD gross capacity | B6: 64000 | C6: MB | E6: Peak SSD usage | F6: =MAX(F23:F742) -> 8722.9476 | G6: MB | H6: Highest stored-data value in the day | J6: Safe | K6: 0 | L6: 30 | M6: 0 | O6: Safe | Q6: Essential housekeeping and events only
A7: Reserved SSD capacity | B7: 8192 | C7: MB; OS, flight software, database, margin | E7: Peak SSD utilization | F7: =F6/$B$8 -> 0.15630282 | G7: % | H7: Compared with usable SSD capacity | J7: Charge | K7: default | L7: default | M7: 0 | O7: Charge | Q7: Housekeeping and events only
A8: Usable SSD capacity | B8: =B6-B7 -> 55808 | C8: MB | E8: End-of-day SSD usage | F8: =F742 -> 8722.9476 | G8: MB | H8: Data carried into the next day | J8: Science A | K8: 180 | L8: 300 | M8: 8 | O8: Science A | Q8: LOST product plus housekeeping
A9: Effective downlink rate | B9: 25 | C9: kbps | E9: Total generated | F9: =SUM(D23:D742) -> 8741.9251 | G9: MB | H9: All mode-driven generated data | J9: Science B | K9: 420 | L9: 540 | M9: 8 | O9: Science B | Q9: FOUND product plus housekeeping
A10: Downlink capacity per 4 min | B10: =B9*B15*60/8/1000 -> 0.75 | C10: MB | E10: Modeled downlink capacity (48 h) | F10: =SUM(E23:E742) -> 18 | G10: MB | H10: 18 MB over 48 h; 9 MB/day contact capacity; selected data only | J10: Science C | K10: 580 | L10: 720 | M10: 8 | O10: Science C | Q10: LOST + FOUND products plus housekeeping
A11: Base housekeeping and events per 4 min | B11: 0.97756267 | C11: MB; current normal-day budget input | E11: Downlink contact steps | F11: =COUNTIF(B23:B742,"Downlink") -> 24 | G11: steps | H11: Four-minute samples in validated-contact windows | O11: Downlink | Q11: Queue drains at effective rate; preempts Science
A12: Science A product per run | B12: 3.984 | C12: MB; LOST image + numerical product | E12: Planned package with 20% margin (48 h) | F12: ='Data DownlinkStorage Budget'!$N$20/1000000*2 -> 14.959085 | G12: MB | H12: Selected telemetry/data package repeated for 48 h; includes 4 compressed images/day | J12: Validated contact schedule
A13: Science B product per run | B13: 3.984 | C13: MB; FOUND image + numerical product | E13: Downlink headroom (48 h) | F13: =F10-F12 -> 3.0409152 | G13: MB | H13: 18 MB modeled capacity minus the 48 h planned package | J13: Contact | K13: Start min | L13: End min | M13: Status
A14: Science C product per run | B14: =7.98 -> 7.98 | C14: MB; LOST + FOUND images + numerical product | J14: Contact 1 | K14: 100 | L14: 108 | M14: Validated
A15: Timestep | B15: 4 | C15: minutes | J15: Contact 2 | K15: 300 | L15: 308 | M15: Validated
J16: Contact 3 | K16: 600 | L16: 608 | M16: Validated
J17: Contact 4 | K17: 800 | L17: 808 | M17: Validated
A18: Downlink scope: high-rate telemetry and raw images remain onboard; the selected 7.27 MB/day seen in the Downlink Budget fits within the modeled 9 MB/day contact capacity and includes four compressed images, not all images taken. | J18: Contact 5 | K18: 1000 | L18: 1008 | M18: Validated
A19: Storage CONOPS: onboard storage uses a circular buffer. When usable capacity fills, the oldest data is overwritten, and experiment data collection stops until storage is recovered (through GND commands). | J19: Contact 6 | K19: 1200 | L19: 1208 | M19: Validated
A20: Yellow boxes are inputted values | J20: Contact 7 | K20: 1540 | L20: 1548 | M20: Validated
A21: Time (min) | B21: Active mode | C21: Science runs | D21: Generated this step (MB) | E21: Downlinked this step (MB) | F21: SSD usage (MB) | G21: SSD utilization | H21: CONOPS note | J21: Contact 8 | K21: 1740 | L21: 1748 | M21: Validated
J22: Contact 9 | K22: 2040 | L22: 2048 | M22: Validated
A23: 0 | B23: =IF(AND(MOD(A23,1440)>=$K$6,MOD(A23,1440)<$L$6),"Safe",IF(OR(AND(MOD(A23,1440)>=$K$14,MOD(A23,1440)<$L$14),AND(MOD(A23,1440)>=$K$15,MOD(A23,1440)<$L$15),AND(MOD(A23,1440)>=$K$16,MOD(A23,1440)<$L$16),AND(MOD(A23,1440)>=$K$17,MOD(A23,1440)<$L$17),AND(MOD(A23,1440)>=$K$18,MOD(A23,1440)<$L$18),AND(MOD(A23,1440)>=$K$19,MOD(A23,1440)<$L$19)),"Downlink",IF(AND(MOD(A23,1440)>=$K$8,MOD(A23,1440)<$L$8),"Science A",IF(AND(MOD(A23,1440)>=$K$9,MOD(A23,1440)<$L$9),"Science B",IF(AND(MOD(A23,1440)>=$K$10,MOD(A23,1440)<$L$10),"Science C","Charge"))))) -> Safe | C23: =IF(B23="Science A",$M$8,IF(B23="Science B",$M$9,IF(B23="Science C",$M$10,0))) -> 0 | D23: =$B$11+IF(B23="Science A",C23*$B$12,IF(B23="Science B",C23*$B$13,IF(B23="Science C",C23*$B$14,0))) -> 0.97756267 | E23: =IF(B23="Downlink",MIN(0+D23,$B$10),0) -> 0 | F23: =MIN($B$8,MAX(0,0+D23-E23)) -> 0.97756267 | G23: =F23/$B$8 -> 1.7516533e-05 | H23: =IF(B23="Downlink","Validated contact; Downlink preempts Science",IF(LEFT(B23,7)="Science","Science data acquisition and storage",IF(B23="Safe","Safe preemption","Default standby Charge"))) -> Safe preemption | J23: Contact 10 | K23: 2240 | L23: 2248 | M23: Validated
A24: =A23+$B$15 -> 4 | B24: =IF(AND(MOD(A24,1440)>=$K$6,MOD(A24,1440)<$L$6),"Safe",IF(OR(AND(MOD(A24,1440)>=$K$14,MOD(A24,1440)<$L$14),AND(MOD(A24,1440)>=$K$15,MOD(A24,1440)<$L$15),AND(MOD(A24,1440)>=$K$16,MOD(A24,1440)<$L$16),AND(MOD(A24,1440)>=$K$17,MOD(A24,1440)<$L$17),AND(MOD(A24,1440)>=$K$18,MOD(A24,1440)<$L$18),AND(MOD(A24,1440)>=$K$19,MOD(A24,1440)<$L$19)),"Downlink",IF(AND(MOD(A24,1440)>=$K$8,MOD(A24,1440)<$L$8),"Science A",IF(AND(MOD(A24,1440)>=$K$9,MOD(A24,1440)<$L$9),"Science B",IF(AND(MOD(A24,1440)>=$K$10,MOD(A24,1440)<$L$10),"Science C","Charge"))))) -> Safe | C24: =IF(B24="Science A",$M$8,IF(B24="Science B",$M$9,IF(B24="Science C",$M$10,0))) -> 0 | D24: =$B$11+IF(B24="Science A",C24*$B$12,IF(B24="Science B",C24*$B$13,IF(B24="Science C",C24*$B$14,0))) -> 0.97756267 | E24: =IF(B24="Downlink",MIN(F23+D24,$B$10),0) -> 0 | F24: =MIN($B$8,MAX(0,F23+D24-E24)) -> 1.9551253 | G24: =F24/$B$8 -> 3.5033066e-05 | H24: =IF(B24="Downlink","Validated contact; Downlink preempts Science",IF(LEFT(B24,7)="Science","Science data acquisition and storage",IF(B24="Safe","Safe preemption","Default standby Charge"))) -> Safe preemption | J24: Contact 11 | K24: 2440 | L24: 2448 | M24: Validated
A25: =A24+$B$15 -> 8 | B25: =IF(AND(MOD(A25,1440)>=$K$6,MOD(A25,1440)<$L$6),"Safe",IF(OR(AND(MOD(A25,1440)>=$K$14,MOD(A25,1440)<$L$14),AND(MOD(A25,1440)>=$K$15,MOD(A25,1440)<$L$15),AND(MOD(A25,1440)>=$K$16,MOD(A25,1440)<$L$16),AND(MOD(A25,1440)>=$K$17,MOD(A25,1440)<$L$17),AND(MOD(A25,1440)>=$K$18,MOD(A25,1440)<$L$18),AND(MOD(A25,1440)>=$K$19,MOD(A25,1440)<$L$19)),"Downlink",IF(AND(MOD(A25,1440)>=$K$8,MOD(A25,1440)<$L$8),"Science A",IF(AND(MOD(A25,1440)>=$K$9,MOD(A25,1440)<$L$9),"Science B",IF(AND(MOD(A25,1440)>=$K$10,MOD(A25,1440)<$L$10),"Science C","Charge"))))) -> Safe | C25: =IF(B25="Science A",$M$8,IF(B25="Science B",$M$9,IF(B25="Science C",$M$10,0))) -> 0 | D25: =$B$11+IF(B25="Science A",C25*$B$12,IF(B25="Science B",C25*$B$13,IF(B25="Science C",C25*$B$14,0))) -> 0.97756267 | E25: =IF(B25="Downlink",MIN(F24+D25,$B$10),0) -> 0 | F25: =MIN($B$8,MAX(0,F24+D25-E25)) -> 2.932688 | G25: =F25/$B$8 -> 5.2549599e-05 | H25: =IF(B25="Downlink","Validated contact; Downlink preempts Science",IF(LEFT(B25,7)="Science","Science data acquisition and storage",IF(B25="Safe","Safe preemption","Default standby Charge"))) -> Safe preemption | J25: Contact 12 | K25: 2640 | L25: 2648 | M25: Validated
A26: =A25+$B$15 -> 12 | B26: =IF(AND(MOD(A26,1440)>=$K$6,MOD(A26,1440)<$L$6),"Safe",IF(OR(AND(MOD(A26,1440)>=$K$14,MOD(A26,1440)<$L$14),AND(MOD(A26,1440)>=$K$15,MOD(A26,1440)<$L$15),AND(MOD(A26,1440)>=$K$16,MOD(A26,1440)<$L$16),AND(MOD(A26,1440)>=$K$17,MOD(A26,1440)<$L$17),AND(MOD(A26,1440)>=$K$18,MOD(A26,1440)<$L$18),AND(MOD(A26,1440)>=$K$19,MOD(A26,1440)<$L$19)),"Downlink",IF(AND(MOD(A26,1440)>=$K$8,MOD(A26,1440)<$L$8),"Science A",IF(AND(MOD(A26,1440)>=$K$9,MOD(A26,1440)<$L$9),"Science B",IF(AND(MOD(A26,1440)>=$K$10,MOD(A26,1440)<$L$10),"Science C","Charge"))))) -> Safe | C26: =IF(B26="Science A",$M$8,IF(B26="Science B",$M$9,IF(B26="Science C",$M$10,0))) -> 0 | D26: =$B$11+IF(B26="Science A",C26*$B$12,IF(B26="Science B",C26*$B$13,IF(B26="Science C",C26*$B$14,0))) -> 0.97756267 | E26: =IF(B26="Downlink",MIN(F25+D26,$B$10),0) -> 0 | F26: =MIN($B$8,MAX(0,F25+D26-E26)) -> 3.9102507 | G26: =F26/$B$8 -> 7.0066131e-05 | H26: =IF(B26="Downlink","Validated contact; Downlink preempts Science",IF(LEFT(B26,7)="Science","Science data acquisition and storage",IF(B26="Safe","Safe preemption","Default standby Charge"))) -> Safe preemption
A27: =A26+$B$15 -> 16 | B27: =IF(AND(MOD(A27,1440)>=$K$6,MOD(A27,1440)<$L$6),"Safe",IF(OR(AND(MOD(A27,1440)>=$K$14,MOD(A27,1440)<$L$14),AND(MOD(A27,1440)>=$K$15,MOD(A27,1440)<$L$15),AND(MOD(A27,1440)>=$K$16,MOD(A27,1440)<$L$16),AND(MOD(A27,1440)>=$K$17,MOD(A27,1440)<$L$17),AND(MOD(A27,1440)>=$K$18,MOD(A27,1440)<$L$18),AND(MOD(A27,1440)>=$K$19,MOD(A27,1440)<$L$19)),"Downlink",IF(AND(MOD(A27,1440)>=$K$8,MOD(A27,1440)<$L$8),"Science A",IF(AND(MOD(A27,1440)>=$K$9,MOD(A27,1440)<$L$9),"Science B",IF(AND(MOD(A27,1440)>=$K$10,MOD(A27,1440)<$L$10),"Science C","Charge"))))) -> Safe | C27: =IF(B27="Science A",$M$8,IF(B27="Science B",$M$9,IF(B27="Science C",$M$10,0))) -> 0 | D27: =$B$11+IF(B27="Science A",C27*$B$12,IF(B27="Science B",C27*$B$13,IF(B27="Science C",C27*$B$14,0))) -> 0.97756267 | E27: =IF(B27="Downlink",MIN(F26+D27,$B$10),0) -> 0 | F27: =MIN($B$8,MAX(0,F26+D27-E27)) -> 4.8878133 | G27: =F27/$B$8 -> 8.7582664e-05 | H27: =IF(B27="Downlink","Validated contact; Downlink preempts Science",IF(LEFT(B27,7)="Science","Science data acquisition and storage",IF(B27="Safe","Safe preemption","Default standby Charge"))) -> Safe preemption
A28: =A27+$B$15 -> 20 | B28: =IF(AND(MOD(A28,1440)>=$K$6,MOD(A28,1440)<$L$6),"Safe",IF(OR(AND(MOD(A28,1440)>=$K$14,MOD(A28,1440)<$L$14),AND(MOD(A28,1440)>=$K$15,MOD(A28,1440)<$L$15),AND(MOD(A28,1440)>=$K$16,MOD(A28,1440)<$L$16),AND(MOD(A28,1440)>=$K$17,MOD(A28,1440)<$L$17),AND(MOD(A28,1440)>=$K$18,MOD(A28,1440)<$L$18),AND(MOD(A28,1440)>=$K$19,MOD(A28,1440)<$L$19)),"Downlink",IF(AND(MOD(A28,1440)>=$K$8,MOD(A28,1440)<$L$8),"Science A",IF(AND(MOD(A28,1440)>=$K$9,MOD(A28,1440)<$L$9),"Science B",IF(AND(MOD(A28,1440)>=$K$10,MOD(A28,1440)<$L$10),"Science C","Charge"))))) -> Safe | C28: =IF(B28="Science A",$M$8,IF(B28="Science B",$M$9,IF(B28="Science C",$M$10,0))) -> 0 | D28: =$B$11+IF(B28="Science A",C28*$B$12,IF(B28="Science B",C28*$B$13,IF(B28="Science C",C28*$B$14,0))) -> 0.97756267 | E28: =IF(B28="Downlink",MIN(F27+D28,$B$10),0) -> 0 | F28: =MIN($B$8,MAX(0,F27+D28-E28)) -> 5.865376 | G28: =F28/$B$8 -> 0.0001050992 | H28: =IF(B28="Downlink","Validated contact; Downlink preempts Science",IF(LEFT(B28,7)="Science","Science data acquisition and storage",IF(B28="Safe","Safe preemption","Default standby Charge"))) -> Safe preemption
A29: =A28+$B$15 -> 24 | B29: =IF(AND(MOD(A29,1440)>=$K$6,MOD(A29,1440)<$L$6),"Safe",IF(OR(AND(MOD(A29,1440)>=$K$14,MOD(A29,1440)<$L$14),AND(MOD(A29,1440)>=$K$15,MOD(A29,1440)<$L$15),AND(MOD(A29,1440)>=$K$16,MOD(A29,1440)<$L$16),AND(MOD(A29,1440)>=$K$17,MOD(A29,1440)<$L$17),AND(MOD(A29,1440)>=$K$18,MOD(A29,1440)<$L$18),AND(MOD(A29,1440)>=$K$19,MOD(A29,1440)<$L$19)),"Downlink",IF(AND(MOD(A29,1440)>=$K$8,MOD(A29,1440)<$L$8),"Science A",IF(AND(MOD(A29,1440)>=$K$9,MOD(A29,1440)<$L$9),"Science B",IF(AND(MOD(A29,1440)>=$K$10,MOD(A29,1440)<$L$10),"Science C","Charge"))))) -> Safe | C29: =IF(B29="Science A",$M$8,IF(B29="Science B",$M$9,IF(B29="Science C",$M$10,0))) -> 0 | D29: =$B$11+IF(B29="Science A",C29*$B$12,IF(B29="Science B",C29*$B$13,IF(B29="Science C",C29*$B$14,0))) -> 0.97756267 | E29: =IF(B29="Downlink",MIN(F28+D29,$B$10),0) -> 0 | F29: =MIN($B$8,MAX(0,F28+D29-E29)) -> 6.8429387 | G29: =F29/$B$8 -> 0.00012261573 | H29: =IF(B29="Downlink","Validated contact; Downlink preempts Science",IF(LEFT(B29,7)="Science","Science data acquisition and storage",IF(B29="Safe","Safe preemption","Default standby Charge"))) -> Safe preemption
A30: =A29+$B$15 -> 28 | B30: =IF(AND(MOD(A30,1440)>=$K$6,MOD(A30,1440)<$L$6),"Safe",IF(OR(AND(MOD(A30,1440)>=$K$14,MOD(A30,1440)<$L$14),AND(MOD(A30,1440)>=$K$15,MOD(A30,1440)<$L$15),AND(MOD(A30,1440)>=$K$16,MOD(A30,1440)<$L$16),AND(MOD(A30,1440)>=$K$17,MOD(A30,1440)<$L$17),AND(MOD(A30,1440)>=$K$18,MOD(A30,1440)<$L$18),AND(MOD(A30,1440)>=$K$19,MOD(A30,1440)<$L$19)),"Downlink",IF(AND(MOD(A30,1440)>=$K$8,MOD(A30,1440)<$L$8),"Science A",IF(AND(MOD(A30,1440)>=$K$9,MOD(A30,1440)<$L$9),"Science B",IF(AND(MOD(A30,1440)>=$K$10,MOD(A30,1440)<$L$10),"Science C","Charge"))))) -> Safe | C30: =IF(B30="Science A",$M$8,IF(B30="Science B",$M$9,IF(B30="Science C",$M$10,0))) -> 0 | D30: =$B$11+IF(B30="Science A",C30*$B$12,IF(B30="Science B",C30*$B$13,IF(B30="Science C",C30*$B$14,0))) -> 0.97756267 | E30: =IF(B30="Downlink",MIN(F29+D30,$B$10),0) -> 0 | F30: =MIN($B$8,MAX(0,F29+D30-E30)) -> 7.8205013 | G30: =F30/$B$8 -> 0.00014013226 | H30: =IF(B30="Downlink","Validated contact; Downlink preempts Science",IF(LEFT(B30,7)="Science","Science data acquisition and storage",IF(B30="Safe","Safe preemption","Default standby Charge"))) -> Safe preemption
A31: =A30+$B$15 -> 32 | B31: =IF(AND(MOD(A31,1440)>=$K$6,MOD(A31,1440)<$L$6),"Safe",IF(OR(AND(MOD(A31,1440)>=$K$14,MOD(A31,1440)<$L$14),AND(MOD(A31,1440)>=$K$15,MOD(A31,1440)<$L$15),AND(MOD(A31,1440)>=$K$16,MOD(A31,1440)<$L$16),AND(MOD(A31,1440)>=$K$17,MOD(A31,1440)<$L$17),AND(MOD(A31,1440)>=$K$18,MOD(A31,1440)<$L$18),AND(MOD(A31,1440)>=$K$19,MOD(A31,1440)<$L$19)),"Downlink",IF(AND(MOD(A31,1440)>=$K$8,MOD(A31,1440)<$L$8),"Science A",IF(AND(MOD(A31,1440)>=$K$9,MOD(A31,1440)<$L$9),"Science B",IF(AND(MOD(A31,1440)>=$K$10,MOD(A31,1440)<$L$10),"Science C","Charge"))))) -> Charge | C31: =IF(B31="Science A",$M$8,IF(B31="Science B",$M$9,IF(B31="Science C",$M$10,0))) -> 0 | D31: =$B$11+IF(B31="Science A",C31*$B$12,IF(B31="Science B",C31*$B$13,IF(B31="Science C",C31*$B$14,0))) -> 0.97756267 | E31: =IF(B31="Downlink",MIN(F30+D31,$B$10),0) -> 0 | F31: =MIN($B$8,MAX(0,F30+D31-E31)) -> 8.798064 | G31: =F31/$B$8 -> 0.0001576488 | H31: =IF(B31="Downlink","Validated contact; Downlink preempts Science",IF(LEFT(B31,7)="Science","Science data acquisition and storage",IF(B31="Safe","Safe preemption","Default standby Charge"))) -> Default standby Charge
A32: =A31+$B$15 -> 36 | B32: =IF(AND(MOD(A32,1440)>=$K$6,MOD(A32,1440)<$L$6),"Safe",IF(OR(AND(MOD(A32,1440)>=$K$14,MOD(A32,1440)<$L$14),AND(MOD(A32,1440)>=$K$15,MOD(A32,1440)<$L$15),AND(MOD(A32,1440)>=$K$16,MOD(A32,1440)<$L$16),AND(MOD(A32,1440)>=$K$17,MOD(A32,1440)<$L$17),AND(MOD(A32,1440)>=$K$18,MOD(A32,1440)<$L$18),AND(MOD(A32,1440)>=$K$19,MOD(A32,1440)<$L$19)),"Downlink",IF(AND(MOD(A32,1440)>=$K$8,MOD(A32,1440)<$L$8),"Science A",IF(AND(MOD(A32,1440)>=$K$9,MOD(A32,1440)<$L$9),"Science B",IF(AND(MOD(A32,1440)>=$K$10,MOD(A32,1440)<$L$10),"Science C","Charge"))))) -> Charge | C32: =IF(B32="Science A",$M$8,IF(B32="Science B",$M$9,IF(B32="Science C",$M$10,0))) -> 0 | D32: =$B$11+IF(B32="Science A",C32*$B$12,IF(B32="Science B",C32*$B$13,IF(B32="Science C",C32*$B$14,0))) -> 0.97756267 | E32: =IF(B32="Downlink",MIN(F31+D32,$B$10),0) -> 0 | F32: =MIN($B$8,MAX(0,F31+D32-E32)) -> 9.7756267 | G32: =F32/$B$8 -> 0.00017516533 | H32: =IF(B32="Downlink","Validated contact; Downlink preempts Science",IF(LEFT(B32,7)="Science","Science data acquisition and storage",IF(B32="Safe","Safe preemption","Default standby Charge"))) -> Default standby Charge
A33: =A32+$B$15 -> 40 | B33: =IF(AND(MOD(A33,1440)>=$K$6,MOD(A33,1440)<$L$6),"Safe",IF(OR(AND(MOD(A33,1440)>=$K$14,MOD(A33,1440)<$L$14),AND(MOD(A33,1440)>=$K$15,MOD(A33,1440)<$L$15),AND(MOD(A33,1440)>=$K$16,MOD(A33,1440)<$L$16),AND(MOD(A33,1440)>=$K$17,MOD(A33,1440)<$L$17),AND(MOD(A33,1440)>=$K$18,MOD(A33,1440)<$L$18),AND(MOD(A33,1440)>=$K$19,MOD(A33,1440)<$L$19)),"Downlink",IF(AND(MOD(A33,1440)>=$K$8,MOD(A33,1440)<$L$8),"Science A",IF(AND(MOD(A33,1440)>=$K$9,MOD(A33,1440)<$L$9),"Science B",IF(AND(MOD(A33,1440)>=$K$10,MOD(A33,1440)<$L$10),"Science C","Charge"))))) -> Charge | C33: =IF(B33="Science A",$M$8,IF(B33="Science B",$M$9,IF(B33="Science C",$M$10,0))) -> 0 | D33: =$B$11+IF(B33="Science A",C33*$B$12,IF(B33="Science B",C33*$B$13,IF(B33="Science C",C33*$B$14,0))) -> 0.97756267 | E33: =IF(B33="Downlink",MIN(F32+D33,$B$10),0) -> 0 | F33: =MIN($B$8,MAX(0,F32+D33-E33)) -> 10.753189 | G33: =F33/$B$8 -> 0.00019268186 | H33: =IF(B33="Downlink","Validated contact; Downlink preempts Science",IF(LEFT(B33,7)="Science","Science data acquisition and storage",IF(B33="Safe","Safe preemption","Default standby Charge"))) -> Default standby Charge
A34: =A33+$B$15 -> 44 | B34: =IF(AND(MOD(A34,1440)>=$K$6,MOD(A34,1440)<$L$6),"Safe",IF(OR(AND(MOD(A34,1440)>=$K$14,MOD(A34,1440)<$L$14),AND(MOD(A34,1440)>=$K$15,MOD(A34,1440)<$L$15),AND(MOD(A34,1440)>=$K$16,MOD(A34,1440)<$L$16),AND(MOD(A34,1440)>=$K$17,MOD(A34,1440)<$L$17),AND(MOD(A34,1440)>=$K$18,MOD(A34,1440)<$L$18),AND(MOD(A34,1440)>=$K$19,MOD(A34,1440)<$L$19)),"Downlink",IF(AND(MOD(A34,1440)>=$K$8,MOD(A34,1440)<$L$8),"Science A",IF(AND(MOD(A34,1440)>=$K$9,MOD(A34,1440)<$L$9),"Science B",IF(AND(MOD(A34,1440)>=$K$10,MOD(A34,1440)<$L$10),"Science C","Charge"))))) -> Charge | C34: =IF(B34="Science A",$M$8,IF(B34="Science B",$M$9,IF(B34="Science C",$M$10,0))) -> 0 | D34: =$B$11+IF(B34="Science A",C34*$B$12,IF(B34="Science B",C34*$B$13,IF(B34="Science C",C34*$B$14,0))) -> 0.97756267 | E34: =IF(B34="Downlink",MIN(F33+D34,$B$10),0) -> 0 | F34: =MIN($B$8,MAX(0,F33+D34-E34)) -> 11.730752 | G34: =F34/$B$8 -> 0.00021019839 | H34: =IF(B34="Downlink","Validated contact; Downlink preempts Science",IF(LEFT(B34,7)="Science","Science data acquisition and storage",IF(B34="Safe","Safe preemption","Default standby Charge"))) -> Default standby Charge
A35: =A34+$B$15 -> 48 | B35: =IF(AND(MOD(A35,1440)>=$K$6,MOD(A35,1440)<$L$6),"Safe",IF(OR(AND(MOD(A35,1440)>=$K$14,MOD(A35,1440)<$L$14),AND(MOD(A35,1440)>=$K$15,MOD(A35,1440)<$L$15),AND(MOD(A35,1440)>=$K$16,MOD(A35,1440)<$L$16),AND(MOD(A35,1440)>=$K$17,MOD(A35,1440)<$L$17),AND(MOD(A35,1440)>=$K$18,MOD(A35,1440)<$L$18),AND(MOD(A35,1440)>=$K$19,MOD(A35,1440)<$L$19)),"Downlink",IF(AND(MOD(A35,1440)>=$K$8,MOD(A35,1440)<$L$8),"Science A",IF(AND(MOD(A35,1440)>=$K$9,MOD(A35,1440)<$L$9),"Science B",IF(AND(MOD(A35,1440)>=$K$10,MOD(A35,1440)<$L$10),"Science C","Charge"))))) -> Charge | C35: =IF(B35="Science A",$M$8,IF(B35="Science B",$M$9,IF(B35="Science C",$M$10,0))) -> 0 | D35: =$B$11+IF(B35="Science A",C35*$B$12,IF(B35="Science B",C35*$B$13,IF(B35="Science C",C35*$B$14,0))) -> 0.97756267 | E35: =IF(B35="Downlink",MIN(F34+D35,$B$10),0) -> 0 | F35: =MIN($B$8,MAX(0,F34+D35-E35)) -> 12.708315 | G35: =F35/$B$8 -> 0.00022771493 | H35: =IF(B35="Downlink","Validated contact; Downlink preempts Science",IF(LEFT(B35,7)="Science","Science data acquisition and storage",IF(B35="Safe","Safe preemption","Default standby Charge"))) -> Default standby Charge
A36: =A35+$B$15 -> 52 | B36: =IF(AND(MOD(A36,1440)>=$K$6,MOD(A36,1440)<$L$6),"Safe",IF(OR(AND(MOD(A36,1440)>=$K$14,MOD(A36,1440)<$L$14),AND(MOD(A36,1440)>=$K$15,MOD(A36,1440)<$L$15),AND(MOD(A36,1440)>=$K$16,MOD(A36,1440)<$L$16),AND(MOD(A36,1440)>=$K$17,MOD(A36,1440)<$L$17),AND(MOD(A36,1440)>=$K$18,MOD(A36,1440)<$L$18),AND(MOD(A36,1440)>=$K$19,MOD(A36,1440)<$L$19)),"Downlink",IF(AND(MOD(A36,1440)>=$K$8,MOD(A36,1440)<$L$8),"Science A",IF(AND(MOD(A36,1440)>=$K$9,MOD(A36,1440)<$L$9),"Science B",IF(AND(MOD(A36,1440)>=$K$10,MOD(A36,1440)<$L$10),"Science C","Charge"))))) -> Charge | C36: =IF(B36="Science A",$M$8,IF(B36="Science B",$M$9,IF(B36="Science C",$M$10,0))) -> 0 | D36: =$B$11+IF(B36="Science A",C36*$B$12,IF(B36="Science B",C36*$B$13,IF(B36="Science C",C36*$B$14,0))) -> 0.97756267 | E36: =IF(B36="Downlink",MIN(F35+D36,$B$10),0) -> 0 | F36: =MIN($B$8,MAX(0,F35+D36-E36)) -> 13.685877 | G36: =F36/$B$8 -> 0.00024523146 | H36: =IF(B36="Downlink","Validated contact; Downlink preempts Science",IF(LEFT(B36,7)="Science","Science data acquisition and storage",IF(B36="Safe","Safe preemption","Default standby Charge"))) -> Default standby Charge
A37: =A36+$B$15 -> 56 | B37: =IF(AND(MOD(A37,1440)>=$K$6,MOD(A37,1440)<$L$6),"Safe",IF(OR(AND(MOD(A37,1440)>=$K$14,MOD(A37,1440)<$L$14),AND(MOD(A37,1440)>=$K$15,MOD(A37,1440)<$L$15),AND(MOD(A37,1440)>=$K$16,MOD(A37,1440)<$L$16),AND(MOD(A37,1440)>=$K$17,MOD(A37,1440)<$L$17),AND(MOD(A37,1440)>=$K$18,MOD(A37,1440)<$L$18),AND(MOD(A37,1440)>=$K$19,MOD(A37,1440)<$L$19)),"Downlink",IF(AND(MOD(A37,1440)>=$K$8,MOD(A37,1440)<$L$8),"Science A",IF(AND(MOD(A37,1440)>=$K$9,MOD(A37,1440)<$L$9),"Science B",IF(AND(MOD(A37,1440)>=$K$10,MOD(A37,1440)<$L$10),"Science C","Charge"))))) -> Charge | C37: =IF(B37="Science A",$M$8,IF(B37="Science B",$M$9,IF(B37="Science C",$M$10,0))) -> 0 | D37: =$B$11+IF(B37="Science A",C37*$B$12,IF(B37="Science B",C37*$B$13,IF(B37="Science C",C37*$B$14,0))) -> 0.97756267 | E37: =IF(B37="Downlink",MIN(F36+D37,$B$10),0) -> 0 | F37: =MIN($B$8,MAX(0,F36+D37-E37)) -> 14.66344 | G37: =F37/$B$8 -> 0.00026274799 | H37: =IF(B37="Downlink","Validated contact; Downlink preempts Science",IF(LEFT(B37,7)="Science","Science data acquisition and storage",IF(B37="Safe","Safe preemption","Default standby Charge"))) -> Default standby Charge
... A382: =A381+$B$15 -> 1436 | B382: =IF(AND(MOD(A382,1440)>=$K$6,MOD(A382,1440)<$L$6),"Safe",IF(OR(AND(MOD(A382,1440)>=$K$14,MOD(A382,1440)<$L$14),AND(MOD(A382,1440)>=$K$15,MOD(A382,1440)<$L$15),AND(MOD(A382,1440)>=$K$16,MOD(A382,1440)<$L$16),AND(MOD(A382,1440)>=$K$17,MOD(A382,1440)<$L$17),AND(MOD(A382,1440)>=$K$18,MOD(A382,1440)<$L$18),AND(MOD(A382,1440)>=$K$19,MOD(A382,1440)<$L$19)),"Downlink",IF(AND(MOD(A382,1440)>=$K$8,MOD(A382,1440)<$L$8),"Science A",IF(AND(MOD(A382,1440)>=$K$9,MOD(A382,1440)<$L$9),"Science B",IF(AND(MOD(A382,1440)>=$K$10,MOD(A382,1440)<$L$10),"Science C","Charge"))))) -> Charge | C382: =IF(B382="Science A",$M$8,IF(B382="Science B",$M$9,IF(B382="Science C",$M$10,0))) -> 0 | D382: =$B$11+IF(B382="Science A",C382*$B$12,IF(B382="Science B",C382*$B$13,IF(B382="Science C",C382*$B$14,0))) -> 0.97756267 | E382: =IF(B382="Downlink",MIN(F381+D382,$B$10),0) -> 0 | F382: =MIN($B$8,MAX(0,F381+D382-E382)) -> 4361.9626 | G382: =F382/$B$8 -> 0.078160166 | H382: =IF(B382="Downlink","Validated contact; Downlink preempts Science",IF(LEFT(B382,7)="Science","Science data acquisition and storage",IF(B382="Safe","Safe preemption","Default standby Charge"))) -> Default standby Charge
A383: =A23+1440 -> 1440 | B383: =IF(AND(MOD(A383,1440)>=$K$6,MOD(A383,1440)<$L$6),"Safe",IF(OR(AND(MOD(A383,1440)>=$K$14,MOD(A383,1440)<$L$14),AND(MOD(A383,1440)>=$K$15,MOD(A383,1440)<$L$15),AND(MOD(A383,1440)>=$K$16,MOD(A383,1440)<$L$16),AND(MOD(A383,1440)>=$K$17,MOD(A383,1440)<$L$17),AND(MOD(A383,1440)>=$K$18,MOD(A383,1440)<$L$18),AND(MOD(A383,1440)>=$K$19,MOD(A383,1440)<$L$19)),"Downlink",IF(AND(MOD(A383,1440)>=$K$8,MOD(A383,1440)<$L$8),"Science A",IF(AND(MOD(A383,1440)>=$K$9,MOD(A383,1440)<$L$9),"Science B",IF(AND(MOD(A383,1440)>=$K$10,MOD(A383,1440)<$L$10),"Science C","Charge"))))) -> Safe | C383: =C23 -> 0 | D383: =D23 -> 0.97756267 | E383: =E23 -> 0 | F383: =$F$382+F23-$F$23 -> 4361.9626 | G383: =F383/$B$8 -> 0.078160166 | H383: =H23 -> Safe preemption
A384: =A24+1440 -> 1444 | B384: =IF(AND(MOD(A384,1440)>=$K$6,MOD(A384,1440)<$L$6),"Safe",IF(OR(AND(MOD(A384,1440)>=$K$14,MOD(A384,1440)<$L$14),AND(MOD(A384,1440)>=$K$15,MOD(A384,1440)<$L$15),AND(MOD(A384,1440)>=$K$16,MOD(A384,1440)<$L$16),AND(MOD(A384,1440)>=$K$17,MOD(A384,1440)<$L$17),AND(MOD(A384,1440)>=$K$18,MOD(A384,1440)<$L$18),AND(MOD(A384,1440)>=$K$19,MOD(A384,1440)<$L$19)),"Downlink",IF(AND(MOD(A384,1440)>=$K$8,MOD(A384,1440)<$L$8),"Science A",IF(AND(MOD(A384,1440)>=$K$9,MOD(A384,1440)<$L$9),"Science B",IF(AND(MOD(A384,1440)>=$K$10,MOD(A384,1440)<$L$10),"Science C","Charge"))))) -> Safe | C384: =C24 -> 0 | D384: =D24 -> 0.97756267 | E384: =E24 -> 0 | F384: =$F$382+F24-$F$23 -> 4362.9401 | G384: =F384/$B$8 -> 0.078177683 | H384: =H24 -> Safe preemption
A385: =A25+1440 -> 1448 | B385: =IF(AND(MOD(A385,1440)>=$K$6,MOD(A385,1440)<$L$6),"Safe",IF(OR(AND(MOD(A385,1440)>=$K$14,MOD(A385,1440)<$L$14),AND(MOD(A385,1440)>=$K$15,MOD(A385,1440)<$L$15),AND(MOD(A385,1440)>=$K$16,MOD(A385,1440)<$L$16),AND(MOD(A385,1440)>=$K$17,MOD(A385,1440)<$L$17),AND(MOD(A385,1440)>=$K$18,MOD(A385,1440)<$L$18),AND(MOD(A385,1440)>=$K$19,MOD(A385,1440)<$L$19)),"Downlink",IF(AND(MOD(A385,1440)>=$K$8,MOD(A385,1440)<$L$8),"Science A",IF(AND(MOD(A385,1440)>=$K$9,MOD(A385,1440)<$L$9),"Science B",IF(AND(MOD(A385,1440)>=$K$10,MOD(A385,1440)<$L$10),"Science C","Charge"))))) -> Safe | C385: =C25 -> 0 | D385: =D25 -> 0.97756267 | E385: =E25 -> 0 | F385: =$F$382+F25-$F$23 -> 4363.9177 | G385: =F385/$B$8 -> 0.078195199 | H385: =H25 -> Safe preemption
A386: =A26+1440 -> 1452 | B386: =IF(AND(MOD(A386,1440)>=$K$6,MOD(A386,1440)<$L$6),"Safe",IF(OR(AND(MOD(A386,1440)>=$K$14,MOD(A386,1440)<$L$14),AND(MOD(A386,1440)>=$K$15,MOD(A386,1440)<$L$15),AND(MOD(A386,1440)>=$K$16,MOD(A386,1440)<$L$16),AND(MOD(A386,1440)>=$K$17,MOD(A386,1440)<$L$17),AND(MOD(A386,1440)>=$K$18,MOD(A386,1440)<$L$18),AND(MOD(A386,1440)>=$K$19,MOD(A386,1440)<$L$19)),"Downlink",IF(AND(MOD(A386,1440)>=$K$8,MOD(A386,1440)<$L$8),"Science A",IF(AND(MOD(A386,1440)>=$K$9,MOD(A386,1440)<$L$9),"Science B",IF(AND(MOD(A386,1440)>=$K$10,MOD(A386,1440)<$L$10),"Science C","Charge"))))) -> Safe | C386: =C26 -> 0 | D386: =D26 -> 0.97756267 | E386: =E26 -> 0 | F386: =$F$382+F26-$F$23 -> 4364.8952 | G386: =F386/$B$8 -> 0.078212716 | H386: =H26 -> Safe preemption
A387: =A27+1440 -> 1456 | B387: =IF(AND(MOD(A387,1440)>=$K$6,MOD(A387,1440)<$L$6),"Safe",IF(OR(AND(MOD(A387,1440)>=$K$14,MOD(A387,1440)<$L$14),AND(MOD(A387,1440)>=$K$15,MOD(A387,1440)<$L$15),AND(MOD(A387,1440)>=$K$16,MOD(A387,1440)<$L$16),AND(MOD(A387,1440)>=$K$17,MOD(A387,1440)<$L$17),AND(MOD(A387,1440)>=$K$18,MOD(A387,1440)<$L$18),AND(MOD(A387,1440)>=$K$19,MOD(A387,1440)<$L$19)),"Downlink",IF(AND(MOD(A387,1440)>=$K$8,MOD(A387,1440)<$L$8),"Science A",IF(AND(MOD(A387,1440)>=$K$9,MOD(A387,1440)<$L$9),"Science B",IF(AND(MOD(A387,1440)>=$K$10,MOD(A387,1440)<$L$10),"Science C","Charge"))))) -> Safe | C387: =C27 -> 0 | D387: =D27 -> 0.97756267 | E387: =E27 -> 0 | F387: =$F$382+F27-$F$23 -> 4365.8728 | G387: =F387/$B$8 -> 0.078230232 | H387: =H27 -> Safe preemption
A388: =A28+1440 -> 1460 | B388: =IF(AND(MOD(A388,1440)>=$K$6,MOD(A388,1440)<$L$6),"Safe",IF(OR(AND(MOD(A388,1440)>=$K$14,MOD(A388,1440)<$L$14),AND(MOD(A388,1440)>=$K$15,MOD(A388,1440)<$L$15),AND(MOD(A388,1440)>=$K$16,MOD(A388,1440)<$L$16),AND(MOD(A388,1440)>=$K$17,MOD(A388,1440)<$L$17),AND(MOD(A388,1440)>=$K$18,MOD(A388,1440)<$L$18),AND(MOD(A388,1440)>=$K$19,MOD(A388,1440)<$L$19)),"Downlink",IF(AND(MOD(A388,1440)>=$K$8,MOD(A388,1440)<$L$8),"Science A",IF(AND(MOD(A388,1440)>=$K$9,MOD(A388,1440)<$L$9),"Science B",IF(AND(MOD(A388,1440)>=$K$10,MOD(A388,1440)<$L$10),"Science C","Charge"))))) -> Safe | C388: =C28 -> 0 | D388: =D28 -> 0.97756267 | E388: =E28 -> 0 | F388: =$F$382+F28-$F$23 -> 4366.8504 | G388: =F388/$B$8 -> 0.078247749 | H388: =H28 -> Safe preemption
A389: =A29+1440 -> 1464 | B389: =IF(AND(MOD(A389,1440)>=$K$6,MOD(A389,1440)<$L$6),"Safe",IF(OR(AND(MOD(A389,1440)>=$K$14,MOD(A389,1440)<$L$14),AND(MOD(A389,1440)>=$K$15,MOD(A389,1440)<$L$15),AND(MOD(A389,1440)>=$K$16,MOD(A389,1440)<$L$16),AND(MOD(A389,1440)>=$K$17,MOD(A389,1440)<$L$17),AND(MOD(A389,1440)>=$K$18,MOD(A389,1440)<$L$18),AND(MOD(A389,1440)>=$K$19,MOD(A389,1440)<$L$19)),"Downlink",IF(AND(MOD(A389,1440)>=$K$8,MOD(A389,1440)<$L$8),"Science A",IF(AND(MOD(A389,1440)>=$K$9,MOD(A389,1440)<$L$9),"Science B",IF(AND(MOD(A389,1440)>=$K$10,MOD(A389,1440)<$L$10),"Science C","Charge"))))) -> Safe | C389: =C29 -> 0 | D389: =D29 -> 0.97756267 | E389: =E29 -> 0 | F389: =$F$382+F29-$F$23 -> 4367.8279 | G389: =F389/$B$8 -> 0.078265265 | H389: =H29 -> Safe preemption
A390: =A30+1440 -> 1468 | B390: =IF(AND(MOD(A390,1440)>=$K$6,MOD(A390,1440)<$L$6),"Safe",IF(OR(AND(MOD(A390,1440)>=$K$14,MOD(A390,1440)<$L$14),AND(MOD(A390,1440)>=$K$15,MOD(A390,1440)<$L$15),AND(MOD(A390,1440)>=$K$16,MOD(A390,1440)<$L$16),AND(MOD(A390,1440)>=$K$17,MOD(A390,1440)<$L$17),AND(MOD(A390,1440)>=$K$18,MOD(A390,1440)<$L$18),AND(MOD(A390,1440)>=$K$19,MOD(A390,1440)<$L$19)),"Downlink",IF(AND(MOD(A390,1440)>=$K$8,MOD(A390,1440)<$L$8),"Science A",IF(AND(MOD(A390,1440)>=$K$9,MOD(A390,1440)<$L$9),"Science B",IF(AND(MOD(A390,1440)>=$K$10,MOD(A390,1440)<$L$10),"Science C","Charge"))))) -> Safe | C390: =C30 -> 0 | D390: =D30 -> 0.97756267 | E390: =E30 -> 0 | F390: =$F$382+F30-$F$23 -> 4368.8055 | G390: =F390/$B$8 -> 0.078282782 | H390: =H30 -> Safe preemption
A391: =A31+1440 -> 1472 | B391: =IF(AND(MOD(A391,1440)>=$K$6,MOD(A391,1440)<$L$6),"Safe",IF(OR(AND(MOD(A391,1440)>=$K$14,MOD(A391,1440)<$L$14),AND(MOD(A391,1440)>=$K$15,MOD(A391,1440)<$L$15),AND(MOD(A391,1440)>=$K$16,MOD(A391,1440)<$L$16),AND(MOD(A391,1440)>=$K$17,MOD(A391,1440)<$L$17),AND(MOD(A391,1440)>=$K$18,MOD(A391,1440)<$L$18),AND(MOD(A391,1440)>=$K$19,MOD(A391,1440)<$L$19)),"Downlink",IF(AND(MOD(A391,1440)>=$K$8,MOD(A391,1440)<$L$8),"Science A",IF(AND(MOD(A391,1440)>=$K$9,MOD(A391,1440)<$L$9),"Science B",IF(AND(MOD(A391,1440)>=$K$10,MOD(A391,1440)<$L$10),"Science C","Charge"))))) -> Charge | C391: =C31 -> 0 | D391: =D31 -> 0.97756267 | E391: =E31 -> 0 | F391: =$F$382+F31-$F$23 -> 4369.7831 | G391: =F391/$B$8 -> 0.078300299 | H391: =H31 -> Default standby Charge
A392: =A32+1440 -> 1476 | B392: =IF(AND(MOD(A392,1440)>=$K$6,MOD(A392,1440)<$L$6),"Safe",IF(OR(AND(MOD(A392,1440)>=$K$14,MOD(A392,1440)<$L$14),AND(MOD(A392,1440)>=$K$15,MOD(A392,1440)<$L$15),AND(MOD(A392,1440)>=$K$16,MOD(A392,1440)<$L$16),AND(MOD(A392,1440)>=$K$17,MOD(A392,1440)<$L$17),AND(MOD(A392,1440)>=$K$18,MOD(A392,1440)<$L$18),AND(MOD(A392,1440)>=$K$19,MOD(A392,1440)<$L$19)),"Downlink",IF(AND(MOD(A392,1440)>=$K$8,MOD(A392,1440)<$L$8),"Science A",IF(AND(MOD(A392,1440)>=$K$9,MOD(A392,1440)<$L$9),"Science B",IF(AND(MOD(A392,1440)>=$K$10,MOD(A392,1440)<$L$10),"Science C","Charge"))))) -> Charge | C392: =C32 -> 0 | D392: =D32 -> 0.97756267 | E392: =E32 -> 0 | F392: =$F$382+F32-$F$23 -> 4370.7606 | G392: =F392/$B$8 -> 0.078317815 | H392: =H32 -> Default standby Charge
A393: =A33+1440 -> 1480 | B393: =IF(AND(MOD(A393,1440)>=$K$6,MOD(A393,1440)<$L$6),"Safe",IF(OR(AND(MOD(A393,1440)>=$K$14,MOD(A393,1440)<$L$14),AND(MOD(A393,1440)>=$K$15,MOD(A393,1440)<$L$15),AND(MOD(A393,1440)>=$K$16,MOD(A393,1440)<$L$16),AND(MOD(A393,1440)>=$K$17,MOD(A393,1440)<$L$17),AND(MOD(A393,1440)>=$K$18,MOD(A393,1440)<$L$18),AND(MOD(A393,1440)>=$K$19,MOD(A393,1440)<$L$19)),"Downlink",IF(AND(MOD(A393,1440)>=$K$8,MOD(A393,1440)<$L$8),"Science A",IF(AND(MOD(A393,1440)>=$K$9,MOD(A393,1440)<$L$9),"Science B",IF(AND(MOD(A393,1440)>=$K$10,MOD(A393,1440)<$L$10),"Science C","Charge"))))) -> Charge | C393: =C33 -> 0 | D393: =D33 -> 0.97756267 | E393: =E33 -> 0 | F393: =$F$382+F33-$F$23 -> 4371.7382 | G393: =F393/$B$8 -> 0.078335332 | H393: =H33 -> Default standby Charge
A394: =A34+1440 -> 1484 | B394: =IF(AND(MOD(A394,1440)>=$K$6,MOD(A394,1440)<$L$6),"Safe",IF(OR(AND(MOD(A394,1440)>=$K$14,MOD(A394,1440)<$L$14),AND(MOD(A394,1440)>=$K$15,MOD(A394,1440)<$L$15),AND(MOD(A394,1440)>=$K$16,MOD(A394,1440)<$L$16),AND(MOD(A394,1440)>=$K$17,MOD(A394,1440)<$L$17),AND(MOD(A394,1440)>=$K$18,MOD(A394,1440)<$L$18),AND(MOD(A394,1440)>=$K$19,MOD(A394,1440)<$L$19)),"Downlink",IF(AND(MOD(A394,1440)>=$K$8,MOD(A394,1440)<$L$8),"Science A",IF(AND(MOD(A394,1440)>=$K$9,MOD(A394,1440)<$L$9),"Science B",IF(AND(MOD(A394,1440)>=$K$10,MOD(A394,1440)<$L$10),"Science C","Charge"))))) -> Charge | C394: =C34 -> 0 | D394: =D34 -> 0.97756267 | E394: =E34 -> 0 | F394: =$F$382+F34-$F$23 -> 4372.7157 | G394: =F394/$B$8 -> 0.078352848 | H394: =H34 -> Default standby Charge
... A407: =A47+1440 -> 1536 | B407: =IF(AND(MOD(A407,1440)>=$K$6,MOD(A407,1440)<$L$6),"Safe",IF(OR(AND(MOD(A407,1440)>=$K$14,MOD(A407,1440)<$L$14),AND(MOD(A407,1440)>=$K$15,MOD(A407,1440)<$L$15),AND(MOD(A407,1440)>=$K$16,MOD(A407,1440)<$L$16),AND(MOD(A407,1440)>=$K$17,MOD(A407,1440)<$L$17),AND(MOD(A407,1440)>=$K$18,MOD(A407,1440)<$L$18),AND(MOD(A407,1440)>=$K$19,MOD(A407,1440)<$L$19)),"Downlink",IF(AND(MOD(A407,1440)>=$K$8,MOD(A407,1440)<$L$8),"Science A",IF(AND(MOD(A407,1440)>=$K$9,MOD(A407,1440)<$L$9),"Science B",IF(AND(MOD(A407,1440)>=$K$10,MOD(A407,1440)<$L$10),"Science C","Charge"))))) -> Charge | C407: =C47 -> 0 | D407: =D47 -> 0.97756267 | E407: =E47 -> 0 | F407: =$F$382+F47-$F$23 -> 4385.4241 | G407: =F407/$B$8 -> 0.078580563 | H407: =H47 -> Default standby Charge
A408: =A48+1440 -> 1540 | B408: =B48 -> Downlink | C408: =C48 -> 0 | D408: =D48 -> 0.97756267 | E408: =E48 -> 0.75 | F408: =$F$382+F48-$F$23 -> 4385.6516 | G408: =F408/$B$8 -> 0.078584641 | H408: =H48 -> Validated contact; Downlink preempts Science
A409: =A49+1440 -> 1544 | B409: =B49 -> Downlink | C409: =C49 -> 0 | D409: =D49 -> 0.97756267 | E409: =E49 -> 0.75 | F409: =$F$382+F49-$F$23 -> 4385.8792 | G409: =F409/$B$8 -> 0.078588718 | H409: =H49 -> Validated contact; Downlink preempts Science
A410: =A50+1440 -> 1548 | B410: =IF(AND(MOD(A410,1440)>=$K$6,MOD(A410,1440)<$L$6),"Safe",IF(OR(AND(MOD(A410,1440)>=$K$14,MOD(A410,1440)<$L$14),AND(MOD(A410,1440)>=$K$15,MOD(A410,1440)<$L$15),AND(MOD(A410,1440)>=$K$16,MOD(A410,1440)<$L$16),AND(MOD(A410,1440)>=$K$17,MOD(A410,1440)<$L$17),AND(MOD(A410,1440)>=$K$18,MOD(A410,1440)<$L$18),AND(MOD(A410,1440)>=$K$19,MOD(A410,1440)<$L$19)),"Downlink",IF(AND(MOD(A410,1440)>=$K$8,MOD(A410,1440)<$L$8),"Science A",IF(AND(MOD(A410,1440)>=$K$9,MOD(A410,1440)<$L$9),"Science B",IF(AND(MOD(A410,1440)>=$K$10,MOD(A410,1440)<$L$10),"Science C","Charge"))))) -> Charge | C410: =C50 -> 0 | D410: =D50 -> 0.97756267 | E410: =E50 -> 0 | F410: =$F$382+F50-$F$23 -> 4386.8568 | G410: =F410/$B$8 -> 0.078606235 | H410: =H50 -> Default standby Charge
A411: =A51+1440 -> 1552 | B411: =IF(AND(MOD(A411,1440)>=$K$6,MOD(A411,1440)<$L$6),"Safe",IF(OR(AND(MOD(A411,1440)>=$K$14,MOD(A411,1440)<$L$14),AND(MOD(A411,1440)>=$K$15,MOD(A411,1440)<$L$15),AND(MOD(A411,1440)>=$K$16,MOD(A411,1440)<$L$16),AND(MOD(A411,1440)>=$K$17,MOD(A411,1440)<$L$17),AND(MOD(A411,1440)>=$K$18,MOD(A411,1440)<$L$18),AND(MOD(A411,1440)>=$K$19,MOD(A411,1440)<$L$19)),"Downlink",IF(AND(MOD(A411,1440)>=$K$8,MOD(A411,1440)<$L$8),"Science A",IF(AND(MOD(A411,1440)>=$K$9,MOD(A411,1440)<$L$9),"Science B",IF(AND(MOD(A411,1440)>=$K$10,MOD(A411,1440)<$L$10),"Science C","Charge"))))) -> Charge | C411: =C51 -> 0 | D411: =D51 -> 0.97756267 | E411: =E51 -> 0 | F411: =$F$382+F51-$F$23 -> 4387.8343 | G411: =F411/$B$8 -> 0.078623751 | H411: =H51 -> Default standby Charge
A412: =A52+1440 -> 1556 | B412: =IF(AND(MOD(A412,1440)>=$K$6,MOD(A412,1440)<$L$6),"Safe",IF(OR(AND(MOD(A412,1440)>=$K$14,MOD(A412,1440)<$L$14),AND(MOD(A412,1440)>=$K$15,MOD(A412,1440)<$L$15),AND(MOD(A412,1440)>=$K$16,MOD(A412,1440)<$L$16),AND(MOD(A412,1440)>=$K$17,MOD(A412,1440)<$L$17),AND(MOD(A412,1440)>=$K$18,MOD(A412,1440)<$L$18),AND(MOD(A412,1440)>=$K$19,MOD(A412,1440)<$L$19)),"Downlink",IF(AND(MOD(A412,1440)>=$K$8,MOD(A412,1440)<$L$8),"Science A",IF(AND(MOD(A412,1440)>=$K$9,MOD(A412,1440)<$L$9),"Science B",IF(AND(MOD(A412,1440)>=$K$10,MOD(A412,1440)<$L$10),"Science C","Charge"))))) -> Charge | C412: =C52 -> 0 | D412: =D52 -> 0.97756267 | E412: =E52 -> 0 | F412: =$F$382+F52-$F$23 -> 4388.8119 | G412: =F412/$B$8 -> 0.078641268 | H412: =H52 -> Default standby Charge
A413: =A53+1440 -> 1560 | B413: =IF(AND(MOD(A413,1440)>=$K$6,MOD(A413,1440)<$L$6),"Safe",IF(OR(AND(MOD(A413,1440)>=$K$14,MOD(A413,1440)<$L$14),AND(MOD(A413,1440)>=$K$15,MOD(A413,1440)<$L$15),AND(MOD(A413,1440)>=$K$16,MOD(A413,1440)<$L$16),AND(MOD(A413,1440)>=$K$17,MOD(A413,1440)<$L$17),AND(MOD(A413,1440)>=$K$18,MOD(A413,1440)<$L$18),AND(MOD(A413,1440)>=$K$19,MOD(A413,1440)<$L$19)),"Downlink",IF(AND(MOD(A413,1440)>=$K$8,MOD(A413,1440)<$L$8),"Science A",IF(AND(MOD(A413,1440)>=$K$9,MOD(A413,1440)<$L$9),"Science B",IF(AND(MOD(A413,1440)>=$K$10,MOD(A413,1440)<$L$10),"Science C","Charge"))))) -> Charge | C413: =C53 -> 0 | D413: =D53 -> 0.97756267 | E413: =E53 -> 0 | F413: =$F$382+F53-$F$23 -> 4389.7894 | G413: =F413/$B$8 -> 0.078658784 | H413: =H53 -> Default standby Charge
A414: =A54+1440 -> 1564 | B414: =IF(AND(MOD(A414,1440)>=$K$6,MOD(A414,1440)<$L$6),"Safe",IF(OR(AND(MOD(A414,1440)>=$K$14,MOD(A414,1440)<$L$14),AND(MOD(A414,1440)>=$K$15,MOD(A414,1440)<$L$15),AND(MOD(A414,1440)>=$K$16,MOD(A414,1440)<$L$16),AND(MOD(A414,1440)>=$K$17,MOD(A414,1440)<$L$17),AND(MOD(A414,1440)>=$K$18,MOD(A414,1440)<$L$18),AND(MOD(A414,1440)>=$K$19,MOD(A414,1440)<$L$19)),"Downlink",IF(AND(MOD(A414,1440)>=$K$8,MOD(A414,1440)<$L$8),"Science A",IF(AND(MOD(A414,1440)>=$K$9,MOD(A414,1440)<$L$9),"Science B",IF(AND(MOD(A414,1440)>=$K$10,MOD(A414,1440)<$L$10),"Science C","Charge"))))) -> Charge | C414: =C54 -> 0 | D414: =D54 -> 0.97756267 | E414: =E54 -> 0 | F414: =$F$382+F54-$F$23 -> 4390.767 | G414: =F414/$B$8 -> 0.078676301 | H414: =H54 -> Default standby Charge
A415: =A55+1440 -> 1568 | B415: =IF(AND(MOD(A415,1440)>=$K$6,MOD(A415,1440)<$L$6),"Safe",IF(OR(AND(MOD(A415,1440)>=$K$14,MOD(A415,1440)<$L$14),AND(MOD(A415,1440)>=$K$15,MOD(A415,1440)<$L$15),AND(MOD(A415,1440)>=$K$16,MOD(A415,1440)<$L$16),AND(MOD(A415,1440)>=$K$17,MOD(A415,1440)<$L$17),AND(MOD(A415,1440)>=$K$18,MOD(A415,1440)<$L$18),AND(MOD(A415,1440)>=$K$19,MOD(A415,1440)<$L$19)),"Downlink",IF(AND(MOD(A415,1440)>=$K$8,MOD(A415,1440)<$L$8),"Science A",IF(AND(MOD(A415,1440)>=$K$9,MOD(A415,1440)<$L$9),"Science B",IF(AND(MOD(A415,1440)>=$K$10,MOD(A415,1440)<$L$10),"Science C","Charge"))))) -> Charge | C415: =C55 -> 0 | D415: =D55 -> 0.97756267 | E415: =E55 -> 0 | F415: =$F$382+F55-$F$23 -> 4391.7446 | G415: =F415/$B$8 -> 0.078693817 | H415: =H55 -> Default standby Charge
A416: =A56+1440 -> 1572 | B416: =IF(AND(MOD(A416,1440)>=$K$6,MOD(A416,1440)<$L$6),"Safe",IF(OR(AND(MOD(A416,1440)>=$K$14,MOD(A416,1440)<$L$14),AND(MOD(A416,1440)>=$K$15,MOD(A416,1440)<$L$15),AND(MOD(A416,1440)>=$K$16,MOD(A416,1440)<$L$16),AND(MOD(A416,1440)>=$K$17,MOD(A416,1440)<$L$17),AND(MOD(A416,1440)>=$K$18,MOD(A416,1440)<$L$18),AND(MOD(A416,1440)>=$K$19,MOD(A416,1440)<$L$19)),"Downlink",IF(AND(MOD(A416,1440)>=$K$8,MOD(A416,1440)<$L$8),"Science A",IF(AND(MOD(A416,1440)>=$K$9,MOD(A416,1440)<$L$9),"Science B",IF(AND(MOD(A416,1440)>=$K$10,MOD(A416,1440)<$L$10),"Science C","Charge"))))) -> Charge | C416: =C56 -> 0 | D416: =D56 -> 0.97756267 | E416: =E56 -> 0 | F416: =$F$382+F56-$F$23 -> 4392.7221 | G416: =F416/$B$8 -> 0.078711334 | H416: =H56 -> Default standby Charge
A417: =A57+1440 -> 1576 | B417: =IF(AND(MOD(A417,1440)>=$K$6,MOD(A417,1440)<$L$6),"Safe",IF(OR(AND(MOD(A417,1440)>=$K$14,MOD(A417,1440)<$L$14),AND(MOD(A417,1440)>=$K$15,MOD(A417,1440)<$L$15),AND(MOD(A417,1440)>=$K$16,MOD(A417,1440)<$L$16),AND(MOD(A417,1440)>=$K$17,MOD(A417,1440)<$L$17),AND(MOD(A417,1440)>=$K$18,MOD(A417,1440)<$L$18),AND(MOD(A417,1440)>=$K$19,MOD(A417,1440)<$L$19)),"Downlink",IF(AND(MOD(A417,1440)>=$K$8,MOD(A417,1440)<$L$8),"Science A",IF(AND(MOD(A417,1440)>=$K$9,MOD(A417,1440)<$L$9),"Science B",IF(AND(MOD(A417,1440)>=$K$10,MOD(A417,1440)<$L$10),"Science C","Charge"))))) -> Charge | C417: =C57 -> 0 | D417: =D57 -> 0.97756267 | E417: =E57 -> 0 | F417: =$F$382+F57-$F$23 -> 4393.6997 | G417: =F417/$B$8 -> 0.078728851 | H417: =H57 -> Default standby Charge
A418: =A58+1440 -> 1580 | B418: =IF(AND(MOD(A418,1440)>=$K$6,MOD(A418,1440)<$L$6),"Safe",IF(OR(AND(MOD(A418,1440)>=$K$14,MOD(A418,1440)<$L$14),AND(MOD(A418,1440)>=$K$15,MOD(A418,1440)<$L$15),AND(MOD(A418,1440)>=$K$16,MOD(A418,1440)<$L$16),AND(MOD(A418,1440)>=$K$17,MOD(A418,1440)<$L$17),AND(MOD(A418,1440)>=$K$18,MOD(A418,1440)<$L$18),AND(MOD(A418,1440)>=$K$19,MOD(A418,1440)<$L$19)),"Downlink",IF(AND(MOD(A418,1440)>=$K$8,MOD(A418,1440)<$L$8),"Science A",IF(AND(MOD(A418,1440)>=$K$9,MOD(A418,1440)<$L$9),"Science B",IF(AND(MOD(A418,1440)>=$K$10,MOD(A418,1440)<$L$10),"Science C","Charge"))))) -> Charge | C418: =C58 -> 0 | D418: =D58 -> 0.97756267 | E418: =E58 -> 0 | F418: =$F$382+F58-$F$23 -> 4394.6773 | G418: =F418/$B$8 -> 0.078746367 | H418: =H58 -> Default standby Charge
A419: =A59+1440 -> 1584 | B419: =IF(AND(MOD(A419,1440)>=$K$6,MOD(A419,1440)<$L$6),"Safe",IF(OR(AND(MOD(A419,1440)>=$K$14,MOD(A419,1440)<$L$14),AND(MOD(A419,1440)>=$K$15,MOD(A419,1440)<$L$15),AND(MOD(A419,1440)>=$K$16,MOD(A419,1440)<$L$16),AND(MOD(A419,1440)>=$K$17,MOD(A419,1440)<$L$17),AND(MOD(A419,1440)>=$K$18,MOD(A419,1440)<$L$18),AND(MOD(A419,1440)>=$K$19,MOD(A419,1440)<$L$19)),"Downlink",IF(AND(MOD(A419,1440)>=$K$8,MOD(A419,1440)<$L$8),"Science A",IF(AND(MOD(A419,1440)>=$K$9,MOD(A419,1440)<$L$9),"Science B",IF(AND(MOD(A419,1440)>=$K$10,MOD(A419,1440)<$L$10),"Science C","Charge"))))) -> Charge | C419: =C59 -> 0 | D419: =D59 -> 0.97756267 | E419: =E59 -> 0 | F419: =$F$382+F59-$F$23 -> 4395.6548 | G419: =F419/$B$8 -> 0.078763884 | H419: =H59 -> Default standby Charge
A420: =A60+1440 -> 1588 | B420: =IF(AND(MOD(A420,1440)>=$K$6,MOD(A420,1440)<$L$6),"Safe",IF(OR(AND(MOD(A420,1440)>=$K$14,MOD(A420,1440)<$L$14),AND(MOD(A420,1440)>=$K$15,MOD(A420,1440)<$L$15),AND(MOD(A420,1440)>=$K$16,MOD(A420,1440)<$L$16),AND(MOD(A420,1440)>=$K$17,MOD(A420,1440)<$L$17),AND(MOD(A420,1440)>=$K$18,MOD(A420,1440)<$L$18),AND(MOD(A420,1440)>=$K$19,MOD(A420,1440)<$L$19)),"Downlink",IF(AND(MOD(A420,1440)>=$K$8,MOD(A420,1440)<$L$8),"Science A",IF(AND(MOD(A420,1440)>=$K$9,MOD(A420,1440)<$L$9),"Science B",IF(AND(MOD(A420,1440)>=$K$10,MOD(A420,1440)<$L$10),"Science C","Charge"))))) -> Charge | C420: =C60 -> 0 | D420: =D60 -> 0.97756267 | E420: =E60 -> 0 | F420: =$F$382+F60-$F$23 -> 4396.6324 | G420: =F420/$B$8 -> 0.0787814 | H420: =H60 -> Default standby Charge
A421: =A61+1440 -> 1592 | B421: =IF(AND(MOD(A421,1440)>=$K$6,MOD(A421,1440)<$L$6),"Safe",IF(OR(AND(MOD(A421,1440)>=$K$14,MOD(A421,1440)<$L$14),AND(MOD(A421,1440)>=$K$15,MOD(A421,1440)<$L$15),AND(MOD(A421,1440)>=$K$16,MOD(A421,1440)<$L$16),AND(MOD(A421,1440)>=$K$17,MOD(A421,1440)<$L$17),AND(MOD(A421,1440)>=$K$18,MOD(A421,1440)<$L$18),AND(MOD(A421,1440)>=$K$19,MOD(A421,1440)<$L$19)),"Downlink",IF(AND(MOD(A421,1440)>=$K$8,MOD(A421,1440)<$L$8),"Science A",IF(AND(MOD(A421,1440)>=$K$9,MOD(A421,1440)<$L$9),"Science B",IF(AND(MOD(A421,1440)>=$K$10,MOD(A421,1440)<$L$10),"Science C","Charge"))))) -> Charge | C421: =C61 -> 0 | D421: =D61 -> 0.97756267 | E421: =E61 -> 0 | F421: =$F$382+F61-$F$23 -> 4397.6099 | G421: =F421/$B$8 -> 0.078798917 | H421: =H61 -> Default standby Charge
... A427: =A67+1440 -> 1616 | B427: =IF(AND(MOD(A427,1440)>=$K$6,MOD(A427,1440)<$L$6),"Safe",IF(OR(AND(MOD(A427,1440)>=$K$14,MOD(A427,1440)<$L$14),AND(MOD(A427,1440)>=$K$15,MOD(A427,1440)<$L$15),AND(MOD(A427,1440)>=$K$16,MOD(A427,1440)<$L$16),AND(MOD(A427,1440)>=$K$17,MOD(A427,1440)<$L$17),AND(MOD(A427,1440)>=$K$18,MOD(A427,1440)<$L$18),AND(MOD(A427,1440)>=$K$19,MOD(A427,1440)<$L$19)),"Downlink",IF(AND(MOD(A427,1440)>=$K$8,MOD(A427,1440)<$L$8),"Science A",IF(AND(MOD(A427,1440)>=$K$9,MOD(A427,1440)<$L$9),"Science B",IF(AND(MOD(A427,1440)>=$K$10,MOD(A427,1440)<$L$10),"Science C","Charge"))))) -> Charge | C427: =C67 -> 0 | D427: =D67 -> 0.97756267 | E427: =E67 -> 0 | F427: =$F$382+F67-$F$23 -> 4403.4753 | G427: =F427/$B$8 -> 0.078904016 | H427: =H67 -> Default standby Charge
A428: =A68+1440 -> 1620 | B428: =B68 -> Science A | C428: =C68 -> 8 | D428: =D68 -> 32.849563 | E428: =E68 -> 0 | F428: =$F$382+F68-$F$23 -> 4436.3249 | G428: =F428/$B$8 -> 0.079492633 | H428: =H68 -> Science data acquisition and storage
A429: =A69+1440 -> 1624 | B429: =B69 -> Science A | C429: =C69 -> 8 | D429: =D69 -> 32.849563 | E429: =E69 -> 0 | F429: =$F$382+F69-$F$23 -> 4469.1744 | G429: =F429/$B$8 -> 0.080081251 | H429: =H69 -> Science data acquisition and storage
A430: =A70+1440 -> 1628 | B430: =B70 -> Science A | C430: =C70 -> 8 | D430: =D70 -> 32.849563 | E430: =E70 -> 0 | F430: =$F$382+F70-$F$23 -> 4502.024 | G430: =F430/$B$8 -> 0.080669868 | H430: =H70 -> Science data acquisition and storage
A431: =A71+1440 -> 1632 | B431: =B71 -> Science A | C431: =C71 -> 8 | D431: =D71 -> 32.849563 | E431: =E71 -> 0 | F431: =$F$382+F71-$F$23 -> 4534.8736 | G431: =F431/$B$8 -> 0.081258486 | H431: =H71 -> Science data acquisition and storage
A432: =A72+1440 -> 1636 | B432: =B72 -> Science A | C432: =C72 -> 8 | D432: =D72 -> 32.849563 | E432: =E72 -> 0 | F432: =$F$382+F72-$F$23 -> 4567.7231 | G432: =F432/$B$8 -> 0.081847103 | H432: =H72 -> Science data acquisition and storage
A433: =A73+1440 -> 1640 | B433: =B73 -> Science A | C433: =C73 -> 8 | D433: =D73 -> 32.849563 | E433: =E73 -> 0 | F433: =$F$382+F73-$F$23 -> 4600.5727 | G433: =F433/$B$8 -> 0.082435721 | H433: =H73 -> Science data acquisition and storage
A434: =A74+1440 -> 1644 | B434: =B74 -> Science A | C434: =C74 -> 8 | D434: =D74 -> 32.849563 | E434: =E74 -> 0 | F434: =$F$382+F74-$F$23 -> 4633.4223 | G434: =F434/$B$8 -> 0.083024338 | H434: =H74 -> Science data acquisition and storage
A435: =A75+1440 -> 1648 | B435: =B75 -> Science A | C435: =C75 -> 8 | D435: =D75 -> 32.849563 | E435: =E75 -> 0 | F435: =$F$382+F75-$F$23 -> 4666.2718 | G435: =F435/$B$8 -> 0.083612955 | H435: =H75 -> Science data acquisition and storage
A436: =A76+1440 -> 1652 | B436: =B76 -> Science A | C436: =C76 -> 8 | D436: =D76 -> 32.849563 | E436: =E76 -> 0 | F436: =$F$382+F76-$F$23 -> 4699.1214 | G436: =F436/$B$8 -> 0.084201573 | H436: =H76 -> Science data acquisition and storage
A437: =A77+1440 -> 1656 | B437: =B77 -> Science A | C437: =C77 -> 8 | D437: =D77 -> 32.849563 | E437: =E77 -> 0 | F437: =$F$382+F77-$F$23 -> 4731.9709 | G437: =F437/$B$8 -> 0.08479019 | H437: =H77 -> Science data acquisition and storage
A438: =A78+1440 -> 1660 | B438: =B78 -> Science A | C438: =C78 -> 8 | D438: =D78 -> 32.849563 | E438: =E78 -> 0 | F438: =$F$382+F78-$F$23 -> 4764.8205 | G438: =F438/$B$8 -> 0.085378808 | H438: =H78 -> Science data acquisition and storage
A439: =A79+1440 -> 1664 | B439: =B79 -> Science A | C439: =C79 -> 8 | D439: =D79 -> 32.849563 | E439: =E79 -> 0 | F439: =$F$382+F79-$F$23 -> 4797.6701 | G439: =F439/$B$8 -> 0.085967425 | H439: =H79 -> Science data acquisition and storage
... A459: =A99+1440 -> 1744 | B459: =B99 -> Downlink | C459: =C99 -> 0 | D459: =D99 -> 0.97756267 | E459: =E99 -> 0.75 | F459: =$F$382+F99-$F$23 -> 5389.4173 | G459: =F459/$B$8 -> 0.096570695 | H459: =H99 -> Validated contact; Downlink preempts Science
A460: =A100+1440 -> 1748 | B460: =IF(AND(MOD(A460,1440)>=$K$6,MOD(A460,1440)<$L$6),"Safe",IF(OR(AND(MOD(A460,1440)>=$K$14,MOD(A460,1440)<$L$14),AND(MOD(A460,1440)>=$K$15,MOD(A460,1440)<$L$15),AND(MOD(A460,1440)>=$K$16,MOD(A460,1440)<$L$16),AND(MOD(A460,1440)>=$K$17,MOD(A460,1440)<$L$17),AND(MOD(A460,1440)>=$K$18,MOD(A460,1440)<$L$18),AND(MOD(A460,1440)>=$K$19,MOD(A460,1440)<$L$19)),"Downlink",IF(AND(MOD(A460,1440)>=$K$8,MOD(A460,1440)<$L$8),"Science A",IF(AND(MOD(A460,1440)>=$K$9,MOD(A460,1440)<$L$9),"Science B",IF(AND(MOD(A460,1440)>=$K$10,MOD(A460,1440)<$L$10),"Science C","Charge"))))) -> Charge | C460: =C100 -> 0 | D460: =D100 -> 0.97756267 | E460: =E100 -> 0 | F460: =$F$382+F100-$F$23 -> 5390.3949 | G460: =F460/$B$8 -> 0.096588211 | H460: =H100 -> Default standby Charge
A461: =A101+1440 -> 1752 | B461: =IF(AND(MOD(A461,1440)>=$K$6,MOD(A461,1440)<$L$6),"Safe",IF(OR(AND(MOD(A461,1440)>=$K$14,MOD(A461,1440)<$L$14),AND(MOD(A461,1440)>=$K$15,MOD(A461,1440)<$L$15),AND(MOD(A461,1440)>=$K$16,MOD(A461,1440)<$L$16),AND(MOD(A461,1440)>=$K$17,MOD(A461,1440)<$L$17),AND(MOD(A461,1440)>=$K$18,MOD(A461,1440)<$L$18),AND(MOD(A461,1440)>=$K$19,MOD(A461,1440)<$L$19)),"Downlink",IF(AND(MOD(A461,1440)>=$K$8,MOD(A461,1440)<$L$8),"Science A",IF(AND(MOD(A461,1440)>=$K$9,MOD(A461,1440)<$L$9),"Science B",IF(AND(MOD(A461,1440)>=$K$10,MOD(A461,1440)<$L$10),"Science C","Charge"))))) -> Charge | C461: =C101 -> 0 | D461: =D101 -> 0.97756267 | E461: =E101 -> 0 | F461: =$F$382+F101-$F$23 -> 5391.3724 | G461: =F461/$B$8 -> 0.096605728 | H461: =H101 -> Default standby Charge
A462: =A102+1440 -> 1756 | B462: =IF(AND(MOD(A462,1440)>=$K$6,MOD(A462,1440)<$L$6),"Safe",IF(OR(AND(MOD(A462,1440)>=$K$14,MOD(A462,1440)<$L$14),AND(MOD(A462,1440)>=$K$15,MOD(A462,1440)<$L$15),AND(MOD(A462,1440)>=$K$16,MOD(A462,1440)<$L$16),AND(MOD(A462,1440)>=$K$17,MOD(A462,1440)<$L$17),AND(MOD(A462,1440)>=$K$18,MOD(A462,1440)<$L$18),AND(MOD(A462,1440)>=$K$19,MOD(A462,1440)<$L$19)),"Downlink",IF(AND(MOD(A462,1440)>=$K$8,MOD(A462,1440)<$L$8),"Science A",IF(AND(MOD(A462,1440)>=$K$9,MOD(A462,1440)<$L$9),"Science B",IF(AND(MOD(A462,1440)>=$K$10,MOD(A462,1440)<$L$10),"Science C","Charge"))))) -> Charge | C462: =C102 -> 0 | D462: =D102 -> 0.97756267 | E462: =E102 -> 0 | F462: =$F$382+F102-$F$23 -> 5392.35 | G462: =F462/$B$8 -> 0.096623244 | H462: =H102 -> Default standby Charge
A463: =A103+1440 -> 1760 | B463: =IF(AND(MOD(A463,1440)>=$K$6,MOD(A463,1440)<$L$6),"Safe",IF(OR(AND(MOD(A463,1440)>=$K$14,MOD(A463,1440)<$L$14),AND(MOD(A463,1440)>=$K$15,MOD(A463,1440)<$L$15),AND(MOD(A463,1440)>=$K$16,MOD(A463,1440)<$L$16),AND(MOD(A463,1440)>=$K$17,MOD(A463,1440)<$L$17),AND(MOD(A463,1440)>=$K$18,MOD(A463,1440)<$L$18),AND(MOD(A463,1440)>=$K$19,MOD(A463,1440)<$L$19)),"Downlink",IF(AND(MOD(A463,1440)>=$K$8,MOD(A463,1440)<$L$8),"Science A",IF(AND(MOD(A463,1440)>=$K$9,MOD(A463,1440)<$L$9),"Science B",IF(AND(MOD(A463,1440)>=$K$10,MOD(A463,1440)<$L$10),"Science C","Charge"))))) -> Charge | C463: =C103 -> 0 | D463: =D103 -> 0.97756267 | E463: =E103 -> 0 | F463: =$F$382+F103-$F$23 -> 5393.3276 | G463: =F463/$B$8 -> 0.096640761 | H463: =H103 -> Default standby Charge
A464: =A104+1440 -> 1764 | B464: =IF(AND(MOD(A464,1440)>=$K$6,MOD(A464,1440)<$L$6),"Safe",IF(OR(AND(MOD(A464,1440)>=$K$14,MOD(A464,1440)<$L$14),AND(MOD(A464,1440)>=$K$15,MOD(A464,1440)<$L$15),AND(MOD(A464,1440)>=$K$16,MOD(A464,1440)<$L$16),AND(MOD(A464,1440)>=$K$17,MOD(A464,1440)<$L$17),AND(MOD(A464,1440)>=$K$18,MOD(A464,1440)<$L$18),AND(MOD(A464,1440)>=$K$19,MOD(A464,1440)<$L$19)),"Downlink",IF(AND(MOD(A464,1440)>=$K$8,MOD(A464,1440)<$L$8),"Science A",IF(AND(MOD(A464,1440)>=$K$9,MOD(A464,1440)<$L$9),"Science B",IF(AND(MOD(A464,1440)>=$K$10,MOD(A464,1440)<$L$10),"Science C","Charge"))))) -> Charge | C464: =C104 -> 0 | D464: =D104 -> 0.97756267 | E464: =E104 -> 0 | F464: =$F$382+F104-$F$23 -> 5394.3051 | G464: =F464/$B$8 -> 0.096658277 | H464: =H104 -> Default standby Charge
A465: =A105+1440 -> 1768 | B465: =IF(AND(MOD(A465,1440)>=$K$6,MOD(A465,1440)<$L$6),"Safe",IF(OR(AND(MOD(A465,1440)>=$K$14,MOD(A465,1440)<$L$14),AND(MOD(A465,1440)>=$K$15,MOD(A465,1440)<$L$15),AND(MOD(A465,1440)>=$K$16,MOD(A465,1440)<$L$16),AND(MOD(A465,1440)>=$K$17,MOD(A465,1440)<$L$17),AND(MOD(A465,1440)>=$K$18,MOD(A465,1440)<$L$18),AND(MOD(A465,1440)>=$K$19,MOD(A465,1440)<$L$19)),"Downlink",IF(AND(MOD(A465,1440)>=$K$8,MOD(A465,1440)<$L$8),"Science A",IF(AND(MOD(A465,1440)>=$K$9,MOD(A465,1440)<$L$9),"Science B",IF(AND(MOD(A465,1440)>=$K$10,MOD(A465,1440)<$L$10),"Science C","Charge"))))) -> Charge | C465: =C105 -> 0 | D465: =D105 -> 0.97756267 | E465: =E105 -> 0 | F465: =$F$382+F105-$F$23 -> 5395.2827 | G465: =F465/$B$8 -> 0.096675794 | H465: =H105 -> Default standby Charge
A466: =A106+1440 -> 1772 | B466: =IF(AND(MOD(A466,1440)>=$K$6,MOD(A466,1440)<$L$6),"Safe",IF(OR(AND(MOD(A466,1440)>=$K$14,MOD(A466,1440)<$L$14),AND(MOD(A466,1440)>=$K$15,MOD(A466,1440)<$L$15),AND(MOD(A466,1440)>=$K$16,MOD(A466,1440)<$L$16),AND(MOD(A466,1440)>=$K$17,MOD(A466,1440)<$L$17),AND(MOD(A466,1440)>=$K$18,MOD(A466,1440)<$L$18),AND(MOD(A466,1440)>=$K$19,MOD(A466,1440)<$L$19)),"Downlink",IF(AND(MOD(A466,1440)>=$K$8,MOD(A466,1440)<$L$8),"Science A",IF(AND(MOD(A466,1440)>=$K$9,MOD(A466,1440)<$L$9),"Science B",IF(AND(MOD(A466,1440)>=$K$10,MOD(A466,1440)<$L$10),"Science C","Charge"))))) -> Charge | C466: =C106 -> 0 | D466: =D106 -> 0.97756267 | E466: =E106 -> 0 | F466: =$F$382+F106-$F$23 -> 5396.2603 | G466: =F466/$B$8 -> 0.09669331 | H466: =H106 -> Default standby Charge
A467: =A107+1440 -> 1776 | B467: =IF(AND(MOD(A467,1440)>=$K$6,MOD(A467,1440)<$L$6),"Safe",IF(OR(AND(MOD(A467,1440)>=$K$14,MOD(A467,1440)<$L$14),AND(MOD(A467,1440)>=$K$15,MOD(A467,1440)<$L$15),AND(MOD(A467,1440)>=$K$16,MOD(A467,1440)<$L$16),AND(MOD(A467,1440)>=$K$17,MOD(A467,1440)<$L$17),AND(MOD(A467,1440)>=$K$18,MOD(A467,1440)<$L$18),AND(MOD(A467,1440)>=$K$19,MOD(A467,1440)<$L$19)),"Downlink",IF(AND(MOD(A467,1440)>=$K$8,MOD(A467,1440)<$L$8),"Science A",IF(AND(MOD(A467,1440)>=$K$9,MOD(A467,1440)<$L$9),"Science B",IF(AND(MOD(A467,1440)>=$K$10,MOD(A467,1440)<$L$10),"Science C","Charge"))))) -> Charge | C467: =C107 -> 0 | D467: =D107 -> 0.97756267 | E467: =E107 -> 0 | F467: =$F$382+F107-$F$23 -> 5397.2378 | G467: =F467/$B$8 -> 0.096710827 | H467: =H107 -> Default standby Charge
A468: =A108+1440 -> 1780 | B468: =IF(AND(MOD(A468,1440)>=$K$6,MOD(A468,1440)<$L$6),"Safe",IF(OR(AND(MOD(A468,1440)>=$K$14,MOD(A468,1440)<$L$14),AND(MOD(A468,1440)>=$K$15,MOD(A468,1440)<$L$15),AND(MOD(A468,1440)>=$K$16,MOD(A468,1440)<$L$16),AND(MOD(A468,1440)>=$K$17,MOD(A468,1440)<$L$17),AND(MOD(A468,1440)>=$K$18,MOD(A468,1440)<$L$18),AND(MOD(A468,1440)>=$K$19,MOD(A468,1440)<$L$19)),"Downlink",IF(AND(MOD(A468,1440)>=$K$8,MOD(A468,1440)<$L$8),"Science A",IF(AND(MOD(A468,1440)>=$K$9,MOD(A468,1440)<$L$9),"Science B",IF(AND(MOD(A468,1440)>=$K$10,MOD(A468,1440)<$L$10),"Science C","Charge"))))) -> Charge | C468: =C108 -> 0 | D468: =D108 -> 0.97756267 | E468: =E108 -> 0 | F468: =$F$382+F108-$F$23 -> 5398.2154 | G468: =F468/$B$8 -> 0.096728343 | H468: =H108 -> Default standby Charge
A469: =A109+1440 -> 1784 | B469: =IF(AND(MOD(A469,1440)>=$K$6,MOD(A469,1440)<$L$6),"Safe",IF(OR(AND(MOD(A469,1440)>=$K$14,MOD(A469,1440)<$L$14),AND(MOD(A469,1440)>=$K$15,MOD(A469,1440)<$L$15),AND(MOD(A469,1440)>=$K$16,MOD(A469,1440)<$L$16),AND(MOD(A469,1440)>=$K$17,MOD(A469,1440)<$L$17),AND(MOD(A469,1440)>=$K$18,MOD(A469,1440)<$L$18),AND(MOD(A469,1440)>=$K$19,MOD(A469,1440)<$L$19)),"Downlink",IF(AND(MOD(A469,1440)>=$K$8,MOD(A469,1440)<$L$8),"Science A",IF(AND(MOD(A469,1440)>=$K$9,MOD(A469,1440)<$L$9),"Science B",IF(AND(MOD(A469,1440)>=$K$10,MOD(A469,1440)<$L$10),"Science C","Charge"))))) -> Charge | C469: =C109 -> 0 | D469: =D109 -> 0.97756267 | E469: =E109 -> 0 | F469: =$F$382+F109-$F$23 -> 5399.1929 | G469: =F469/$B$8 -> 0.09674586 | H469: =H109 -> Default standby Charge
A470: =A110+1440 -> 1788 | B470: =IF(AND(MOD(A470,1440)>=$K$6,MOD(A470,1440)<$L$6),"Safe",IF(OR(AND(MOD(A470,1440)>=$K$14,MOD(A470,1440)<$L$14),AND(MOD(A470,1440)>=$K$15,MOD(A470,1440)<$L$15),AND(MOD(A470,1440)>=$K$16,MOD(A470,1440)<$L$16),AND(MOD(A470,1440)>=$K$17,MOD(A470,1440)<$L$17),AND(MOD(A470,1440)>=$K$18,MOD(A470,1440)<$L$18),AND(MOD(A470,1440)>=$K$19,MOD(A470,1440)<$L$19)),"Downlink",IF(AND(MOD(A470,1440)>=$K$8,MOD(A470,1440)<$L$8),"Science A",IF(AND(MOD(A470,1440)>=$K$9,MOD(A470,1440)<$L$9),"Science B",IF(AND(MOD(A470,1440)>=$K$10,MOD(A470,1440)<$L$10),"Science C","Charge"))))) -> Charge | C470: =C110 -> 0 | D470: =D110 -> 0.97756267 | E470: =E110 -> 0 | F470: =$F$382+F110-$F$23 -> 5400.1705 | G470: =F470/$B$8 -> 0.096763376 | H470: =H110 -> Default standby Charge
A471: =A111+1440 -> 1792 | B471: =IF(AND(MOD(A471,1440)>=$K$6,MOD(A471,1440)<$L$6),"Safe",IF(OR(AND(MOD(A471,1440)>=$K$14,MOD(A471,1440)<$L$14),AND(MOD(A471,1440)>=$K$15,MOD(A471,1440)<$L$15),AND(MOD(A471,1440)>=$K$16,MOD(A471,1440)<$L$16),AND(MOD(A471,1440)>=$K$17,MOD(A471,1440)<$L$17),AND(MOD(A471,1440)>=$K$18,MOD(A471,1440)<$L$18),AND(MOD(A471,1440)>=$K$19,MOD(A471,1440)<$L$19)),"Downlink",IF(AND(MOD(A471,1440)>=$K$8,MOD(A471,1440)<$L$8),"Science A",IF(AND(MOD(A471,1440)>=$K$9,MOD(A471,1440)<$L$9),"Science B",IF(AND(MOD(A471,1440)>=$K$10,MOD(A471,1440)<$L$10),"Science C","Charge"))))) -> Charge | C471: =C111 -> 0 | D471: =D111 -> 0.97756267 | E471: =E111 -> 0 | F471: =$F$382+F111-$F$23 -> 5401.1481 | G471: =F471/$B$8 -> 0.096780893 | H471: =H111 -> Default standby Charge
... A487: =A127+1440 -> 1856 | B487: =IF(AND(MOD(A487,1440)>=$K$6,MOD(A487,1440)<$L$6),"Safe",IF(OR(AND(MOD(A487,1440)>=$K$14,MOD(A487,1440)<$L$14),AND(MOD(A487,1440)>=$K$15,MOD(A487,1440)<$L$15),AND(MOD(A487,1440)>=$K$16,MOD(A487,1440)<$L$16),AND(MOD(A487,1440)>=$K$17,MOD(A487,1440)<$L$17),AND(MOD(A487,1440)>=$K$18,MOD(A487,1440)<$L$18),AND(MOD(A487,1440)>=$K$19,MOD(A487,1440)<$L$19)),"Downlink",IF(AND(MOD(A487,1440)>=$K$8,MOD(A487,1440)<$L$8),"Science A",IF(AND(MOD(A487,1440)>=$K$9,MOD(A487,1440)<$L$9),"Science B",IF(AND(MOD(A487,1440)>=$K$10,MOD(A487,1440)<$L$10),"Science C","Charge"))))) -> Charge | C487: =C127 -> 0 | D487: =D127 -> 0.97756267 | E487: =E127 -> 0 | F487: =$F$382+F127-$F$23 -> 5416.7891 | G487: =F487/$B$8 -> 0.097061157 | H487: =H127 -> Default standby Charge
A488: =A128+1440 -> 1860 | B488: =B128 -> Science B | C488: =C128 -> 8 | D488: =D128 -> 32.849563 | E488: =E128 -> 0 | F488: =$F$382+F128-$F$23 -> 5449.6386 | G488: =F488/$B$8 -> 0.097649775 | H488: =H128 -> Science data acquisition and storage
A489: =A129+1440 -> 1864 | B489: =B129 -> Science B | C489: =C129 -> 8 | D489: =D129 -> 32.849563 | E489: =E129 -> 0 | F489: =$F$382+F129-$F$23 -> 5482.4882 | G489: =F489/$B$8 -> 0.098238392 | H489: =H129 -> Science data acquisition and storage
A490: =A130+1440 -> 1868 | B490: =B130 -> Science B | C490: =C130 -> 8 | D490: =D130 -> 32.849563 | E490: =E130 -> 0 | F490: =$F$382+F130-$F$23 -> 5515.3378 | G490: =F490/$B$8 -> 0.09882701 | H490: =H130 -> Science data acquisition and storage
A491: =A131+1440 -> 1872 | B491: =B131 -> Science B | C491: =C131 -> 8 | D491: =D131 -> 32.849563 | E491: =E131 -> 0 | F491: =$F$382+F131-$F$23 -> 5548.1873 | G491: =F491/$B$8 -> 0.099415627 | H491: =H131 -> Science data acquisition and storage
A492: =A132+1440 -> 1876 | B492: =B132 -> Science B | C492: =C132 -> 8 | D492: =D132 -> 32.849563 | E492: =E132 -> 0 | F492: =$F$382+F132-$F$23 -> 5581.0369 | G492: =F492/$B$8 -> 0.10000424 | H492: =H132 -> Science data acquisition and storage
A493: =A133+1440 -> 1880 | B493: =B133 -> Science B | C493: =C133 -> 8 | D493: =D133 -> 32.849563 | E493: =E133 -> 0 | F493: =$F$382+F133-$F$23 -> 5613.8865 | G493: =F493/$B$8 -> 0.10059286 | H493: =H133 -> Science data acquisition and storage
A494: =A134+1440 -> 1884 | B494: =B134 -> Science B | C494: =C134 -> 8 | D494: =D134 -> 32.849563 | E494: =E134 -> 0 | F494: =$F$382+F134-$F$23 -> 5646.736 | G494: =F494/$B$8 -> 0.10118148 | H494: =H134 -> Science data acquisition and storage
A495: =A135+1440 -> 1888 | B495: =B135 -> Science B | C495: =C135 -> 8 | D495: =D135 -> 32.849563 | E495: =E135 -> 0 | F495: =$F$382+F135-$F$23 -> 5679.5856 | G495: =F495/$B$8 -> 0.1017701 | H495: =H135 -> Science data acquisition and storage
A496: =A136+1440 -> 1892 | B496: =B136 -> Science B | C496: =C136 -> 8 | D496: =D136 -> 32.849563 | E496: =E136 -> 0 | F496: =$F$382+F136-$F$23 -> 5712.4351 | G496: =F496/$B$8 -> 0.10235871 | H496: =H136 -> Science data acquisition and storage
...

Sheet ProcessorBus Utilization Budget
A1: Processor and Bus Utilization Budget
A3: Bus Utilization Budget
A4: Board | B4: Component | C4: Protocol | D4: Channel | E4: Bytes per transaction | F4: Rate (Hz) | G4: Throughput (bytes/s) | H4: Bus rate (bits/s) | I4: Utilization | J4: Notes
A5: CDH | B5: SSD eMMC system and persistent-state access | C5: MMC | D5: MMC1 | E5: 4096 | F5: 0.016666667 | G5: =E5*F5 -> 68.266667 | H5: 50000000 | I5: =IF(H5>0,G5*8/H5,0) -> 1.0922667e-05 | J5: Read system image, telemetry database, and persistent state.
A6: CDH | B6: SSD eMMC housekeeping and event-log write | C6: MMC | D6: MMC1 | E6: 1024 | F6: 0.05 | G6: =E6*F6 -> 51.2 | H6: 50000000 | I6: =IF(H6>0,G6*8/H6,0) -> 8.192e-06 | J6: Append housekeeping, events, and command results.
A7: CDH | B7: SSD eMMC payload image and experiment-file write | C7: MMC | D7: MMC1 | E7: =2064*1544*10/8 -> 3983520 | F7: =4/86400 -> 4.6296296e-05 | G7: =E7*F7 -> 184.42222 | H7: 50000000 | I7: =IF(H7>0,G7*8/H7,0) -> 2.9507556e-05 | J7: Write payload images and experiment files.
A8: CDH | B8: MCP3202 sun-sensor ADC x6 | C8: SPI | D8: SPI1 | E8: 18 | F8: 5 | G8: =E8*F8 -> 90 | H8: 20000000 | I8: =IF(H8>0,G8*8/H8,0) -> 3.6e-05 | J8: Six 12-bit conversions at 5 Hz.
A9: Thermal | B9: MAX31856 thermocouple amplifiers x8 | C9: SPI | D9: SPI1 | E9: 32 | F9: 0.1 | G9: =E9*F9 -> 3.2 | H9: 20000000 | I9: =IF(H9>0,G9*8/H9,0) -> 1.28e-06 | J9: Eight readings at 0.1 Hz; shares SPI1.
A10: CDH | B10: SSD eMMC payload-file read for Downlink | C10: MMC | D10: MMC1 | E10: =2064*1544*10/8 -> 3983520 | F10: =4/86400 -> 4.6296296e-05 | G10: =E10*F10 -> 184.42222 | H10: 50000000 | I10: =IF(H10>0,G10*8/H10,0) -> 2.9507556e-05 | J10: Read queued payload files during Downlink.
A11: CDH | B11: SSD eMMC metadata and health-check allowance | C11: MMC | D11: MMC1 | E11: 4096 | F11: 0.016666667 | G11: =E11*F11 -> 68.266667 | H11: 50000000 | I11: =IF(H11>0,G11*8/H11,0) -> 1.0922667e-05 | J11: Filesystem metadata, wear leveling, and health checks.
A12: Payload | B12: USB2514B_B1 USB hub | C12: I2C | D12: I2C2 | E12: 2 | F12: 0.016666667 | G12: =E12*F12 -> 0.033333333 | H12: 400000 | I12: =IF(H12>0,G12*8/H12,0) -> 6.6666667e-07 | J12: Control traffic only; shares I2C2.
A13: Payload | B13: Camera triggers | C13: GPIO | D13: GPIO | E13: 0 | F13: 0.055555556 | G13: =E13*F13 -> 0 | H13: 0 | I13: =IF(H13>0,G13*8/H13,0) -> 0 | J13: Trigger pulse; no serial-bus payload.
A14: Payload | B14: Skyfox piNAV-NG GNSS | C14: UART | D14: UART2 | E14: 42 | F14: 0.055555556 | G14: =E14*F14 -> 2.3333333 | H14: 9600 | I14: =IF(H14>0,G14*8/H14,0) -> 0.0019444444 | J14: NAV-PVT poll; rate is TBR.
A15: Payload | B15: Sagitta star tracker | C15: UART | D15: UART1 | E15: 48 | F15: 0.055555556 | G15: =E15*F15 -> 2.6666667 | H15: 921600 | I15: =IF(H15>0,G15*8/H15,0) -> 2.3148148e-05 | J15: Attitude poll; rate is TBR.
A16: EPS | B16: INA3221 current monitor | C16: I2C | D16: I2C2 | E16: 6 | F16: 0.016666667 | G16: =E16*F16 -> 0.1 | H16: 400000 | I16: =IF(H16>0,G16*8/H16,0) -> 2e-06 | J16: Three-channel current read; shares I2C2.
A17: EPS | B17: INA3221 fault signals | C17: GPIO | D17: GPIO | E17: 0 | F17: 0 | G17: =E17*F17 -> 0 | H17: 0 | I17: =IF(H17>0,G17*8/H17,0) -> 0 | J17: Event-driven fault indication.
A18: EPS | B18: TPS3431 watchdog | C18: GPIO | D18: GPIO | E18: 0 | F18: 1 | G18: =E18*F18 -> 0 | H18: 0 | I18: =IF(H18>0,G18*8/H18,0) -> 0 | J18: One heartbeat output per second.
A19: EPS | B19: BQ25756E charge controller | C19: I2C | D19: I2C2 | E19: 4 | F19: 0.016666667 | G19: =E19*F19 -> 0.066666667 | H19: 400000 | I19: =IF(H19>0,G19*8/H19,0) -> 1.3333333e-06 | J19: Charge-status and fault read; shares I2C2.
A20: Comm | B20: RS-485 / EnduroSat S-band | C20: UART | D20: UART5 | E20: 0 | F20: 0 | G20: =E20*F20 -> 0 | H20: 230400 | I20: =IF(H20>0,G20*8/H20,0) -> 0 | J20: During Downlink; replace with configured modem traffic.
A21: ADCS | B21: BD6222 H-bridge driver | C21: PWM | D21: PWMx | E21: 0 | F21: 5 | G21: =E21*F21 -> 0 | H21: 0 | I21: =IF(H21>0,G21*8/H21,0) -> 0 | J21: Actuator control signal, not serial-bus traffic.
A22: ADCS | B22: A3909 motor drivers x4 | C22: PWM | D22: PWMx | E22: 0 | F22: 5 | G22: =E22*F22 -> 0 | H22: 0 | I22: =IF(H22>0,G22*8/H22,0) -> 0 | J22: Actuator control signal, not serial-bus traffic.
A23: CDH | B23: VN100 IMU/AHRS | C23: UART | D23: UART4 | E23: 40 | F23: 5 | G23: =E23*F23 -> 200 | H23: 115200 | I23: =IF(H23>0,G23*8/H23,0) -> 0.013888889 | J23: Attitude/rate output with header and CRC at 5 Hz.
A24: Bus utilization = throughput (bytes/s) × 8 ÷ bus rate (bits/s). Values are average traffic.
A26: Processor Utilization Budget
A27: Task | B27: Trigger / rate | C27: Estimated cycles per run | D27: Runs/s | E27: Clock consumed (Hz) | F27: Time per run (ms) | G27: Clock utilization | J27: Notes
A28: CPU clock speed | C28: 1000000000 | D28: Hz
A29: VN100 IMU read and parse | B29: 5 Hz | C29: 3000 | D29: 5 | E29: =C29*D29 -> 15000 | F29: =C29/$C$28*1000 -> 0.003 | G29: =E29/$C$28 -> 1.5e-05 | J29: Read and parse the UART attitude/rate packet.
A30: Sun-sensor ADC read | B30: 5 Hz | C30: 2000 | D30: 5 | E30: =C30*D30 -> 10000 | F30: =C30/$C$28*1000 -> 0.002 | G30: =E30/$C$28 -> 1e-05 | J30: Read six ADC channels and form the sun vector.
A31: Thermocouple read | B31: 0.1 Hz | C31: 3000 | D31: 0.1 | E31: =C31*D31 -> 300 | F31: =C31/$C$28*1000 -> 0.003 | G31: =E31/$C$28 -> 3e-07 | J31: Read eight thermocouple channels.
A32: ADCS control-law computation | B32: 5 Hz | C32: 5000 | D32: 5 | E32: =C32*D32 -> 25000 | F32: =C32/$C$28*1000 -> 0.005 | G32: =E32/$C$28 -> 2.5e-05 | J32: Compute attitude control and actuator command.
A33: ADCS actuator command | B33: 5 Hz | C33: 3000 | D33: 5 | E33: =C33*D33 -> 15000 | F33: =C33/$C$28*1000 -> 0.003 | G33: =E33/$C$28 -> 1.5e-05 | J33: Update PWM actuator outputs.
A34: Thermal control decision | B34: 0.1 Hz | C34: 2000 | D34: 0.1 | E34: =C34*D34 -> 200 | F34: =C34/$C$28*1000 -> 0.002 | G34: =E34/$C$28 -> 2e-07 | J34: Evaluate thermal limits and heater command.
A35: EPS current-monitor read | B35: 20-second cadence | C35: 3000 | D35: 0.05 | E35: =C35*D35 -> 150 | F35: =C35/$C$28*1000 -> 0.003 | G35: =E35/$C$28 -> 1.5e-07 | J35: Read INA3221 current data.
A36: EPS charge-controller read and command | B36: 20-second cadence | C36: 5000 | D36: 0.05 | E36: =C36*D36 -> 250 | F36: =C36/$C$28*1000 -> 0.005 | G36: =E36/$C$28 -> 2.5e-07 | J36: Read status and update charge control.
A37: EPS fault-signal handling | B37: Event-driven | C37: 3000 | D37: 0.01 | E37: =C37*D37 -> 30 | F37: =C37/$C$28*1000 -> 0.003 | G37: =E37/$C$28 -> 3e-08 | J37: Handle rare GPIO fault interrupts.
A38: EPS watchdog heartbeat | B38: 1 Hz | C38: 1000 | D38: 1 | E38: =C38*D38 -> 1000 | F38: =C38/$C$28*1000 -> 0.001 | G38: =E38/$C$28 -> 1e-06 | J38: Update watchdog heartbeat output.
A39: GNSS read and parse | B39: Once per 18 seconds | C39: 8000 | D39: 0.055555556 | E39: =C39*D39 -> 444.44444 | F39: =C39/$C$28*1000 -> 0.008 | G39: =E39/$C$28 -> 4.4444444e-07 | J39: Read and parse NAV-PVT data.
A40: Star-tracker read and parse | B40: Once per 18 seconds | C40: 10000 | D40: 0.055555556 | E40: =C40*D40 -> 555.55556 | F40: =C40/$C$28*1000 -> 0.01 | G40: =E40/$C$28 -> 5.5555556e-07 | J40: Read and parse attitude data.
... A52: LOST software | B52: TBR | C52: 100000000 | D52: 1 | E52: =C52*D52 -> 100000000 | F52: =C52/$C$28*1000 -> 100 | G52: =E52/$C$28 -> 0.1 | J52: Planning allocation from the LOST reference; validate by test.
A54: Subtotal: known hardware and software load | E54: =SUM(E29:E52) -> 1.500792e+08 | G54: =SUM(G29:G52) -> 0.1500792
A55: Unallocated headroom for flight software and FOUND | E55: =$C$28-E54 -> 8.499208e+08 | G55: =1-G54 -> 0.8499208 | J55: Not a validated allocation; replace with measured execution profiles.
A56: Cycle counts are planning estimates for the 1 GHz AM3358 core on the BeagleBone Black and require measurement on the flight software image. The table represents average load; test peak execution, I/O stalls, and deadline behavior separately. Remaining headroom will need to be validated, namely the flight computer software algorithms (ex: ADCS pointing), FOUND, and ensuring LOST meets the compute desiginated to it.

Sheet Position Error Budget
B2: Position Knowledge Error Budget | L2: COMBINATION CHECK
B3: Error Source | C3: Error Type | D3: Current Error (arcseconds) | E3: Current Error Value (°) | F3: Current Error Value (m) | G3: Current Timing Error (milliseconds) | H3: Max Error (°) | I3: Max Error (m) | J3: Max Timing Error (milliseconds) | L3: Baseline method | M3: Bounded bias + RSS independent 3σ terms
B4: FOUND Camera/Optics and Attitude Measure Alignment | C4: Angle | D4: =E4*$C$18 -> 3.5986881 | E4: =DEGREES(ATAN(F4/($C$14*$C$19))) -> 0.00099963558 | F4: 120 | G4: --- | H4: =DEGREES(ATAN(I4/($C$14*$C$19))) -> 0.0012495445 | I4: 150 | J4: --- | L4: Predicted total (m) | M4: 291.59623
B5: Attitude Knowledge | C5: Angle | D5: 5 | E5: =D5/$C$18 -> 0.0013888889 | F5: =RADIANS(E5)*$C$14*$C$19 -> 166.72742 | G5: --- | H5: =DEGREES(ATAN(I5/($C$14*$C$19))) -> 0.0014994534 | I5: 180 | J5: --- | L5: Objective margin (m) | M5: 8.4037688
B6: Timing with Attitude Measurement | C6: Angle | D6: =E6*$C$18 -> 0.9 | E6: =$C$15*G6/$C$19 -> 0.00025 | F6: =RADIANS(E6)*$C$14*$C$19 -> 30.010936 | G6: 0.5 | H6: =DEGREES(ATAN(I6/($C$14*$C$19))) -> 0.00033321186 | I6: 40 | J6: =H6/$C$15*$C$19 -> 0.66642372 | L6: Compliance status | M6: MEETS threshold and objective
B7: Position Truth Measure Knowledge | C7: Position | D7: =E7*$C$18 -> 0.44983601 | E7: =DEGREES(ATAN(F7/($C$14*$C$19))) -> 0.00012495445 | F7: 15 | G7: --- | H7: =DEGREES(ATAN(I7/($C$14*$C$19))) -> 0.00020825741 | I7: 25 | J7: ---
B8: Timing with Position Truth Measure | C8: Position | D8: =E8*$C$18 -> 0.68489188 | E8: =DEGREES(ATAN(F8/($C$14*$C$19))) -> 0.00019024775 | F8: =$C$16*G8/$C$19 -> 22.838052 | G8: 3 | H8: =DEGREES(ATAN(I8/($C$14*$C$19))) -> 0.0002499089 | I8: 30 | J8: =I8/$C$16*$C$19 -> 3.9407915
B9: FOUND intrinsic algorithm allocation | C9: Position | D9: =E9*$C$18 -> 419.84637 | E9: =DEGREES(ATAN(F9/($C$14*1000))) -> 0.11662399 | F9: =I9 -> 14000 | G9: --- | H9: =DEGREES(ATAN(I9/($C$14*1000))) -> 0.11662399 | I9: 14000 | J9: ---
B10: Performance / allocation margin | D10: =E10*$C$18 -> 21.244272 | E10: =H11-E11 -> 0.0059011867 | F10: =I11-F11 -> 708.40377 | G10: --- | H10: =H11-SUM(H4:H9) -> 0.0047898835 | I10: =I11-SUM(I4:I9) -> 575 | J10: ---
B11: TOTALS* | D11: =E11*$C$18 -> 428.59103 | E11: =DEGREES(ATAN(F11/($C$14*1000))) -> 0.11905306 | F11: =F4+F9+SQRT(F5^2+F6^2+F7^2+F8^2) -> 14291.596 | G11: =SQRT(G6^2+G8^2) -> 3.0413813 | H11: =DEGREES(ATAN(I11/($C$14*1000))) -> 0.12495425 | I11: 15000 | J11: =J6+J8 -> 4.6072152
B12: See the pointing and payload budget justification for assumptions and verification methods, and for viewing the breakdown for each state machine mode.
B13: Altitude | C13: 500 | D13: km
B14: Range | C14: =C13+6378 -> 6878 | D14: km
B15: Angular Velocity during Attitude Measure | C15: 0.5 | D15: deg/s
B16: Translational Velocity at Orbit Altitude | C16: =SQRT(398600441800000/(C14*C19)) -> 7612.684 | D16: m/s
B17: CONVERSIONS
B18: Arcsec to Degree Conversion | C18: 3600
B19: m to km | C19: 1000
B20: * CDR baseline: 500 m threshold and 300 m objective at 3σ. Camera/optics and timing values are controlled engineering estimates with defined analysis and test verification methods.

Sheet Pointing Budget
A1: POINTING BUDGET | H1: INPUTS
A2: Error Source | B2: Error Type | C2: Error Value (m) | D2: Error Value (arcsec) | E2: Current Analysis Error (°) | F2: MAX Allowed Error (°) | H2: Range | I2: 500 | J2: km
A3: GNSS Position Error | B3: Position | C3: =$I$3 -> 15 | D3: =E3*$I$5 -> 6.1879442 | E3: =DEGREES(ATAN(C3/($I$2*$I$6))) -> 0.0017188734 | F3: 0.05 | H3: Range Knowledge Error | I3: 15 | J3: m
A4: ADCS Sensor Alignment Knowledge | B4: Angle | C4: =TAN(RADIANS(E4))*$I$2*$I$6 -> 2181.6754 | D4: =E4*$I$5 -> 900 | E4: 0.25 | F4: 0.5 | H4: CONVERSIONS
A5: Attitude Truth Measure Alignment Knowledge | B5: Angle | C5: =TAN(RADIANS(E5))*$I$2*$I$6 -> 436.33242 | D5: =E5*$I$5 -> 180 | E5: 0.05 | F5: 0.1 | H5: Arcsec to Degree Conversion | I5: 3600
A6: ADCS Actuator Alignment Knowledge | B6: Angle | C6: =TAN(RADIANS(E6))*$I$2*$I$6 -> 872.66551 | D6: =E6*$I$5 -> 360 | E6: 0.1 | F6: 0.25 | H6: m to km | I6: 1000
A7: Thermal Flexing | B7: Angle | C7: =TAN(RADIANS(E7))*$I$2*$I$6 -> 1308.9999 | D7: =E7*$I$5 -> 540 | E7: 0.15 | F7: 0.25
A8: Attitude Knowledge | B8: Angle | C8: =TAN(RADIANS(E8))*$I$2*$I$6 -> 24.242623 | D8: =E8*$I$5 -> 10.0008 | E8: 0.002778 | F8: 0.1 | H8: COMBINATION CHECK
A9: Actuator Control Ability | B9: Angle | C9: =TAN(RADIANS(E9))*$I$2*$I$6 -> 43744.332 | D9: =E9*$I$5 -> 18000 | E9: 5 | F9: 6.25 | H9: Baseline method | I9: Bounded bias + RSS independent residuals
H10: Predicted total (°) | I10: =E12 -> 5.5517196
A11: Performance margin / allocation reserve | C11: =TAN(RADIANS(E11))*I2*I6 -> 21378.29 | D11: =E11*I5 -> 8813.8093 | E11: =F12-E12 -> 2.4482804 | F11: =F12-SUM(F3:F9) -> 0.5 | H11: Compliance status | I11: ="Budget: "&TEXT(E12,"0.0000")&" deg <= "&TEXT(F12,"0.0")&" deg" -> Budget: 5.5517 deg <= 8.0 deg
A12: TOTALS* | C12: =TAN(RADIANS(E12))*I2*I6 -> 48600.087 | D12: =E12*I5 -> 19986.191 | E12: =SUM(E3:E7)+SQRT(E8^2+E9^2) -> 5.5517196 | F12: 8
A13: See the pointing and payload budget justification for assumptions and verification methods, and for viewing the breakdown for each state machine mode. | H13: MAGNETIC CONTROL
A14: * Acquisition limit: 80% of the conservative 20 deg LOST full FOV gives an 8 deg usable half-field. | H14: Momentum storage | I14: N/A | J14: magnetorquer-only
A15: FOV-BASED POINTING REQUIREMENT | H15: Detumble start | I15: 10 | J15: deg/s
A16: Payload | B16: Full FOV (°) | C16: Half FOV (°) | D16: Usable Fraction | E16: Usable Half-FOV (°) | F16: Result | H16: Detumble target | I16: 0.5 | J16: deg/s
A17: LOST | B17: 20 | C17: =B17/2 -> 10 | D17: 0.8 | E17: =C17*D17 -> 8 | F17: Limiting payload | H17: Predicted time | I17: 110 | J17: min
A18: FOUND | B18: 76 | C18: =B18/2 -> 38 | D18: 0.8 | E18: =C18*D18 -> 30.4 | F18: Non-governing | H18: ADCS-1 limit | I18: 1440 | J18: min
A19: Acquisition pointing requirement | E19: =E17 -> 8 | F19: deg | H19: Time margin | I19: =1440-I17 -> 1330 | J19: min
H20: CDR basis | I20: 110-min estimate | J20: worst-case detumble
A23: POINTING REQUIREMENTS BY MODE
A24: Mode or check | B24: Requirement or gate | C24: Budget result | D24: Verification basis | E24: Source
A25: Safe / detumble | B25: 10 to <= 0.5 deg/s within 24 h | C25: =TEXT($I$17,"0")&" min; "&TEXT($I$19,"#,##0")&" min margin" -> 110 min; 1,330 min margin | D25: Worst-case magnetic dynamics and HIL | E25: ADCS-1
A26: Science acquisition | B26: ="<= "&TEXT($E$19,"0.0")&" deg" -> <= 8.0 deg | C26: =TEXT($E$12,"0.0000")&" deg; "&TEXT($E$11,"0.0000")&" deg margin" -> 5.5517 deg; 2.4483 deg margin | D26: Bounded bias plus RSS budget | E26: PAY-2 / ADCS-3
A27: Science imaging | B27: < 0.5 deg/s | C27: =TEXT($B$41,"0.00")&" deg/s design gate" -> 0.45 deg/s design gate | D27: Camera command inhibited above gate | E27: ADCS-2
A28: Camera-on Sun keepout | B28: >= 55 deg actual separation | C28: ="61 deg command gate gives >= "&TEXT(61-$E$12,"0.000")&" deg" -> 61 deg command gate gives >= 55.448 deg | D28: Command gate minus 5.5517 deg bound | E28: ADCS-4
A29: Slew and settling | B29: No fixed CONOPS duration | C29: State-gated before image capture | D29: Rate and Sun gates define readiness | E29: CONOPS / UNP 8.2.2.4
A30: Standby / Charge | B30: Power-positive attitude | C30: No precision pointing requirement | D30: EPS-7 energy balance governs | E30: CONOPS / EPS-7
A31: Standby / Downlink | B31: <= 10 deg antenna boresight error | C31: =TEXT($E$12,"0.0000")&" deg; "&TEXT(10-$E$12,"0.0000")&" deg margin" -> 5.5517 deg; 4.4483 deg margin | D31: Pointing budget at contact attitude | E31: CONOPS / COM
A32: Camera FOV basis | B32: LOST 20 deg controls acquisition | C32: ="FOUND "&TEXT($B$37,"0")&" deg used for blur" -> FOUND 76 deg used for blur | D32: Conservative limiting-axis values | E32: PAY-2 / PAY-17
A34: FOUND HORIZON BLUR CHECK
A35: Input or result | B35: Value | C35: Unit | D35: Role or limit | E35: Basis
A36: Blur limit | B36: 2 | C36: pixels/exposure | D36: <= 2 | E36: PAY-17
A37: FOV across smear direction | B37: 76 | C37: deg | D37: Conservative limiting axis | E37: FOUND analysis configuration
A38: Active pixels across same direction | B38: 1280 | C38: pixels | D38: CDR analysis configuration | E38: xiQ-S7 1280-pixel axis
A39: Average IFOV | B39: =B37/B38 -> 0.059375 | C39: deg/pixel | D39: Calculation | E39: FOV / active pixels
A40: Configured exposure time | B40: 0.001 | C40: s | D40: Commanded design point | E40: xiAPI default exposure
A41: Settled spacecraft rate bound | B41: 0.45 | C41: deg/s | D41: Design allocation | E41: ADCS-2 camera gate
A42: Orbital apparent-rate bound | B42: 0.0634 | C42: deg/s | D42: 500 km geometric bound | E42: Orbital motion
A43: Settled LOS acceleration bound | B43: 1 | C43: deg/s^2 | D43: Design allocation | E43: ADCS control allocation
A44: Predicted blur | B44: =((ABS(B41)+ABS(B42))*B40+0.5*ABS(B43)*B40^2)/B39 -> 0.0086551579 | C44: pixels/exposure | D44: <= 2 | E44: Analytical image-motion bound
A45: Maximum exposure | B45: =IF(ABS(B43)>0,(-(ABS(B41)+ABS(B42))+SQRT((ABS(B41)+ABS(B42))^2+2*ABS(B43)*B36*B39))/ABS(B43),B36*B39/(ABS(B41)+ABS(B42))) -> 0.19446973 | C45: s | D45: >= configured exposure | E45: Analytical image-motion limit
A46: Blur margin | B46: =B36-B44 -> 1.9913448 | C46: pixels | D46: >= 0 | E46: Blur limit minus prediction

Sheet Link Budget, Simplified
A1: LINK BUDGET | F1: LINK BUDGET | I1: Key | K1: Reference
A2: Parameter | B2: Value | C2: Unit | D2: Comment/Reference | F2: DOWNLINK | I2: Derived value | K2: https://s.campbellsci.com/documents/us/technical-papers/link-budget.pdf
A3: Orbit Information | F3: From | G3: Spacecraft | I3: Value to Enter
A4: Elevation Angle | B4: 10 | C4: ° | D4: Degree from horizon, 10° comes from a UNP requirement | F4: To | G4: Earth
A5: Radius of Earth | B5: ='Orbit Info'!G4 -> 6378 | C5: km
A6: Altitude of Satellite | B6: ='Orbit Info'!G3 -> 500 | C6: km | F6: Notes: The purpose of this budget is to see if the downlink over margin closes with the selected communication architecture. For ShipSat, an S-band radio was used and it was determined that closed. Adjust the parameters to fit your mission.
A7: a = 1 | B7: 1 | D7: Solving law of cosines for the "range", see Orbit Info diagram, assuming elevation angle is variable -> rSat^2 = range^2 + rE^2 - 2*range*rE*cos(pi/2+El). Rearranged is: (1) range^2 - (2*rE*cos(pi/2+El)) range + (rE^2 - rSat^2) = 0. Requires quadratic equation to solve, done in the "Distance" cell
A8: b = - (2*rE*cos(pi/2+El)) | B8: =-2*B5*COS(PI()/2+B4*PI()/180) -> 2215.0562
A9: c = (rE^2 - rSat^2) | B9: =B5^2-(B5+B6)^2 -> -6628000
A10: Distance | B10: =(-B8+SQRT(B8^2-4*B7*B9))/(2*B7) -> 1695.0811 | C10: km
A11: Speed of Light | B11: 299792458 | C11: m/s
A12: Boltzmann Constant | B12: 1.380649e-23 | C12: J/K
B13: =10*LOG10(B12) -> -228.59917 | C13: dB (W/K/Hz) | D13: (For thermal noise)
A14: Transmitter Information
A15: Frequency | B15: 2.25 | C15: GHz | D15: X-band
A16: Utilized Bandwidth | B16: 0.0125 | C16: MHz | D16: May be radio limited but is also limited by frequency license policy. Generally UHF max allocation ≤ 100kHz, S-band max allocation ≤ 5 MHz
A17: Wavelength | B17: =B11/(B15*10^9) -> 0.13324109 | C17: m | D17: Typically express in nm, but use m for calculations only
A18: Bit rate | B18: ='Data DownlinkStorage Budget'!M55/1000000 -> 0 | C18: Mbps | D18: Using value inputted into the Data Budget. This is modulation dependent but: UHF is usually 9600bps or 19.2kbps. S-band is usually < 1Mbps. X-band is usually < 100Mbps.
A19: Transmit Power | B19: 2 | C19: W
A20: Transmit Power | B20: =10*LOG10(B19*1000) -> 33.0103 | C20: dBm
A21: Transmit antenna gain | B21: 3 | C21: dBi | D21: datasheet
A22: Transmit system losses | B22: -4 | C22: dB | D22: Circuit loss -1 dB, Return Loss -3 dB
A23: EIRP | B23: =SUM(B20:B22) -> 32.0103 | C23: dBm
A24: Path loss | B24: =-10*LOG10((4*PI()*B10*10^3*B15*10^9/B11)^2) -> -164.07524 | C24: dB | D24: 10*log_10((4*pi*distance*frequency/speed of light)^2)
A25: Receiver Information
A26: Receive antenna diameter | B26: 3.7 | C26: m
A27: Antenna Efficiency | B27: 54.9 | C27: %
A28: Receive antenna gain | B28: =10*LOG10((B27/100)*4*(PI()*(B26/2)/B17)^2) -> 36.209992 | C28: dBi | D28: If UHF, input from datsheet directly
A29: Noise Temperature | B29: 158.5 | C29: K
A30: Receive system noise figure | B30: =10*LOG10(B12*B29*1000) -> -176.59887 | C30: dBm/Hz | D30: System noise density = k*T but that is dB. System noise power = k*T*Bw or dB-Hz
A31: Receiver system losses | B31: -4 | C31: dB | D31: Antenna pointing loss -1 dB, Radome Loss 0 dB, Polarization Loss -2 dB, Circuit Loss -1 dB, Atmospheric -1 db
A32: Total Received Power | B32: =SUM(B23,B28,B24,B31) -> -99.854952 | C32: dBm
A33: Cross polarization loss | B33: 0 | C33: dB | D33: If ground antenna vs. flight antennas have same-hand circular or linear (0dB), linear to circular (-3dB) or LHCP to RHCP is often about -20dB or -30dB loss
A34: Link Margin Computation
A35: Received Eb/N0 | B35: =B32-B30+B33-10*LOG10(B18*10^6) -> #NUM! | C35: dB | D35: Eb/N0 = SNR - 10*log_10(Bit Rate / Bandwidth)
A36: Required Eb/N0 | B36: 3 | C36: dB | D36: Based upon various modulation schemes for a desired bit error rate. Search various modulations for their performance curves (e.g. https://en.wikipedia.org/wiki/Bit_error_rate) e.g. BPSK for 1e-6 BER is about 11dB
A37: Link margin | B37: =B35-B36 -> #NUM! | C37: dB | D37: If green, link closes. If red, something needs to be tweaked
A38: Required link margin | B38: 6 | C38: dB | D38: UNP Requirement

Sheet Link Budget, Downlink
A1: LINK BUDGET | F1: LINK BUDGET | I1: Key | K1: Reference
A2: Parameter | B2: Value | C2: Unit | D2: Comment/Reference | F2: DOWNLINK | I2: Derived value | K2: https://s.campbellsci.com/documents/us/technical-papers/link-budget.pdf
A3: Orbit Information & Constants | F3: From | G3: Spacecraft | I3: Value to Enter
A4: Elevation Angle | B4: 10 | C4: deg | D4: Degree from horizon, 10° comes from a UNP requirement | F4: To | G4: Earth | I4: From Datasheet
A5: Radius of Earth | B5: ='Orbit Info'!G4 -> 6378 | C5: km
A6: Altitude of Satellite | B6: ='Orbit Info'!G3 -> 500 | C6: km | D6: From "Orbit Info" sheet | F6: Notes: This downlink and the uplink analyses contain more information that the simplified budget on the previous tab. The purpose of this budget is to see if the link closes (exceeds margin) with the selected communication architecture. Values that are bolded are likely ones you can find from datasheets.
A7: Altitude of Ground Station | B7: 0.143 | C7: km | D7: From Leaf Space Antenna Datasheet: Talkeetna, Alaska (picked closest station)
A8: Latitude of Ground Station | B8: 62.3199 | C8: deg | D8: From Leaf Space Antenna Datasheet: Talkeetna, Alaska (picked closest station)
A9: Speed of Light | B9: 299792458 | C9: m/s
A10: Boltzman Constant | B10: 1.380649e-23 | C10: J/K
B11: =10*LOG10(B10) -> -228.59917 | C11: dB (W/m/K) | D11: (For thermal noise)
A12: Transmitter Information - Spacecraft
A13: Transmitter power | B13: 0.398 | C13: watts | D13: According to Endurosat S-Band Transceiver ICD section 4.2 titled "RF Performance": RF output power (dbm): 26 - 33 -------> (W) 0.398 - 1.998 W Assuming minimum output from above range
A14: VSWR | B14: 1.43 | D14: Virtual Standing Wave Ratio: Use either VSWR, or simply input the Return Loss, depending upon the value available From Endurosat: - Return loss at 2.2 GHz: -15 dB - this is the figure to use for your link budget. - VSWR at 2.2 GHz: 1.43 (corresponding to the return loss above)
A15: Return Loss (value < 0 dB) | B15: =IF(B14=1, -1000000000000, 10*LOG10( ((B14-1)/(B14+1))^2 ) ) -> -15.042756 | C15: dB | D15: Portion of signal reflected back to the transmitter. Caused by impedance mismatches within the cables and cable connections. The more negative the less loss, the better. -9.542 dB is a VSWR of 2:1, considered ok but not ideal tuning, which is 1:1 = 10log_10( [(VSWR-1)/(VSWR+1)] ^2). A 1:1 ratio is perfect, return loss is " infinite" meaning no loss and perfect transmission occurs From Endurosat: "- Return loss at 2.2 GHz: -15 dB - this is the figure to use for your link budget. - VSWR at 2.2 GHz: 1.43 (corresponding to the return loss above)"
A16: Return Loss Power | B16: =10^(B15/10)*B13 -> 0.012462565 | C16: watts | D16: https://en.wikipedia.org/wiki/Return_loss
A17: Transmitter power - w/ return loss | B17: =10*LOG10(B13-B16) -> -4.1393345 | C17: dBW
B18: =B17+10*LOG10(1000) -> 25.860666 | C18: dBm | D18: dBm (milliwatt) = dBW (watt) + 30dB: there are 1000mW = 1W -> 10*log10(1000) = 30
A19: Frequency | B19: 2.2 | C19: GHz | D19: Value from Endurosat S-Band Patch Antenna Hardware ICD Section 2: 2025 - 2290 MHz Value from Endurosat S-Band Transceiver ICD Section 1: Tx: 2200 MHz to 2290 MHz, Rx:2025 MHz to 2110 MHz
A20: Wavelength | B20: =B9/(B19*1000000000) -> 0.1362693 | C20: m | D20: wavelength = c/frequency
A21: Utilized Bandwidth | B21: 1 | C21: MHz | D21: May be radio limited but is also limited by frequency license policy. Generally UHF max allocation ≤ 100kHz, S-band max allocation ≤ 5 MHz. Assuming 1 MHz for now.
A22: Transmit antenna gain | B22: 5 | C22: dBi | D22: From Endurosat S-Band Wideband Patch Antenna ICD
A23: Transmit antenna beamwidth at -3dB | B23: 70 | C23: deg | D23: Used for tracking, not in link budget calculations. 3dB point is the "half power" beamwidth. According to Endurosat S-Band Patch Antenna ICD (SANTV6 Wideband Antenna)
A24: Pointing Error | B24: 8 | C24: deg | D24: Angular difference between a satellite's actual orientation or antenna beam direction and its intended target direction. For S-Band, this should be <= 10 (Taken from Pointing budget)
A25: Antenna pointing loss - flight | B25: =-12 * ((B24/B23)^2) -> -0.15673469 | C25: dB | D25: Link Budget Design paper: https://www.valispace.com/wp-content/uploads/2018/12/Link-Budget-Design.pdf Formula for pointing loss = 12 * ((pointing error / HPBW) ^ 2) From Endurosat: "For antenna pointing loss, the usual first-pass approach is 12 × (pointing error / HPBW)²" Pointing Error (from Simulations + Pointing Budget): 9.0 degrees HPBW: 70 degrees
A26: Circuit Loss | B26: -1 | C26: dB | D26: Early design rule of thumb about -1dB
A27: EIRP | B27: =SUM(B17,B22,B25,B26) -> -0.29606916 | C27: dBW
A28: EIRP - dBm | B28: =B27+10*LOG10(1000) -> 29.703931 | C28: dBm | D28: dBm = dBW + 30dB
A29: a | B29: 1 | D29: Solving law of cosines for range assuming elevation angle is variable -> rSat^2 = range^2 + rE^2 - 2*range*rE*cos(pi/2+El). Rearranged is: (1) range^2 - (2*rE*cos(pi/2+El)) range + (rE^2 - rSat^2) = 0 Requires quadratic equation to solve
A30: b | B30: =-2*B5*COS(PI()/2+B4*PI()/180) -> 2215.0562
A31: c | B31: =B5^2-(B5+B6)^2 -> -6628000
A32: Range | B32: =(-B30+SQRT(B30^2-4*B29*B31))/(2*B29) -> 1695.0811 | C32: km | D32: Manually enter or assumes range from elevation angle. Only requires the positive of the root of quadratic eqn (see B26-B30)
A33: Free space loss | B33: =-10*LOG10((4*PI()*B32*10^3*B19*10^9/B9)^2) -> -163.88005 | C33: dB | D33: 10*log_10((4*pi*distance*frequency/speed of light)^2)
A34: Atmospheric attenuation | B34: -1 | C34: dB | D34: Using -1dB is generally conservative. ITU-R P.676-3 has significant complexity in computations. Recompute below values if going above S-band frequencies
A35: K - ITU-R value | B35: 0.000146 | D35: Endurosat S-Band Antenna Hardware ICD Table 2.1: Wideband antenna Polarization: RHCP Circular Polarization values: https://www.etsi.org/deliver/etsi_tr/102000_102099/10203101/01.01.01_60/tr_10203101v010101p.pdf (use 2 GHz values) K + α formulas: https://www.itu.int/dms_pubrec/itu-r/rec/p/r-rec-p.838-3-200503-i!!pdf-e.pdf (page 3) K formula: k = [kH + kV + (kH − kV)·cos²θ·cos(2τ)] / 2 (theta = elevation angle, t = 45 for circular polarization)
A36: alpha - ITU-R value | B36: 0.9441 | D36: Endurosat S-Band Antenna Hardware ICD Table 2.1: Wideband antenna Polarization: RHCP Circular Polarization values: https://www.etsi.org/deliver/etsi_tr/102000_102099/10203101/01.01.01_60/tr_10203101v010101p.pdf (use 2 GHz values) K + α formulas: https://www.itu.int/dms_pubrec/itu-r/rec/p/r-rec-p.838-3-200503-i!!pdf-e.pdf (page 3) α formula: α = [kH·αH + kV·αV + (kH·αH − kV·αV)·cos²θ·cos(2τ)] / (2k) (theta = elevation angle, t = 45 for circular polarization)
A37: Rainfall rate for 99.9% weather | B37: 35 | C37: mm/hr | D37: Seems like most regions of interest never exceed "Zone N" for 35. Value is conservative
A38: Gamma_R | B38: =B35*B37^B36 -> 0.0041889724 | C38: dB/km | D38: gamma_R = K * R^alpha
A39: h_Rain (atm. Rain altitude) | B39: =5+0.1*(71+B8) -> 18.33199 | C39: km | D39: Athens is used for "best case" given ITU-R recommendation @ latitude. The max is in the southern hemisphere, used in worst case @ 71deg S
A40: Distance through atmosphere | B40: =(B39-B7)/SIN(B4*PI()/180) -> 104.74622 | C40: km | D40: (h_Rain - h_antenna)/sin(El). Bestcase using El. mask slant angle, worst case using 1 deg over horizon
A41: Rain attenuation (99.9%) | B41: =-ABS(B38*B40) -> -0.43877902 | C41: dB | D41: ITU-R method P.839 (see B34-B39). This is the 99.9% estimate for atmospheric attenuation at, or below, ~S-band. Further, estimates should be made given higher bands
A42: Receiver Information - Ground
A43: Receive antenna diameter | B43: 3.7 | C43: meters | D43: Leaf Space Datasheet: GAIA100 diameter = 3.7 m
A44: Antenna Efficiency | B44: 39.5 | C44: % | D44: Antenna efficiency
A45: Receive antenna gain | B45: =10*LOG((B44/100)*(PI()*B43/B20)^2) -> 34.585042 | C45: dBi | D45: 10*log_10(antenna efficiency* (PI()*dish diameter/wavelength)^2) Leaf Space datasheet GAIA100 (3.7m) Max Isotripic Gain (Downlink): 34.6 dBi
A46: Receive antenna beamwidth at -3dB | B46: =21/(B19*B43) -> 2.5798526 | C46: deg | D46: Used for tracking, not in link budget calculations. Circular antenna, freq in GHz at 3dB down from peak gain. 3dB point is the "half power" beamwidth
A47: Antenna pointing loss - ground | B47: -1 | C47: dB | D47: At 0dB, this assumes no pointing error, and thus is optimistic. Here, -1dB is assumed that the ground antenna is accurately pointed to the spacecraft, likely within a tenth of a degree or so (given the gain and beamwidth computed)
A48: Radome Loss | B48: -3 | C48: dB | D48: Leaf Space Ground Stations use radomes for all their antennas; ~ -3 dB loss
A49: Circuit Loss | B49: -1 | C49: dB | D49: Early design rule of thumb about -1dB
A50: Received Power, Pt | B50: =B27+B33+B34+B45+B47+B49+B41+B48 -> -136.02985 | C50: dBW
A51: Received Power, Pt - dBm | B51: =B50+10*LOG10(1000) -> -106.02985 | C51: dBm | D51: dBm = dBW + 30dB
A52: Receiver Noise Figure | B52: 2.35 | C52: dB | D52: Generic estimate. May be notably different; use info from data sheet.
A53: Noise Temperature Sky | B53: 50 | C53: K | D53: Generic estimate for the sky. May be notably different based on frequency and other emitters e.g. sun; use info from data sheet.
A54: Noise Temperature System | B54: 140.92 | C54: K | D54: Leaf Space Receiving System Noise Temperature for GAIA100 (from datasheet): 140.92K Equivalent Noise Temp = T_NF = T_ref*10^((NF/10)-1), T_ref = 290K, a commonly used reference value. T_sys = T_NF + T_antenna
A55: Noise Temperature System dB K | B55: =10*LOG10(B54) -> 21.489726 | C55: dBK
A56: Link Margin Computation
A57: Receive G/T | B57: 12.93 | C57: dB/K | D57: Section 5.1 of GAIA100 Leaf Space Datasheet: 12.93 G/T K @ 10 degrees Some commercial ground systems have this measured and the value can be direct input here w/o inputting the other Receiver Information specs
A58: N0 | B58: =B55+B11 -> -207.10944 | C58: dBW/Hz | D58: Note: Receiver Noise Figure might need to be subtracted from this number if the general N0 does not account for it.
A59: N0 - dBm/Hz | B59: =B58+10*LOG10(1000) -> -177.10944 | C59: dBm/Hz | D59: dBm = dBW + 30dB
A60: Pt/N0 | B60: =B50-B58 -> 71.079588 | C60: dBHz
A61: Cross-Polarization Loss | B61: 0 | C61: dB | D61: If ground antenna vs. flight antennas have same-hand circular or linear (0dB), linear to circular (-3dB) or LHCP to RHCP is often about -20dB or -30dB loss. Both the Endurosat S-Band transceiver and the Leaf Space GAIA100 3.7m antenna(s) are RHCP, so no Cross-Polarization Loss here
A62: Bit Rate | B62: ='Data DownlinkStorage Budget'!N22/1000 -> 0.020776507 | C62: Mbps | D62: Using value inputted into the Data Budget. This is modulation dependent but: UHF is usually 9600bps or 19.2kbps. S-band is usually < 1Mbps. X-band is usually < 100Mbps. Endurosat has stated that the default for our transceiver models is 50kbps and with FEC + HDLC, this is halved to ~25 Kbps. This is FAR more than enough: On using FEC + HDLC: "Net/information rate: halved. The code is a rate-½ convolutional code, constraint length k=5, polynomials g0 = 25₈, g1 = 23₈, followed by zero-padding to a 16-bit multiple, every-other-bit XOR (the g0 branch is inverted), and a 4×4 interleaver." - Endurosat Support Team
A63: BIT RATE | B63: =10*LOG10(1000000)+10*LOG10(B62) -> 43.175725 | C63: dB | D63: Assumes data rate is Mbps, if different, change scale factor here
A64: Eb/N0 Available | B64: =B60-B63+B61 -> 27.903863 | C64: dB
A65: Eb/N0 Required | B65: 11 | C65: dB | D65: Based upon various modulation schemes for a desired bit error rate. Search various modulations for their performance curves (e.g. https://en.wikipedia.org/wiki/Bit_error_rate) We are using GFSK w/ FEC, assuming bit error rate of 1 * 10^-4, the performance curves give us 11 dB.
A66: Receive System Implementation Loss | B66: -1 | C66: dB | D66: For systems without Forward Error Corection, a 1-2dB is a reasonable conservative value. We are using FEC, but leaving a loss of -1 dB to cover any other missing loss we may miscalculated on
A67: LINK MARGIN | B67: =B64-B65+B66 -> 15.903863 | C67: dB | D67: If green, link closes. If red, something needs to be tweaked
A68: Required LINK MARGIN | B68: 6 | C68: dB | D68: UNP Requirement

Sheet Link Budget, Uplink
A1: LINK BUDGET | F1: LINK BUDGET | I1: Key | K1: Reference
A2: Parameter | B2: Value | C2: Unit | D2: Comment/Reference | F2: DOWNLINK | I2: Derived value | K2: https://s.campbellsci.com/documents/us/technical-papers/link-budget.pdf
A3: Orbit Information & Constants | F3: From | G3: Spacecraft | I3: Value to Enter
A4: Elevation Angle | B4: 10 | C4: deg | D4: Degree from horizon, 10° comes from a UNP requirement | F4: To | G4: Earth | I4: From Datasheet
A5: Radius of Earth | B5: ='Orbit Info'!G4 -> 6378 | C5: km
A6: Altitude of Satellite | B6: ='Orbit Info'!G3 -> 500 | C6: km
A7: Altitude of Ground Station | B7: 0.143 | C7: km | D7: From Leaf Space Antenna Datasheet: Talkeetna, Alaska (picked closest station)
A8: Latitude of Ground Station | B8: 62.3199 | C8: deg | D8: From Leaf Space Antenna Datasheet: Talkeetna, Alaska (picked closest station)
A9: Speed of Light | B9: 299792458
A10: Boltzman Constant | B10: 1.380649e-23 | C10: J/K
B11: =10*LOG10(B10) -> -228.59917 | C11: dB (W/m/K) | D11: (For thermal noise)
A12: Transmitter Information - Ground
A13: Transmitter power | B13: 31.6 | C13: watts | D13: Values are taken from Leaf Space Datasheet Section 5.1 MATH: EIRP (dBm or dBW) = Pt + Gt - Lt Where: Pt = Transmitter output power (in dBm or dBW for log form; watts for linear form) Gt = Transmitting antenna gain (in dBi for log form; linear gain for linear form) Lt = Losses between transmitter and antenna (cable, connector, etc., in dB) — only used in the log form Leaf Space Datasheet values: Pt = ??? Gt = 35.0 Lt = Assumed to be 0 dB (As it is likely accounted for inside of datasheet values) EIRP = 50.0 ----------------- Pt = EIRP - Gt + Lt ----> Pt = 15 dbW ------------------ dbW formula: dbW=10 * log10​(Pout/Pref​​) Rewrite for Pout: Pout​=Pref×(10^(dbW​/10)) Pref = 1 W dbW = Pt (from previous equations) Therefore, Pout = 10^(15 dbW / 10) = 31.6 W Max input peak power is 15 dbW = 31.6 W RF output power
A14: VSWR | B14: 1.5 | D14: Virtual Wave Standing Ratio: Use either VSWR, or simply input the Return Loss, depending upon the value available. Assuming a VSWR ratio of 1.5 : 1 to be conservative
A15: Return Loss (value < 0 dB) | B15: =IF(B14=1, -1000000000000, 10*LOG10( ((B14-1)/(B14+1))^2 ) ) -> -13.9794 | C15: dB | D15: Portion of signal reflected back to the transmitter. Caused by impedance mismatches within the cables and cable connections. The more negative the less loss, the better. -9.542 dB is a VSWR of 2:1, considered ok but not ideal tuning, which is 1:1 = 10log_10( [(VSWR-1)/(VSWR+1)] ^2). A 1:1 ratio is perfect, return loss is " infinite" meaning no loss and perfect transmission occurs
A16: Return Loss Power | B16: =10^(B15/10)*B13 -> 1.264 | C16: watts | D16: A measure in relative terms of the power of the signal reflected by a discontinuity in a transmission line or optical fiber https://en.wikipedia.org/wiki/Return_loss
A17: Transmitter power - w/ return loss | B17: =10*LOG10(B13-B16) -> 14.819583 | C17: dBW
A18: Frequency | B18: 2.025 | C18: GHz | D18: Operational frequency from Leaf Space Datasheet Section 5.1: 2025-2110 MHz
A19: Wavelength | B19: =B9/(B18*1000000000) -> 0.14804566 | C19: m | D19: wavelength = c/frequency
A20: Utilized Bandwidth | B20: 1 | C20: MHz | D20: May be radio limited but is also limited by frequency license policy. Generally UHF max allocation ≤ 100kHz, S-band max allocation ≤ 5 MHz
A21: Receive antenna diameter | B21: ='Link Budget, Downlink'!B43 -> 3.7 | C21: meters | D21: Assuming the same ground antenna as the Downlink budget
A22: Antenna Efficiency | B22: 48 | C22: % | D22: Antenna efficiency
A23: Transmit antenna gain | B23: =10*LOG((B22/100)*(PI()*B21/B19)^2) -> 34.711531 | C23: dBi | D23: 10*log_10(antenna efficiency* (PI()*dish diameter/wavelength)^2) Leaf Space datasheet GAIA100 (3.7m) Max Isotripic Gain (Uplink): 35.0 dBi
A24: Transmit antenna beamwidth at -3dB | B24: =21/(B18*B21) -> 2.8028028 | C24: deg | D24: Used for tracking, not in link budget calculations. Circular antenna, freq in GHz at 3dB down from peak gain. 3dB point is the "half power" beamwidth From Leaf Space Ground Station datasheet section 5.1
A25: Antenna pointing loss - ground | B25: -1 | C25: dB | D25: At 0dB, this assumes no pointing error, and thus is optimistic. Here, -1dB is assumed that the ground antenna is accurately pointed to the spacecraft, likely within a half of a degree or so (given the gain and beamwidth computed)
A26: Radome Loss | B26: -3 | C26: dB | D26: Leaf Space Ground Stations use radomes for all their antennas; Approximately -3 dB loss
A27: Circuit Loss | B27: -1 | C27: dB | D27: Early design rule of thumb about -1dB
A28: EIRP | B28: =SUM(B17,B23,B25, B26,B27) -> 44.531114 | C28: dBW
A29: EIRP - dBm | B29: =B28+10*LOG10(1000) -> 74.531114 | C29: dBm | D29: dBm = dBW + 30dB
A30: a | B30: 1 | D30: Solving law of cosines for range assuming elevation angle is variable -> rSat^2 = range^2 + rE^2 - 2*range*rE*cos(pi/2+El). Rearranged is: (1) range^2 - (2*rE*cos(pi/2+El)) range + (rE^2 - rSat^2) = 0 Requires quadratic equation to solve
A31: b | B31: =-2*B5*COS(PI()/2+B4*PI()/180) -> 2215.0562
A32: c | B32: =B5^2-(B5+B6)^2 -> -6628000
A33: Range | B33: =(-B31+SQRT(B31^2-4*B30*B32))/(2*B30) -> 1695.0811 | C33: km | D33: Manually enter or assumes range from elevation angle. Only requires the positive of the root of quadratic eqn (see B30-B32)
A34: Free space loss | B34: =-10*LOG10((4*PI()*B33*10^3*B18*10^9/B9)^2) -> -163.16009 | C34: dB | D34: 10log_10((4*pi*distance*frequency/speed of light)^2)
A35: Atmospheric attenuation | B35: -1 | C35: dB | D35: Need to confirm this value Using -1dB is generally conservative. ITU-R P.676-3 has significant complexity in computations. Recompute below values if going above S-band frequencies
A36: K - ITU-R value @ 1GHz | B36: 0.000146 | D36: Endurosat S-Band Antenna Hardware ICD Table 2.1: Wideband antenna Polarization: RHCP Circular Polarization values: https://www.etsi.org/deliver/etsi_tr/102000_102099/10203101/01.01.01_60/tr_10203101v010101p.pdf (use 2 GHz values) K + α formulas: https://www.itu.int/dms_pubrec/itu-r/rec/p/r-rec-p.838-3-200503-i!!pdf-e.pdf (page 3) K formula: k = [kH + kV + (kH − kV)·cos²θ·cos(2τ)] / 2 (theta = elevation angle, t = 45 for circular polarization)
A37: alpha - ITU-R value @ 1GHz | B37: 0.9441 | D37: Endurosat S-Band Antenna Hardware ICD Table 2.1: Wideband antenna Polarization: RHCP Circular Polarization values: https://www.etsi.org/deliver/etsi_tr/102000_102099/10203101/01.01.01_60/tr_10203101v010101p.pdf (use 2 GHz values) K + α formulas: https://www.itu.int/dms_pubrec/itu-r/rec/p/r-rec-p.838-3-200503-i!!pdf-e.pdf (page 3) α formula: α = [kH·αH + kV·αV + (kH·αH − kV·αV)·cos²θ·cos(2τ)] / (2k) (theta = elevation angle, t = 45 for circular polarization)
A38: Rainfall rate for 99.9% weather | B38: 35 | C38: mm/hr | D38: Seems like most regions of interest never exceed "Zone N" for 35. Value is conservative
A39: Gamma_R | B39: =B36*B38^B37 -> 0.0041889724 | C39: dB/km | D39: gamma_R = K * R^alpha
A40: h_Rain (atm. Rain altitude) | B40: =5+0.1*(71+B8) -> 18.33199 | C40: km | D40: Athens is used for "best case" given ITU-R recommendation @ latitude. The max is in the southern hemisphere, used in worst case @ 71deg S
A41: Distance through atmosphere | B41: =(B40-B7)/SIN(B4*PI()/180) -> 104.74622 | C41: km | D41: (h_Rain - h_antenna)/sin(El). Bestcase using El. mask slant angle, worst case using 1 deg over horizon
A42: Rain attenuation (99.9%) | B42: =-ABS(B39*B41) -> -0.43877902 | C42: dB | D42: ITU-R method P.839 (see B36-B41). This is the 99.9% estimate for atmospheric attenuation at, or below, ~S-band. Further, estimates should be made given higher bands
A43: Receiver Information - Spacecraft
A44: Receive antenna diameter | B44: n/a | C44: meters
A45: Receive antenna gain | B45: ='Link Budget, Downlink'!B22 -> 5 | C45: dBi | D45: Using the same as the transmit antenna, assuming it is the same duplex system
A46: Receive antenna beamwidth, -3dB | B46: ='Link Budget, Downlink'!B23 -> 70 | C46: deg | D46: Used for tracking, not in link budget calculations. 3dB is the "half power" beamwidth
A47: Antenna pointing loss - flight | B47: ='Link Budget, Downlink'!B25 -> -0.15673469 | C47: dB | D47: Value from downlink
A48: Circuit Loss | B48: -1 | C48: dB | D48: Early design rule of thumb about -1dB
A49: Received Power, Pt | B49: =B28+B34+B35+B42+B45+B47+B48 -> -116.22449 | C49: dBW
A50: Receiver Noise Figure | B50: 5.5 | C50: dB | D50: From Endurosat Team: "we have NF around 5.5dB, we measure sensitivity as part of automated tests. We can provide this level as more meaningful for the datalink calculations."
A51: Noise Temperature - Spacecraft Antenna | B51: 290 | C51: K | D51: From Endurosat Team: "On the Antenna Noise Temperature, that one isn't a fixed spec for the antenna itself. It depends on how much of the antenna's beam sees Earth versus cold space during your uplink pass, so it comes down to your mission's orbit and pointing geometry rather than our hardware. The 290 K currently in the sheet is the standard conservative assumption, so it's fine to keep as is unless you want to refine it with your own pointing data." Generic estimate for looking at Earth is 290 K. If the Earth takes up only a portion of the field of view, use a weighted between 290 K temp of earth with its percent of angular coverage of the antenna beam, vs the ~5 K temp of space (depending on frequency, could be much higher) with space’s angular coverage of the antenna beam. WAS: =B55*10^(B51/10)+290*(10^(B54/10)-10^(B51/10)) = T_antenna*10^(Lc/10)+T_ref*(10^(NF/10)-10^(Lc/10)), if T_antenna = T_ref, then this is just T_ref*10^(NF/10). Further, Pt already has Lc accounted for so this is likely double countd in the System Noise Temp
A53: Noise Temperature System | B53: =290*(10^(B50/10)-1)+B51 -> 1028.9588 | C53: K | D53: Equivalent Noise Temp = T_NF = T_ref*10^((NF/10)-1), T_ref = 290K, a commonly used reference value. T_sys = T_NF + T_antenna
A54: Noise Temperature System dB K | B54: =10*LOG10(B53) -> 30.12398 | C54: dBK
A55: Link Margin Computation
A56: Receive G/T | B56: =B45+B47+B48-B54 -> -26.280715 | C56: dB/K | D56: (Not generally used for the uplink/spacecraft antenna, but still captured here)
A57: N0 | B57: =B54+B11 -> -198.47519 | C57: dBw/Hz | D57: Note: Receiver Noise Figure might need to be subtracted from this number if the general N0 does not account for it
A58: N0 - dBm/Hz | B58: =B57+10*LOG10(1000) -> -168.47519 | C58: dBm/Hz | D58: dBm = dBW + 30dB
A59: Pt/N0 | B59: =B49-B57 -> 82.250694 | C59: dBHz
A60: Cross-Polarization Loss | B60: 0 | C60: dB | D60: If ground antenna vs. flight antennas have same-hand circular or linear (0dB), linear to circular (-3dB) or LHCP to RHCP is often about -20dB or -30dB loss. Both the Endurosat S-Band transceiver and the Leaf Space GAIA100 3.7m antenna(s) are RHCP, so no Cross-Polarization Loss here
A61: Bit Rate | B61: ='Data Uplink Budget'!H5/1000 -> 0.025 | C61: Mbps | D61: Assuming a slower rate than in the Data Budget; uplink usually can be slower as there is less data. This is modulation dependent but: UHF is usually 9600bps or 19.2kbps. S-band is usually < 1Mbps. X-band is usually < 100Mbps.
A62: BIT RATE | B62: =10*LOG10(1000000)+10*LOG10(B61) -> 43.9794 | C62: dB | D62: Assumes data rate is Mbps, if different, change scale factor here
A63: Eb/N0 Available | B63: =B59-B62+B60 -> 38.271294 | C63: dB
A64: Eb/N0 Required | B64: 11 | C64: dB | D64: Based upon various modulation schemes for a desired bit error rate. Search various modulations for their performance curves (e.g. https://en.wikipedia.org/wiki/Bit_error_rate) We are using GFSK w/ FEC, assuming bit error rate of 1 * 10^-4, the performance curves give us 11 dB.
A65: Receive System Implementation Loss | B65: -1 | C65: dB | D65: For systems without Forward Error Corection, a 1-2dB is a reasonable conservative value. We are using FEC, but leaving a loss of -1 dB to cover any other missing loss we may miscalculated on
A66: LINK MARGIN | B66: =B63-B64+B65 -> 26.271294 | C66: dB | D66: If green, link closes. If red, something needs to be tweaked
A67: Required LINK MARGIN | B67: 6 | C67: dB | D67: UNP Requirement

Sheet Current Draw by Rail
B2: Component | C2: Margin | D2: Power (W) | E2: Voltage (V) | F2: Qty | G2: Comments | H2: Total Power | I2: Max Current Draw on 3.3V Rail (A) | J2: Max Current Draw on 5V Rail (A) | K2: Max Current Draw on 12V Rail (A)
B3: OBC | C3: 0.1 | D3: 1.5 | E3: 5 | F3: 1 | G3: 5V. Used "loading webpage" as reference power draw: https://docs.beagle.cc/boards/beaglebone/black/ch06.html | H3: =(1+C3)*D3*F3 -> 1.65 | I3: =IF(E3=3.3, H3/E3, 0) -> 0 | J3: =IF(E3=5, H3/E3, 0) -> 0.33 | K3: =IF(E3=12, H3/E3, 0) -> 0
B4: CDH PCB 5V ICs | C4: 0.1 | D4: 5e-05 | E4: 5 | F4: 1 | G4: Component List | H4: =(1+C4)*D4*F4 -> 5.5e-05 | I4: =IF(E4=3.3, H4/E4, 0) -> 0 | J4: =IF(E4=5, H4/E4, 0) -> 1.1e-05
B5: CDH PCB 3.3V ICs | C5: 0.1 | D5: 0.396 | E5: 3.3 | F5: 1 | G5: Component List | H5: =(1+C5)*D5*F5 -> 0.4356 | I5: =IF(E5=3.3, H5/E5, 0) -> 0.132 | J5: =IF(E5=5, H5/E5, 0) -> 0
B6: -- | H6: =(1+C6)*D6*F6 -> 0 | I6: =IF(E6=3.3, H6/E6, 0) -> 0 | J6: =IF(E6=5, H6/E6, 0) -> 0 | K6: =IF(E6=12, H6/E6, 0) -> 0
B7: S-band Transceiver TX | C7: 0.1 | D7: 10.4 | E7: 12 | F7: 1 | G7: 12V. See Endurosat datasheet | H7: =(1+C7)*D7*F7 -> 11.44 | I7: =IF(E7=3.3, H7/E7, 0) -> 0 | J7: =IF(E7=5, H7/E7, 0) -> 0 | K7: =IF(E7=12, H7/E7, 0) -> 0.95333333
B8: -- | I8: =IF(E8=3.3, H8/E8, 0) -> 0 | J8: =IF(E8=5, H8/E8, 0) -> 0 | K8: =IF(E8=12, H8/E8, 0) -> 0
B9: -- | H9: =(1+C9)*D9*F9 -> 0 | I9: =IF(E9=3.3, H9/E9, 0) -> 0 | J9: =IF(E9=5, H9/E9, 0) -> 0 | K9: =IF(E9=12, H9/E9, 0) -> 0
B10: LOST and FOUND Ximea MC031MG-SY | C10: 0.1 | D10: 3.1 | E10: 5 | F10: 2 | G10: datasheet: https://drive.google.com/file/d/1mGl4I6U7wi_vyL8xHMXE06V5LKyHxmv4/view?usp=drive_link | H10: =(1+C10)*D10*F10 -> 6.82 | I10: =IF(E10=3.3, H10/E10, 0) -> 0 | J10: =IF(E10=5, H10/E10, 0) -> 1.364 | K10: =IF(E10=12, H10/E10, 0) -> 0
B11: Sagitta Star Tracker | C11: 0.1 | D11: 1.4 | E11: 5 | F11: 1 | G11: 5V. Datasheet: https://www.arcsec.space/pdf/Sagitta%20Star%20tracker%20datasheet%20V2.1.pdf | H11: =(1+C11)*D11*F11 -> 1.54 | I11: =IF(E11=3.3, H11/E11, 0) -> 0 | J11: =IF(E11=5, H11/E11, 0) -> 0.308 | K11: =IF(E11=12, H11/E11, 0) -> 0
B12: GNSS Reciever | C12: 0.1 | D12: 0.324 | E12: 3.3 | F12: 1 | G12: 3.3V. SkyFox piNAV-NG datasheet: https://drive.google.com/file/d/1Y395lgX6pX4NV7a7Ek2sopd0V_g3e81c/view | H12: =(1+C12)*D12*F12 -> 0.3564 | I12: =IF(E12=3.3, H12/E12, 0) -> 0.108 | J12: =IF(E12=5, H12/E12, 0) -> 0 | K12: =IF(E12=12, H12/E12, 0) -> 0
B13: GNSS Antenna | C13: 0.1 | D13: 0.07 | E13: 3.3 | F13: 1 | G13: 3.3V. miniPATCH-L1 datasheet: https://www.skyfoxlabs.com/product/21-minipatch-l1?category=1 | H13: =(1+C13)*D13*F13 -> 0.077 | I13: =IF(E13=3.3, H13/E13, 0) -> 0.023333333 | J13: =IF(E13=5, H13/E13, 0) -> 0 | K13: =IF(E13=12, H13/E13, 0) -> 0
B14: Magnetorquers (CR0002) | C14: 0.1 | D14: 0.5 | E14: 5 | F14: 2 | G14: 5V. datasheet: https://www.cubespace.co.za/products/magnetorquer | H14: =(1+C14)*D14*F14 -> 1.1 | I14: =IF(E14=3.3, H14/E14, 0) -> 0 | J14: =IF(E14=5, H14/E14, 0) -> 0.22 | K14: =IF(E14=12, H14/E14, 0) -> 0
B15: Magnetorquer (MT01) | C15: 0.1 | D15: 1.75 | E15: 5 | F15: 1 | G15: 5V. datasheet: https://satsearch.co/products/exa-mt01-compact-magnetorquer | H15: =(1+C15)*D15*F15 -> 1.925 | I15: =IF(E15=3.3, H15/E15, 0) -> 0 | J15: =IF(E15=5, H15/E15, 0) -> 0.385 | K15: =IF(E15=12, H15/E15, 0) -> 0
B16: IMMU | C16: 0.1 | D16: 0.22 | E16: 5 | F16: 1 | G16: 5V. product brief: https://www.vectornav.com/docs/default-source/product-brief/vn-100-product-brief.pdf?sfvrsn=a2a5ae5f_2 | H16: =(1+C16)*D16*F16 -> 0.242 | I16: =IF(E16=3.3, H16/E16, 0) -> 0 | J16: =IF(E16=5, H16/E16, 0) -> 0.0484 | K16: =IF(E16=12, H16/E16, 0) -> 0
B17: Payload PCB 5V ICs | C17: 0.1 | D17: 0.011 | E17: 5 | F17: 1 | H17: =(1+C17)*D17*F17 -> 0.0121 | I17: =IF(E17=3.3, H17/E17, 0) -> 0 | J17: =IF(E17=5, H17/E17, 0) -> 0.00242 | K17: =IF(E17=12, H17/E17, 0) -> 0
B18: Payload PCB 3.3V ICs | C18: 0.1 | D18: 0.504 | E18: 3.3 | F18: 1 | H18: =(1+C18)*D18*F18 -> 0.5544 | I18: =IF(E18=3.3, H18/E18, 0) -> 0.168 | J18: =IF(E18=5, H18/E18, 0) -> 0
B19: -- | H19: =(1+C19)*D19*F19 -> 0 | I19: =IF(E19=3.3, H19/E19, 0) -> 0 | J19: =IF(E19=5, H19/E19, 0) -> 0 | K19: =IF(E19=12, H19/E19, 0) -> 0
B20: Power System | C20: 0 | D20: 1.28 | F20: 1 | G20: Source: ~1W due to regulator + MPPT losses, 0.25 W (w/ 10% margin) for the rest of EPS | H20: =(1+C20)*D20*F20 -> 1.28 | I20: =IF(E20=3.3, H20/E20, 0) -> 0 | J20: =IF(E20=5, H20/E20, 0) -> 0 | K20: =IF(E20=12, H20/E20, 0) -> 0
B21: -- | H21: =(1+C21)*D21*F21 -> 0 | I21: =IF(E21=3.3, H21/E21, 0) -> 0 | J21: =IF(E21=5, H21/E21, 0) -> 0 | K21: =IF(E21=12, H21/E21, 0) -> 0
B22: Heaters | C22: 0.1 | D22: 4.836 | E22: 12 | F22: 1 | G22: 12V. Assuming 1W/in^2, see comment link for derivation | H22: =(1+C22)*D22*F22 -> 5.3196 | I22: =IF(E22=3.3, H22/E22, 0) -> 0 | J22: =IF(E22=5, H22/E22, 0) -> 0 | K22: =IF(E22=12, H22/E22, 0) -> 0.4433
B23: -- | H23: =(1+C23)*D23*F23 -> 0 | I23: =IF(E23=3.3, H23/E23, 0) -> 0 | J23: =IF(E23=5, H23/E23, 0) -> 0 | K23: =IF(E23=12, H23/E23, 0) -> 0
I24: =SUM(I3:I23) -> 0.43133333 | J24: =SUM(J3:J23) -> 2.657831 | K24: =SUM(K3:K23) -> 1.3966333

Sheet Power Draw
A1: x | Q1: Key
A2: Spacecraft Subsystem, Unit, Quantity and Power Consumption | H2: Power Consumption by Spacecraft Mode | Q2: Derived value
A3: Subsystem | B3: Component / Use Case | C3: Margin | D3: Peak Power(W) | E3: Qty | F3: Comment | G3: Total Power (W) | H3: Safe | J3: Charge | L3: Experiment | N3: Safe (Detumble) | Q3: Value to Enter
H4: Duty Cycle | I4: Mode Power (W) | J4: Duty Cycle | K4: Mode Power (W) | L4: Duty Cycle | M4: Mode Power (W) | N4: Duty Cycle | O4: Mode Power (W)
A5: All Components
A6: CDH | B6: OBC | C6: 0.1 | D6: 1.5 | E6: 1 | F6: 5V. Used "loading webpage" as reference power draw: https://docs.beagle.cc/boards/beaglebone/black/ch06.html | G6: =(1+C6)*D6*E6 -> 1.65 | H6: 0.5 | I6: =H6*$G6 -> 0.825 | J6: 0.75 | K6: =J6*$G6 -> 1.2375 | L6: 1 | M6: =L6*$G6 -> 1.65 | N6: 0.5 | O6: =N6*$G6 -> 0.825
B7: CDH PCB | C7: 0.1 | D7: 0.396 | E7: 1 | F7: 3.3V and 5V, integrated circuits power draw | G7: =(1+C7)*D7*E7 -> 0.4356 | H7: 1 | I7: 0.396 | J7: 1 | K7: 0.396 | L7: 1 | M7: 0.396 | N7: 0 | O7: 0
B8: -- | G8: =(1+C8)*D8*E8 -> 0 | H8: 0 | I8: =H8*$G8 -> 0 | J8: 0 | K8: =J8*$G8 -> 0 | L8: 0 | M8: =L8*$G8 -> 0 | N8: 0 | O8: =N8*$G8 -> 0
A9: COMM | B9: Radio TX | C9: 0.1 | D9: 10.4 | E9: 1 | F9: 12V. See Endurosat datasheet | G9: =(1+C9)*D9*E9 -> 11.44 | H9: 0.0105 | I9: =H9*$G9 -> 0.12012 | J9: 0.03 | K9: =J9*$G9 -> 0.3432 | L9: 0.03 | M9: =L9*$G9 -> 0.3432 | N9: 0 | O9: =N9*$G9 -> 0
B10: Radio RX | C10: 0.1 | D10: 1.7 | E10: 1 | F10: 12V. See Endurosat datasheet | G10: =(1+C10)*D10*E10 -> 1.87 | H10: 1 | I10: =H10*$G10 -> 1.87 | J10: 1 | K10: =J10*$G10 -> 1.87 | L10: 1 | M10: =L10*$G10 -> 1.87 | N10: 0 | O10: =N10*$G10 -> 0
B11: -- | G11: =(1+C11)*D11*E11 -> 0 | H11: 0 | I11: =H11*$G11 -> 0 | J11: 0 | K11: =J11*$G11 -> 0 | L11: 0 | M11: =L11*$G11 -> 0 | N11: 0 | O11: =N11*$G11 -> 0
A12: PAY | B12: XIMEA xiC-MC031CG-SY | C12: 0.1 | D12: 3.1 | E12: 2 | F12: 5V. Datasheet: https://drive.google.com/file/d/1mGl4I6U7wi_vyL8xHMXE06V5LKyHxmv4/view?usp=share_link | G12: =(1+C12)*D12*E12 -> 6.82 | H12: 0 | I12: =H12*$G12 -> 0 | J12: 0 | K12: =J12*$G12 -> 0 | L12: 1 | M12: =L12*$G12 -> 6.82 | N12: 0 | O12: =N12*$G12 -> 0
B13: Saggitta Star Tracker | C13: 0.1 | D13: 1.4 | E13: 1 | F13: https://www.arcsec.space/sagitta/ | G13: =(1+C13)*D13*E13 -> 1.54 | H13: 0 | I13: =H13*$G13 -> 0 | J13: 0.1 | K13: =J13*$G13 -> 0.154 | L13: 1 | M13: =L13*$G13 -> 1.54 | N13: 0 | O13: =N13*$G13 -> 0
B14: GNSS Receivver | C14: 0.1 | D14: 0.324 | E14: 1 | F14: 3.3V. SkyFox piNAV-NG datasheet: https://drive.google.com/file/d/1Y395lgX6pX4NV7a7Ek2sopd0V_g3e81c/view | G14: =(1+C14)*D14*E14 -> 0.3564 | H14: 0 | I14: =H14*$G14 -> 0 | J14: 1 | K14: =J14*$G14 -> 0.3564 | L14: 1 | M14: =L14*$G14 -> 0.3564 | N14: 0 | O14: =N14*$G14 -> 0
B15: GNSS Active Antenna | C15: 0.1 | D15: 0.07 | E15: 1 | F15: 3.3V. miniPATCH-L1 datasheet: https://www.skyfoxlabs.com/product/21-minipatch-l1?category=1 | G15: =(1+C15)*D15*E15 -> 0.077 | H15: 0 | I15: =H15*$G15 -> 0 | J15: 0 | K15: =J15*$G15 -> 0 | L15: 0 | M15: =L15*$G15 -> 0 | N15: 0 | O15: =N15*$G15 -> 0
A16: ADCS | B16: Magnetorquers (CR0002) | C16: 0.1 | D16: 0.5 | E16: 2 | F16: 5V. datasheet: https://www.cubespace.co.za/products/magnetorquer | G16: =(1+C16)*D16*E16 -> 1.1 | H16: 0 | I16: =H16*$G16 -> 0 | J16: 0.1 | K16: =J16*$G16 -> 0.11 | L16: 0.2 | M16: =L16*$G16 -> 0.22 | N16: 0.5 | O16: =N16*$G16 -> 0.55
B17: Magnetorquer (MT01) | C17: 0.1 | D17: 1.75 | E17: 1 | F17: 5V. datasheet: https://satsearch.co/products/exa-mt01-compact-magnetorquer | G17: =(1+C17)*D17*E17 -> 1.925 | H17: 0 | I17: =H17*$G17 -> 0 | J17: 0.1 | K17: =J17*$G17 -> 0.1925 | L17: 0.2 | M17: =L17*$G17 -> 0.385 | N17: 0.5 | O17: =N17*$G17 -> 0.9625
B18: IMMU | C18: 0.1 | D18: 0.22 | E18: 1 | F18: 5V. product brief: https://www.vectornav.com/docs/default-source/product-brief/vn-100-product-brief.pdf?sfvrsn=a2a5ae5f_2 | G18: =(1+C18)*D18*E18 -> 0.242 | H18: 1 | I18: =H18*$G18 -> 0.242 | J18: 1 | K18: =J18*$G18 -> 0.242 | L18: 1 | M18: =L18*$G18 -> 0.242 | N18: 1 | O18: =N18*$G18 -> 0.242
B19: Payload PCB | C19: 0.1 | D19: 0.5051 | E19: 1 | F19: 3.3V and 5V, integrated circuits power draw | G19: =(1+C19)*D19*E19 -> 0.55561 | H19: 1 | I19: =H19*$G19 -> 0.55561 | J19: 1 | K19: =J19*$G19 -> 0.55561 | L19: 1 | M19: =L19*$G19 -> 0.55561 | N19: 0 | O19: =N19*$G19 -> 0
B20: ADCS PCB | C20: 0.1 | D20: 0.01 | E20: 1 | F20: 5V and 12V, integrated circuits power draw | G20: =(1+C20)*D20*E20 -> 0.011 | H20: 1 | I20: =H20*$G20 -> 0.011 | J20: 1 | K20: =J20*$G20 -> 0.011 | L20: 1 | M20: =L20*$G20 -> 0.011 | N20: 1 | O20: =N20*$G20 -> 0.011
A21: POWER | B21: Power System | C21: 0 | D21: 1.28 | E21: 1 | F21: Source: ~1W due to regulator + MPPT losses, 0.25 W (w/ 10% margin) for the rest of EPS | G21: =(1+C21)*D21*E21 -> 1.28 | H21: 1 | I21: =H21*$G21 -> 1.28 | J21: 1 | K21: =J21*$G21 -> 1.28 | L21: 1 | M21: =L21*$G21 -> 1.28 | N21: 1 | O21: =N21*$G21 -> 1.28
B22: EPS PDS PCB | C22: 0.1 | D22: 0.1677 | E22: 1 | F22: 3.3V, 5V, and 12V integrated circuit power draw | G22: =(1+C22)*D22*E22 -> 0.18447 | H22: 1 | I22: =H22*$G22 -> 0.18447 | J22: 1 | K22: =J22*$G22 -> 0.18447 | L22: 1 | M22: =L22*$G22 -> 0.18447 | N22: 1 | O22: =N22*$G22 -> 0.18447
B23: EPS BMS PCB | C23: 0.1 | D23: 0.087 | E23: 1 | F23: Panel Voltages, integrated circuit power draw | G23: =(1+C23)*D23*E23 -> 0.0957 | H23: 1 | I23: =H23*$G23 -> 0.0957 | J23: 1 | K23: =J23*$G23 -> 0.0957 | L23: 1 | M23: =L23*$G23 -> 0.0957 | N23: 1 | O23: =N23*$G23 -> 0.0957
A24: THR | B24: Heaters | C24: 0.1 | D24: 4.836 | E24: 1 | F24: 12V. Assuming 1W/in^2, see comment link for derivation | G24: =(1+C24)*D24*E24 -> 5.3196 | H24: 0.3 | I24: =H24*$G24 -> 1.59588 | J24: 0.3 | K24: =J24*$G24 -> 1.59588 | L24: 0.3 | M24: =L24*$G24 -> 1.59588 | N24: 0.3 | O24: =N24*$G24 -> 1.59588
B25: -- | G25: =(1+C25)*D25*E25 -> 0 | H25: 0 | I25: =H25*$G25 -> 0 | J25: 0 | K25: =J25*$G25 -> 0 | L25: 0 | M25: =L25*$G25 -> 0 | N25: 0 | O25: =N25*$G25 -> 0
A27: Total Mode Power (W) | H27: =SUM(I6:I27) -> 7.17578 | J27: =SUM(K6:K27) -> 8.62426 | L27: =SUM(M6:M27) -> 17.54526 | N27: =SUM(O6:O27) -> 5.74655
A29: Notes: The purpose of this budget is to review the power draw of the satellite in each system mode. There are other sheets within this workbook that relate to power generation as well as an energy budget. This sheet does not take into consideration the power draw spikes while turning different subsystems ON. Additional analysis will be needed to futher understand each spacecraft subsystem power draws. This sheet assumes some user-defined time-average power draws with the Duty Cycle. This will provide decent time-average power consumptions but will NOT be appropriate for instantaneous power draws minute-by-minute you may be using in the Energy Balance tab. Make sure you utilize the Duty Cycle correctly. | H29: Notes: For power purposes, HS-2 has three modes designated as Safe, Charge, and Experiment - a fourth "mode" is designated for satellite detumble. The power budget above shows when subsystem components are ON or OFF and how much power is drawn per mode. For HS-2, the following assumptions were made per system mode. Safe mode is intended to be a power safe mode where all subsystems are not actively draining the battery. Standby mode is where the spacecraft will nominally operate with solar panels pointing at the Sun. Experiment mode is where the payload components would be turned ON and images would be taken.
A40: 10% margin for COTS data from datasheet, this is conservative and could be changed to 5%
A44: =5/60*5 -> 0.41666667

Sheet Power Generated
A1: POWER GENERATION | O1: Generated Power Per Mode
A2: Array | B2: Series Cells/String | C2: # of Strings | D2: Cell Voltage (V) | F2: Cell Current (A) | H2: Array Voltage (V) | J2: Array Current (A) | L2: Array Power (W) | M2: Axis | O2: Mode | R2: Power Generated | S2: Mode Assumptions
D3: VOC | E3: VMP | F3: ISC | G3: IMP | H3: VOC | I3: VMP | J3: ISC | K3: IMP | L3: PMP
A4: Array 1 | B4: 6 | C4: 2 | D4: =18.2/6 -> 3.0333333 | E4: =17/6 -> 2.8333333 | F4: 0.5022 | G4: 0.504 | H4: =B4*D4 -> 18.2 | I4: =B4*E4 -> 17 | J4: =C4*F4 -> 1.0044 | K4: =C4*G4 -> 1.008 | L4: =I4*K4 -> 17.136 | M4: +X | O4: ='Power Draw'!H3 -> Safe | R4: =L10*B16 -> 15.628032
A5: Array 2 | B5: 0 | C5: 0 | D5: 0 | E5: 0 | F5: 0 | G5: 0 | H5: =B5*D5 -> 0 | I5: =B5*E5 -> 0 | J5: =C5*F5 -> 0 | K5: =C5*G5 -> 0 | L5: =I5*K5 -> 0 | M5: -X | O5: ='Power Draw'!J3 -> Charge | R5: =L10*B16 -> 15.628032 | S5: HS-2 "Standby" mode assumes the spacecraft is sunpointing
A6: Array 3 | B6: 6 | C6: 1 | D6: =18.2/6 -> 3.0333333 | E6: =17/6 -> 2.8333333 | F6: 0.5022 | G6: 0.504 | H6: =B6*D6 -> 18.2 | I6: =B6*E6 -> 17 | J6: =C6*F6 -> 0.5022 | K6: =C6*G6 -> 0.504 | L6: =I6*K6 -> 8.568 | M6: Y | O6: ='Power Draw'!L3 -> Experiment | R6: =L10*B16*0.75 -> 11.721024 | S6: HS-2 "Experiment" mode means the spacecraft is either capturing images or sunpointing. Per Basilisk simulations, we are able to get approximately 75% of peak power when in sunpointing
A7: Array 4 | B7: 0 | C7: 0 | D7: 0 | E7: 0 | F7: 0 | G7: 0 | H7: =B7*D7 -> 0 | I7: =B7*E7 -> 0 | J7: =C7*F7 -> 0 | K7: =C7*G7 -> 0 | L7: =I7*K7 -> 0 | M7: -Y | O7: ='Power Draw'!N3 -> Safe (Detumble) | R7: =H11/6 -> 2.856 | S7: This mode assumes the spacecraft is in a tumble. The power generated is then assumed to be a weighted average between generation of all sides of the spacecraft.
A8: Array 5 | B8: 0 | C8: 0 | D8: 0 | E8: 0 | F8: 0 | G8: 0 | H8: =B8*D8 -> 0 | I8: =B8*E8 -> 0 | J8: =C8*F8 -> 0 | K8: =C8*G8 -> 0 | L8: =I8*K8 -> 0 | M8: +Z
A9: Array 6 | B9: 0 | C9: 0 | D9: 0 | E9: 0 | F9: 0 | G9: 0 | H9: =B9*D9 -> 0 | I9: =B9*E9 -> 0 | J9: =C9*F9 -> 0 | K9: =C9*G9 -> 0 | L9: =I9*K9 -> 0 | M9: -Z | O9: Notes: -"Avg Regulator efficiency" is still unknown, whereas we have MPPT efficiency from an IC datasheet -Power generated during detumble is still a TBR & needs more analysis
A10: Totals | H10: =MAX(H4:H9) -> 18.2 | I10: =SUM(I4:I9) -> 34 | J10: =SUM(J4:J9) -> 1.5066 | K10: =SUM(K4:K9) -> 1.512 | L10: =MAX(L4:L9) -> 17.136
A11: Total Peak Power (W) | H11: =L10 -> 17.136
A13: Power Regulation | D13: Storage (Battery) | L13: Key
A14: MPPT Efficiency | B14: 0.96 | D14: Cell Voltage (V) | E14: Cell Capacity (Ah) | F14: Series Cells/String | G14: # of Strings | H14: Pack Voltage (V) | I14: Pack Capacity (Ah) | J14: Pack Power (Wh) | L14: Derived value
A15: Average Regulator Efficiency | B15: 0.95 | L15: Value to Enter
A16: Total Power System Efficiency | B16: =B14*B15 -> 0.912 | D16: 4.2 | E16: 3.5 | F16: 6 | G16: 1 | H16: =D16*F16 -> 25.2 | I16: =E16*G16 -> 3.5 | J16: =H16*I16 -> 88.2
C19: Datasheets:
C21: Battery: | D21: https://files.batteryjunction.com/frontend/files/samsung/datasheet/SAMSUNG-35E-18650-3000-FLAT-Datasheet.pdf
C22: MPPT IC: | D22: https://www.ti.com/lit/ds/symlink/bq25756e.pdf?ts=1758530501435&ref_url=https%253A%252F%252Fwww.ti.com%252Fproduct%252FBQ25756E
C23: Panels: | D23: 2ndSpace Drop-03X and Core-03 Arrays (under NDA)

Sheet Energy Balance
A1: ENERGY BALANCE | M1: Mode | N1: Power Draw (W) | O1: Power Generated (W) | P1: Mode Power Status (W) | R1: Net Energy per Orbit (Wh) | S1: MODE SWITCHING
A2: Timestep | B2: Orbit Number | C2: In Mode? | G2: Check | H2: Power | I2: Power | J2: Energy | K2: Battery | M2: ='Power Draw'!H3 -> Safe | N2: ='Power Draw'!H27 -> 7.17578 | O2: ='Power Generated'!R4 -> 15.628032 | P2: =O2-N2 -> 8.452252 | R2: ='Orbit Info'!$G$11*(O2*'Orbit Info'!$G$18-N2) -> 4.0159111 | S2: =M2 -> Safe | U2: =M3 -> Charge | W2: =M4 -> Experiment | Y2: =M5 -> Safe (Detumble)
A3: (min) | C3: =M2 -> Safe | D3: =M3 -> Charge | E3: =M4 -> Experiment | F3: =M5 -> Safe (Detumble) | G3: Sum | H3: Gen (W) | I3: Draw (W) | J3: (Wh) | K3: (Wh) | M3: ='Power Draw'!J3 -> Charge | N3: ='Power Draw'!J27 -> 8.62426 | O3: ='Power Generated'!R5 -> 15.628032 | P3: =O3-N3 -> 7.003772 | R3: ='Orbit Info'!$G$11*(O3*'Orbit Info'!$G$18-N3) -> 1.7318156 | S3: Start (min) | T3: End (min) | U3: Start (min) | V3: End (min) | W3: Start (min) | X3: End (min) | Y3: Start (min) | Z3: End (min)
A4: 1 | B4: =A4/'Orbit Info'!$G$10 -> 0.010569319 | C4: =IF(OR(AND(A4>=$S$4,A4<=$T$4),AND(A4>$S$5,A4<=$T$5),AND(A4>$S$6,A4<=$T$6),AND(A4>$S$7,A4<=$T$7),AND(A4>$S$8,A4<=$T$8)),1,0) -> 0 | D4: =IF(OR(AND(A4>=$U$4,A4<=$V$4),AND(A4>$U$5,A4<=$V$5),AND(A4>$U$6,A4<=$V$6),AND(A4>$U$7,A4<=$V$7),AND(A4>$U$8,A4<=$V$8)),1,0) -> 0 | E4: =IF(OR(AND(A4>=$W$4,A4<=$X$4),AND(A4>$W$5,A4<=$X$5),AND(A4>$W$6,A4<=$X$6),AND(A4>$W$7,A4<=$X$7),AND(A4>$W$8,A4<=$X$8)),1,0) -> 0 | F4: =IF(OR(AND(A4>=$Y$4,A4<=$Z$4),AND(A4>$Y$5,A4<=$Z$5),AND(A4>$Y$6,A4<=$Z$6),AND(A4>$Y$7,A4<=$Z$7),AND(A4>$Y$8,A4<=$Z$8)),1,0) -> 1 | G4: =SUM(C4:F4) -> 1 | H4: ='Orbit Info'!C3*((C4*$O$2)+(D4*$O$3)+(E4*$O$4)+(F4*$O$5)) -> 2.856 | I4: =(C4*$N$2)+(D4*$N$3)+(E4*$N$4)+(F4*$N$5) -> 5.74655 | J4: =(H4*$N$7/60)-(I4*$N$7/60) -> -0.048175833 | K4: ='Power Generated'!$J$16 -> 88.2 | M4: ='Power Draw'!L3 -> Experiment | N4: ='Power Draw'!L27 -> 17.54526 | O4: ='Power Generated'!R6 -> 11.721024 | P4: =O4-N4 -> -5.824236 | R4: ='Orbit Info'!$G$11*(O4*'Orbit Info'!$G$18-N4) -> -16.168465 | S4: 271 | T4: 600 | U4: 601 | V4: 1300 | W4: 1301 | X4: 1440 | Y4: 1 | Z4: 270
A5: =A4+$N$7 -> 2 | B5: =A5/'Orbit Info'!$G$10 -> 0.021138638 | C5: =IF(OR(AND(A5>=$S$4,A5<=$T$4),AND(A5>$S$5,A5<=$T$5),AND(A5>$S$6,A5<=$T$6),AND(A5>$S$7,A5<=$T$7),AND(A5>$S$8,A5<=$T$8)),1,0) -> 0 | D5: =IF(OR(AND(A5>=$U$4,A5<=$V$4),AND(A5>$U$5,A5<=$V$5),AND(A5>$U$6,A5<=$V$6),AND(A5>$U$7,A5<=$V$7),AND(A5>$U$8,A5<=$V$8)),1,0) -> 0 | E5: =IF(OR(AND(A5>=$W$4,A5<=$X$4),AND(A5>$W$5,A5<=$X$5),AND(A5>$W$6,A5<=$X$6),AND(A5>$W$7,A5<=$X$7),AND(A5>$W$8,A5<=$X$8)),1,0) -> 0 | F5: =IF(OR(AND(A5>=$Y$4,A5<=$Z$4),AND(A5>$Y$5,A5<=$Z$5),AND(A5>$Y$6,A5<=$Z$6),AND(A5>$Y$7,A5<=$Z$7),AND(A5>$Y$8,A5<=$Z$8)),1,0) -> 1 | G5: =SUM(C5:F5) -> 1 | H5: ='Orbit Info'!C4*((C5*$O$2)+(D5*$O$3)+(E5*$O$4)+(F5*$O$5)) -> 2.856 | I5: =(C5*$N$2)+(D5*$N$3)+(E5*$N$4)+(F5*$N$5) -> 5.74655 | J5: =(H5*$N$7/60)-(I5*$N$7/60) -> -0.048175833 | K5: =IF((K4+J5)>$N$8,$N$8,J5+K4) -> 88.151824 | M5: ='Power Draw'!N3 -> Safe (Detumble) | N5: ='Power Draw'!N27 -> 5.74655 | O5: ='Power Generated'!R7 -> 2.856 | P5: =O5-N5 -> -2.89055 | R5: ='Orbit Info'!$G$11*(O5*'Orbit Info'!$G$18-N5) -> -6.2599051
A6: =A5+$N$7 -> 3 | B6: =A6/'Orbit Info'!$G$10 -> 0.031707958 | C6: =IF(OR(AND(A6>=$S$4,A6<=$T$4),AND(A6>$S$5,A6<=$T$5),AND(A6>$S$6,A6<=$T$6),AND(A6>$S$7,A6<=$T$7),AND(A6>$S$8,A6<=$T$8)),1,0) -> 0 | D6: =IF(OR(AND(A6>=$U$4,A6<=$V$4),AND(A6>$U$5,A6<=$V$5),AND(A6>$U$6,A6<=$V$6),AND(A6>$U$7,A6<=$V$7),AND(A6>$U$8,A6<=$V$8)),1,0) -> 0 | E6: =IF(OR(AND(A6>=$W$4,A6<=$X$4),AND(A6>$W$5,A6<=$X$5),AND(A6>$W$6,A6<=$X$6),AND(A6>$W$7,A6<=$X$7),AND(A6>$W$8,A6<=$X$8)),1,0) -> 0 | F6: =IF(OR(AND(A6>=$Y$4,A6<=$Z$4),AND(A6>$Y$5,A6<=$Z$5),AND(A6>$Y$6,A6<=$Z$6),AND(A6>$Y$7,A6<=$Z$7),AND(A6>$Y$8,A6<=$Z$8)),1,0) -> 1 | G6: =SUM(C6:F6) -> 1 | H6: ='Orbit Info'!C5*((C6*$O$2)+(D6*$O$3)+(E6*$O$4)+(F6*$O$5)) -> 2.856 | I6: =(C6*$N$2)+(D6*$N$3)+(E6*$N$4)+(F6*$N$5) -> 5.74655 | J6: =(H6*$N$7/60)-(I6*$N$7/60) -> -0.048175833 | K6: =IF((K5+J6)>$N$8,$N$8,J6+K5) -> 88.103648 | M6: Variables
A7: =A6+$N$7 -> 4 | B7: =A7/'Orbit Info'!$G$10 -> 0.042277277 | C7: =IF(OR(AND(A7>=$S$4,A7<=$T$4),AND(A7>$S$5,A7<=$T$5),AND(A7>$S$6,A7<=$T$6),AND(A7>$S$7,A7<=$T$7),AND(A7>$S$8,A7<=$T$8)),1,0) -> 0 | D7: =IF(OR(AND(A7>=$U$4,A7<=$V$4),AND(A7>$U$5,A7<=$V$5),AND(A7>$U$6,A7<=$V$6),AND(A7>$U$7,A7<=$V$7),AND(A7>$U$8,A7<=$V$8)),1,0) -> 0 | E7: =IF(OR(AND(A7>=$W$4,A7<=$X$4),AND(A7>$W$5,A7<=$X$5),AND(A7>$W$6,A7<=$X$6),AND(A7>$W$7,A7<=$X$7),AND(A7>$W$8,A7<=$X$8)),1,0) -> 0 | F7: =IF(OR(AND(A7>=$Y$4,A7<=$Z$4),AND(A7>$Y$5,A7<=$Z$5),AND(A7>$Y$6,A7<=$Z$6),AND(A7>$Y$7,A7<=$Z$7),AND(A7>$Y$8,A7<=$Z$8)),1,0) -> 1 | G7: =SUM(C7:F7) -> 1 | H7: ='Orbit Info'!C6*((C7*$O$2)+(D7*$O$3)+(E7*$O$4)+(F7*$O$5)) -> 2.856 | I7: =(C7*$N$2)+(D7*$N$3)+(E7*$N$4)+(F7*$N$5) -> 5.74655 | J7: =(H7*$N$7/60)-(I7*$N$7/60) -> -0.048175833 | K7: =IF((K6+J7)>$N$8,$N$8,J7+K6) -> 88.055472 | M7: Timestep | N7: 1 | O7: min | Q7: Key
A8: =A7+$N$7 -> 5 | B8: =A8/'Orbit Info'!$G$10 -> 0.052846596 | C8: =IF(OR(AND(A8>=$S$4,A8<=$T$4),AND(A8>$S$5,A8<=$T$5),AND(A8>$S$6,A8<=$T$6),AND(A8>$S$7,A8<=$T$7),AND(A8>$S$8,A8<=$T$8)),1,0) -> 0 | D8: =IF(OR(AND(A8>=$U$4,A8<=$V$4),AND(A8>$U$5,A8<=$V$5),AND(A8>$U$6,A8<=$V$6),AND(A8>$U$7,A8<=$V$7),AND(A8>$U$8,A8<=$V$8)),1,0) -> 0 | E8: =IF(OR(AND(A8>=$W$4,A8<=$X$4),AND(A8>$W$5,A8<=$X$5),AND(A8>$W$6,A8<=$X$6),AND(A8>$W$7,A8<=$X$7),AND(A8>$W$8,A8<=$X$8)),1,0) -> 0 | F8: =IF(OR(AND(A8>=$Y$4,A8<=$Z$4),AND(A8>$Y$5,A8<=$Z$5),AND(A8>$Y$6,A8<=$Z$6),AND(A8>$Y$7,A8<=$Z$7),AND(A8>$Y$8,A8<=$Z$8)),1,0) -> 1 | G8: =SUM(C8:F8) -> 1 | H8: ='Orbit Info'!C7*((C8*$O$2)+(D8*$O$3)+(E8*$O$4)+(F8*$O$5)) -> 2.856 | I8: =(C8*$N$2)+(D8*$N$3)+(E8*$N$4)+(F8*$N$5) -> 5.74655 | J8: =(H8*$N$7/60)-(I8*$N$7/60) -> -0.048175833 | K8: =IF((K7+J8)>$N$8,$N$8,J8+K7) -> 88.007297 | M8: Max battery capacity | N8: ='Power Generated'!J16 -> 88.2 | O8: Wh | Q8: Derived value
A9: =A8+$N$7 -> 6 | B9: =A9/'Orbit Info'!$G$10 -> 0.063415915 | C9: =IF(OR(AND(A9>=$S$4,A9<=$T$4),AND(A9>$S$5,A9<=$T$5),AND(A9>$S$6,A9<=$T$6),AND(A9>$S$7,A9<=$T$7),AND(A9>$S$8,A9<=$T$8)),1,0) -> 0 | D9: =IF(OR(AND(A9>=$U$4,A9<=$V$4),AND(A9>$U$5,A9<=$V$5),AND(A9>$U$6,A9<=$V$6),AND(A9>$U$7,A9<=$V$7),AND(A9>$U$8,A9<=$V$8)),1,0) -> 0 | E9: =IF(OR(AND(A9>=$W$4,A9<=$X$4),AND(A9>$W$5,A9<=$X$5),AND(A9>$W$6,A9<=$X$6),AND(A9>$W$7,A9<=$X$7),AND(A9>$W$8,A9<=$X$8)),1,0) -> 0 | F9: =IF(OR(AND(A9>=$Y$4,A9<=$Z$4),AND(A9>$Y$5,A9<=$Z$5),AND(A9>$Y$6,A9<=$Z$6),AND(A9>$Y$7,A9<=$Z$7),AND(A9>$Y$8,A9<=$Z$8)),1,0) -> 1 | G9: =SUM(C9:F9) -> 1 | H9: ='Orbit Info'!C8*((C9*$O$2)+(D9*$O$3)+(E9*$O$4)+(F9*$O$5)) -> 2.856 | I9: =(C9*$N$2)+(D9*$N$3)+(E9*$N$4)+(F9*$N$5) -> 5.74655 | J9: =(H9*$N$7/60)-(I9*$N$7/60) -> -0.048175833 | K9: =IF((K8+J9)>$N$8,$N$8,J9+K8) -> 87.959121 | M9: Eclipse | N9: =(1-'Orbit Info'!G18)*100 -> 37.788029 | O9: % | Q9: Value to Enter | S9: Note: This is just an illustrative example, refer to CONOPS for a more realistic mode schedule
A10: =A9+$N$7 -> 7 | B10: =A10/'Orbit Info'!$G$10 -> 0.073985234 | C10: =IF(OR(AND(A10>=$S$4,A10<=$T$4),AND(A10>$S$5,A10<=$T$5),AND(A10>$S$6,A10<=$T$6),AND(A10>$S$7,A10<=$T$7),AND(A10>$S$8,A10<=$T$8)),1,0) -> 0 | D10: =IF(OR(AND(A10>=$U$4,A10<=$V$4),AND(A10>$U$5,A10<=$V$5),AND(A10>$U$6,A10<=$V$6),AND(A10>$U$7,A10<=$V$7),AND(A10>$U$8,A10<=$V$8)),1,0) -> 0 | E10: =IF(OR(AND(A10>=$W$4,A10<=$X$4),AND(A10>$W$5,A10<=$X$5),AND(A10>$W$6,A10<=$X$6),AND(A10>$W$7,A10<=$X$7),AND(A10>$W$8,A10<=$X$8)),1,0) -> 0 | F10: =IF(OR(AND(A10>=$Y$4,A10<=$Z$4),AND(A10>$Y$5,A10<=$Z$5),AND(A10>$Y$6,A10<=$Z$6),AND(A10>$Y$7,A10<=$Z$7),AND(A10>$Y$8,A10<=$Z$8)),1,0) -> 1 | G10: =SUM(C10:F10) -> 1 | H10: ='Orbit Info'!C9*((C10*$O$2)+(D10*$O$3)+(E10*$O$4)+(F10*$O$5)) -> 2.856 | I10: =(C10*$N$2)+(D10*$N$3)+(E10*$N$4)+(F10*$N$5) -> 5.74655 | J10: =(H10*$N$7/60)-(I10*$N$7/60) -> -0.048175833 | K10: =IF((K9+J10)>$N$8,$N$8,J10+K9) -> 87.910945 | M10: Orbit Period | N10: ='Orbit Info'!G10 -> 94.613474 | O10: min
A11: =A10+$N$7 -> 8 | B11: =A11/'Orbit Info'!$G$10 -> 0.084554553 | C11: =IF(OR(AND(A11>=$S$4,A11<=$T$4),AND(A11>$S$5,A11<=$T$5),AND(A11>$S$6,A11<=$T$6),AND(A11>$S$7,A11<=$T$7),AND(A11>$S$8,A11<=$T$8)),1,0) -> 0 | D11: =IF(OR(AND(A11>=$U$4,A11<=$V$4),AND(A11>$U$5,A11<=$V$5),AND(A11>$U$6,A11<=$V$6),AND(A11>$U$7,A11<=$V$7),AND(A11>$U$8,A11<=$V$8)),1,0) -> 0 | E11: =IF(OR(AND(A11>=$W$4,A11<=$X$4),AND(A11>$W$5,A11<=$X$5),AND(A11>$W$6,A11<=$X$6),AND(A11>$W$7,A11<=$X$7),AND(A11>$W$8,A11<=$X$8)),1,0) -> 0 | F11: =IF(OR(AND(A11>=$Y$4,A11<=$Z$4),AND(A11>$Y$5,A11<=$Z$5),AND(A11>$Y$6,A11<=$Z$6),AND(A11>$Y$7,A11<=$Z$7),AND(A11>$Y$8,A11<=$Z$8)),1,0) -> 1 | G11: =SUM(C11:F11) -> 1 | H11: ='Orbit Info'!C10*((C11*$O$2)+(D11*$O$3)+(E11*$O$4)+(F11*$O$5)) -> 2.856 | I11: =(C11*$N$2)+(D11*$N$3)+(E11*$N$4)+(F11*$N$5) -> 5.74655 | J11: =(H11*$N$7/60)-(I11*$N$7/60) -> -0.048175833 | K11: =IF((K10+J11)>$N$8,$N$8,J11+K10) -> 87.862769 | M11: Check Sum | N11: =MAX(G:G) -> 1
A12: =A11+$N$7 -> 9 | B12: =A12/'Orbit Info'!$G$10 -> 0.095123872 | C12: =IF(OR(AND(A12>=$S$4,A12<=$T$4),AND(A12>$S$5,A12<=$T$5),AND(A12>$S$6,A12<=$T$6),AND(A12>$S$7,A12<=$T$7),AND(A12>$S$8,A12<=$T$8)),1,0) -> 0 | D12: =IF(OR(AND(A12>=$U$4,A12<=$V$4),AND(A12>$U$5,A12<=$V$5),AND(A12>$U$6,A12<=$V$6),AND(A12>$U$7,A12<=$V$7),AND(A12>$U$8,A12<=$V$8)),1,0) -> 0 | E12: =IF(OR(AND(A12>=$W$4,A12<=$X$4),AND(A12>$W$5,A12<=$X$5),AND(A12>$W$6,A12<=$X$6),AND(A12>$W$7,A12<=$X$7),AND(A12>$W$8,A12<=$X$8)),1,0) -> 0 | F12: =IF(OR(AND(A12>=$Y$4,A12<=$Z$4),AND(A12>$Y$5,A12<=$Z$5),AND(A12>$Y$6,A12<=$Z$6),AND(A12>$Y$7,A12<=$Z$7),AND(A12>$Y$8,A12<=$Z$8)),1,0) -> 1 | G12: =SUM(C12:F12) -> 1 | H12: ='Orbit Info'!C11*((C12*$O$2)+(D12*$O$3)+(E12*$O$4)+(F12*$O$5)) -> 2.856 | I12: =(C12*$N$2)+(D12*$N$3)+(E12*$N$4)+(F12*$N$5) -> 5.74655 | J12: =(H12*$N$7/60)-(I12*$N$7/60) -> -0.048175833 | K12: =IF((K11+J12)>$N$8,$N$8,J12+K11) -> 87.814593 | M12: Notes: This sheet accounts for spacecraft mode switching throughout all orbits in one day. The mode power status listed above assumes full sunlight and does not include the time the spacecraft is in eclipse. This is why it is important for users to complete the energy balance in addition to calculating the power draw and generation of the spacecraft. The energy balance captures the battery capacity throughout the day based on where the spacecraft is in orbit and which mode is active. It can be adjusted to match CONOPS and worst-case scenarios.
A13: =A12+$N$7 -> 10 | B13: =A13/'Orbit Info'!$G$10 -> 0.10569319 | C13: =IF(OR(AND(A13>=$S$4,A13<=$T$4),AND(A13>$S$5,A13<=$T$5),AND(A13>$S$6,A13<=$T$6),AND(A13>$S$7,A13<=$T$7),AND(A13>$S$8,A13<=$T$8)),1,0) -> 0 | D13: =IF(OR(AND(A13>=$U$4,A13<=$V$4),AND(A13>$U$5,A13<=$V$5),AND(A13>$U$6,A13<=$V$6),AND(A13>$U$7,A13<=$V$7),AND(A13>$U$8,A13<=$V$8)),1,0) -> 0 | E13: =IF(OR(AND(A13>=$W$4,A13<=$X$4),AND(A13>$W$5,A13<=$X$5),AND(A13>$W$6,A13<=$X$6),AND(A13>$W$7,A13<=$X$7),AND(A13>$W$8,A13<=$X$8)),1,0) -> 0 | F13: =IF(OR(AND(A13>=$Y$4,A13<=$Z$4),AND(A13>$Y$5,A13<=$Z$5),AND(A13>$Y$6,A13<=$Z$6),AND(A13>$Y$7,A13<=$Z$7),AND(A13>$Y$8,A13<=$Z$8)),1,0) -> 1 | G13: =SUM(C13:F13) -> 1 | H13: ='Orbit Info'!C12*((C13*$O$2)+(D13*$O$3)+(E13*$O$4)+(F13*$O$5)) -> 2.856 | I13: =(C13*$N$2)+(D13*$N$3)+(E13*$N$4)+(F13*$N$5) -> 5.74655 | J13: =(H13*$N$7/60)-(I13*$N$7/60) -> -0.048175833 | K13: =IF((K12+J13)>$N$8,$N$8,J13+K12) -> 87.766418
A14: =A13+$N$7 -> 11 | B14: =A14/'Orbit Info'!$G$10 -> 0.11626251 | C14: =IF(OR(AND(A14>=$S$4,A14<=$T$4),AND(A14>$S$5,A14<=$T$5),AND(A14>$S$6,A14<=$T$6),AND(A14>$S$7,A14<=$T$7),AND(A14>$S$8,A14<=$T$8)),1,0) -> 0 | D14: =IF(OR(AND(A14>=$U$4,A14<=$V$4),AND(A14>$U$5,A14<=$V$5),AND(A14>$U$6,A14<=$V$6),AND(A14>$U$7,A14<=$V$7),AND(A14>$U$8,A14<=$V$8)),1,0) -> 0 | E14: =IF(OR(AND(A14>=$W$4,A14<=$X$4),AND(A14>$W$5,A14<=$X$5),AND(A14>$W$6,A14<=$X$6),AND(A14>$W$7,A14<=$X$7),AND(A14>$W$8,A14<=$X$8)),1,0) -> 0 | F14: =IF(OR(AND(A14>=$Y$4,A14<=$Z$4),AND(A14>$Y$5,A14<=$Z$5),AND(A14>$Y$6,A14<=$Z$6),AND(A14>$Y$7,A14<=$Z$7),AND(A14>$Y$8,A14<=$Z$8)),1,0) -> 1 | G14: =SUM(C14:F14) -> 1 | H14: ='Orbit Info'!C13*((C14*$O$2)+(D14*$O$3)+(E14*$O$4)+(F14*$O$5)) -> 2.856 | I14: =(C14*$N$2)+(D14*$N$3)+(E14*$N$4)+(F14*$N$5) -> 5.74655 | J14: =(H14*$N$7/60)-(I14*$N$7/60) -> -0.048175833 | K14: =IF((K13+J14)>$N$8,$N$8,J14+K13) -> 87.718242
A15: =A14+$N$7 -> 12 | B15: =A15/'Orbit Info'!$G$10 -> 0.12683183 | C15: =IF(OR(AND(A15>=$S$4,A15<=$T$4),AND(A15>$S$5,A15<=$T$5),AND(A15>$S$6,A15<=$T$6),AND(A15>$S$7,A15<=$T$7),AND(A15>$S$8,A15<=$T$8)),1,0) -> 0 | D15: =IF(OR(AND(A15>=$U$4,A15<=$V$4),AND(A15>$U$5,A15<=$V$5),AND(A15>$U$6,A15<=$V$6),AND(A15>$U$7,A15<=$V$7),AND(A15>$U$8,A15<=$V$8)),1,0) -> 0 | E15: =IF(OR(AND(A15>=$W$4,A15<=$X$4),AND(A15>$W$5,A15<=$X$5),AND(A15>$W$6,A15<=$X$6),AND(A15>$W$7,A15<=$X$7),AND(A15>$W$8,A15<=$X$8)),1,0) -> 0 | F15: =IF(OR(AND(A15>=$Y$4,A15<=$Z$4),AND(A15>$Y$5,A15<=$Z$5),AND(A15>$Y$6,A15<=$Z$6),AND(A15>$Y$7,A15<=$Z$7),AND(A15>$Y$8,A15<=$Z$8)),1,0) -> 1 | G15: =SUM(C15:F15) -> 1 | H15: ='Orbit Info'!C14*((C15*$O$2)+(D15*$O$3)+(E15*$O$4)+(F15*$O$5)) -> 2.856 | I15: =(C15*$N$2)+(D15*$N$3)+(E15*$N$4)+(F15*$N$5) -> 5.74655 | J15: =(H15*$N$7/60)-(I15*$N$7/60) -> -0.048175833 | K15: =IF((K14+J15)>$N$8,$N$8,J15+K14) -> 87.670066
A16: =A15+$N$7 -> 13 | B16: =A16/'Orbit Info'!$G$10 -> 0.13740115 | C16: =IF(OR(AND(A16>=$S$4,A16<=$T$4),AND(A16>$S$5,A16<=$T$5),AND(A16>$S$6,A16<=$T$6),AND(A16>$S$7,A16<=$T$7),AND(A16>$S$8,A16<=$T$8)),1,0) -> 0 | D16: =IF(OR(AND(A16>=$U$4,A16<=$V$4),AND(A16>$U$5,A16<=$V$5),AND(A16>$U$6,A16<=$V$6),AND(A16>$U$7,A16<=$V$7),AND(A16>$U$8,A16<=$V$8)),1,0) -> 0 | E16: =IF(OR(AND(A16>=$W$4,A16<=$X$4),AND(A16>$W$5,A16<=$X$5),AND(A16>$W$6,A16<=$X$6),AND(A16>$W$7,A16<=$X$7),AND(A16>$W$8,A16<=$X$8)),1,0) -> 0 | F16: =IF(OR(AND(A16>=$Y$4,A16<=$Z$4),AND(A16>$Y$5,A16<=$Z$5),AND(A16>$Y$6,A16<=$Z$6),AND(A16>$Y$7,A16<=$Z$7),AND(A16>$Y$8,A16<=$Z$8)),1,0) -> 1 | G16: =SUM(C16:F16) -> 1 | H16: ='Orbit Info'!C15*((C16*$O$2)+(D16*$O$3)+(E16*$O$4)+(F16*$O$5)) -> 2.856 | I16: =(C16*$N$2)+(D16*$N$3)+(E16*$N$4)+(F16*$N$5) -> 5.74655 | J16: =(H16*$N$7/60)-(I16*$N$7/60) -> -0.048175833 | K16: =IF((K15+J16)>$N$8,$N$8,J16+K15) -> 87.62189
A17: =A16+$N$7 -> 14 | B17: =A17/'Orbit Info'!$G$10 -> 0.14797047 | C17: =IF(OR(AND(A17>=$S$4,A17<=$T$4),AND(A17>$S$5,A17<=$T$5),AND(A17>$S$6,A17<=$T$6),AND(A17>$S$7,A17<=$T$7),AND(A17>$S$8,A17<=$T$8)),1,0) -> 0 | D17: =IF(OR(AND(A17>=$U$4,A17<=$V$4),AND(A17>$U$5,A17<=$V$5),AND(A17>$U$6,A17<=$V$6),AND(A17>$U$7,A17<=$V$7),AND(A17>$U$8,A17<=$V$8)),1,0) -> 0 | E17: =IF(OR(AND(A17>=$W$4,A17<=$X$4),AND(A17>$W$5,A17<=$X$5),AND(A17>$W$6,A17<=$X$6),AND(A17>$W$7,A17<=$X$7),AND(A17>$W$8,A17<=$X$8)),1,0) -> 0 | F17: =IF(OR(AND(A17>=$Y$4,A17<=$Z$4),AND(A17>$Y$5,A17<=$Z$5),AND(A17>$Y$6,A17<=$Z$6),AND(A17>$Y$7,A17<=$Z$7),AND(A17>$Y$8,A17<=$Z$8)),1,0) -> 1 | G17: =SUM(C17:F17) -> 1 | H17: ='Orbit Info'!C16*((C17*$O$2)+(D17*$O$3)+(E17*$O$4)+(F17*$O$5)) -> 2.856 | I17: =(C17*$N$2)+(D17*$N$3)+(E17*$N$4)+(F17*$N$5) -> 5.74655 | J17: =(H17*$N$7/60)-(I17*$N$7/60) -> -0.048175833 | K17: =IF((K16+J17)>$N$8,$N$8,J17+K16) -> 87.573714
A18: =A17+$N$7 -> 15 | B18: =A18/'Orbit Info'!$G$10 -> 0.15853979 | C18: =IF(OR(AND(A18>=$S$4,A18<=$T$4),AND(A18>$S$5,A18<=$T$5),AND(A18>$S$6,A18<=$T$6),AND(A18>$S$7,A18<=$T$7),AND(A18>$S$8,A18<=$T$8)),1,0) -> 0 | D18: =IF(OR(AND(A18>=$U$4,A18<=$V$4),AND(A18>$U$5,A18<=$V$5),AND(A18>$U$6,A18<=$V$6),AND(A18>$U$7,A18<=$V$7),AND(A18>$U$8,A18<=$V$8)),1,0) -> 0 | E18: =IF(OR(AND(A18>=$W$4,A18<=$X$4),AND(A18>$W$5,A18<=$X$5),AND(A18>$W$6,A18<=$X$6),AND(A18>$W$7,A18<=$X$7),AND(A18>$W$8,A18<=$X$8)),1,0) -> 0 | F18: =IF(OR(AND(A18>=$Y$4,A18<=$Z$4),AND(A18>$Y$5,A18<=$Z$5),AND(A18>$Y$6,A18<=$Z$6),AND(A18>$Y$7,A18<=$Z$7),AND(A18>$Y$8,A18<=$Z$8)),1,0) -> 1 | G18: =SUM(C18:F18) -> 1 | H18: ='Orbit Info'!C17*((C18*$O$2)+(D18*$O$3)+(E18*$O$4)+(F18*$O$5)) -> 2.856 | I18: =(C18*$N$2)+(D18*$N$3)+(E18*$N$4)+(F18*$N$5) -> 5.74655 | J18: =(H18*$N$7/60)-(I18*$N$7/60) -> -0.048175833 | K18: =IF((K17+J18)>$N$8,$N$8,J18+K17) -> 87.525538
A19: =A18+$N$7 -> 16 | B19: =A19/'Orbit Info'!$G$10 -> 0.16910911 | C19: =IF(OR(AND(A19>=$S$4,A19<=$T$4),AND(A19>$S$5,A19<=$T$5),AND(A19>$S$6,A19<=$T$6),AND(A19>$S$7,A19<=$T$7),AND(A19>$S$8,A19<=$T$8)),1,0) -> 0 | D19: =IF(OR(AND(A19>=$U$4,A19<=$V$4),AND(A19>$U$5,A19<=$V$5),AND(A19>$U$6,A19<=$V$6),AND(A19>$U$7,A19<=$V$7),AND(A19>$U$8,A19<=$V$8)),1,0) -> 0 | E19: =IF(OR(AND(A19>=$W$4,A19<=$X$4),AND(A19>$W$5,A19<=$X$5),AND(A19>$W$6,A19<=$X$6),AND(A19>$W$7,A19<=$X$7),AND(A19>$W$8,A19<=$X$8)),1,0) -> 0 | F19: =IF(OR(AND(A19>=$Y$4,A19<=$Z$4),AND(A19>$Y$5,A19<=$Z$5),AND(A19>$Y$6,A19<=$Z$6),AND(A19>$Y$7,A19<=$Z$7),AND(A19>$Y$8,A19<=$Z$8)),1,0) -> 1 | G19: =SUM(C19:F19) -> 1 | H19: ='Orbit Info'!C18*((C19*$O$2)+(D19*$O$3)+(E19*$O$4)+(F19*$O$5)) -> 2.856 | I19: =(C19*$N$2)+(D19*$N$3)+(E19*$N$4)+(F19*$N$5) -> 5.74655 | J19: =(H19*$N$7/60)-(I19*$N$7/60) -> -0.048175833 | K19: =IF((K18+J19)>$N$8,$N$8,J19+K18) -> 87.477362
A20: =A19+$N$7 -> 17 | B20: =A20/'Orbit Info'!$G$10 -> 0.17967843 | C20: =IF(OR(AND(A20>=$S$4,A20<=$T$4),AND(A20>$S$5,A20<=$T$5),AND(A20>$S$6,A20<=$T$6),AND(A20>$S$7,A20<=$T$7),AND(A20>$S$8,A20<=$T$8)),1,0) -> 0 | D20: =IF(OR(AND(A20>=$U$4,A20<=$V$4),AND(A20>$U$5,A20<=$V$5),AND(A20>$U$6,A20<=$V$6),AND(A20>$U$7,A20<=$V$7),AND(A20>$U$8,A20<=$V$8)),1,0) -> 0 | E20: =IF(OR(AND(A20>=$W$4,A20<=$X$4),AND(A20>$W$5,A20<=$X$5),AND(A20>$W$6,A20<=$X$6),AND(A20>$W$7,A20<=$X$7),AND(A20>$W$8,A20<=$X$8)),1,0) -> 0 | F20: =IF(OR(AND(A20>=$Y$4,A20<=$Z$4),AND(A20>$Y$5,A20<=$Z$5),AND(A20>$Y$6,A20<=$Z$6),AND(A20>$Y$7,A20<=$Z$7),AND(A20>$Y$8,A20<=$Z$8)),1,0) -> 1 | G20: =SUM(C20:F20) -> 1 | H20: ='Orbit Info'!C19*((C20*$O$2)+(D20*$O$3)+(E20*$O$4)+(F20*$O$5)) -> 2.856 | I20: =(C20*$N$2)+(D20*$N$3)+(E20*$N$4)+(F20*$N$5) -> 5.74655 | J20: =(H20*$N$7/60)-(I20*$N$7/60) -> -0.048175833 | K20: =IF((K19+J20)>$N$8,$N$8,J20+K19) -> 87.429187
A21: =A20+$N$7 -> 18 | B21: =A21/'Orbit Info'!$G$10 -> 0.19024774 | C21: =IF(OR(AND(A21>=$S$4,A21<=$T$4),AND(A21>$S$5,A21<=$T$5),AND(A21>$S$6,A21<=$T$6),AND(A21>$S$7,A21<=$T$7),AND(A21>$S$8,A21<=$T$8)),1,0) -> 0 | D21: =IF(OR(AND(A21>=$U$4,A21<=$V$4),AND(A21>$U$5,A21<=$V$5),AND(A21>$U$6,A21<=$V$6),AND(A21>$U$7,A21<=$V$7),AND(A21>$U$8,A21<=$V$8)),1,0) -> 0 | E21: =IF(OR(AND(A21>=$W$4,A21<=$X$4),AND(A21>$W$5,A21<=$X$5),AND(A21>$W$6,A21<=$X$6),AND(A21>$W$7,A21<=$X$7),AND(A21>$W$8,A21<=$X$8)),1,0) -> 0 | F21: =IF(OR(AND(A21>=$Y$4,A21<=$Z$4),AND(A21>$Y$5,A21<=$Z$5),AND(A21>$Y$6,A21<=$Z$6),AND(A21>$Y$7,A21<=$Z$7),AND(A21>$Y$8,A21<=$Z$8)),1,0) -> 1 | G21: =SUM(C21:F21) -> 1 | H21: ='Orbit Info'!C20*((C21*$O$2)+(D21*$O$3)+(E21*$O$4)+(F21*$O$5)) -> 2.856 | I21: =(C21*$N$2)+(D21*$N$3)+(E21*$N$4)+(F21*$N$5) -> 5.74655 | J21: =(H21*$N$7/60)-(I21*$N$7/60) -> -0.048175833 | K21: =IF((K20+J21)>$N$8,$N$8,J21+K20) -> 87.381011
A22: =A21+$N$7 -> 19 | B22: =A22/'Orbit Info'!$G$10 -> 0.20081706 | C22: =IF(OR(AND(A22>=$S$4,A22<=$T$4),AND(A22>$S$5,A22<=$T$5),AND(A22>$S$6,A22<=$T$6),AND(A22>$S$7,A22<=$T$7),AND(A22>$S$8,A22<=$T$8)),1,0) -> 0 | D22: =IF(OR(AND(A22>=$U$4,A22<=$V$4),AND(A22>$U$5,A22<=$V$5),AND(A22>$U$6,A22<=$V$6),AND(A22>$U$7,A22<=$V$7),AND(A22>$U$8,A22<=$V$8)),1,0) -> 0 | E22: =IF(OR(AND(A22>=$W$4,A22<=$X$4),AND(A22>$W$5,A22<=$X$5),AND(A22>$W$6,A22<=$X$6),AND(A22>$W$7,A22<=$X$7),AND(A22>$W$8,A22<=$X$8)),1,0) -> 0 | F22: =IF(OR(AND(A22>=$Y$4,A22<=$Z$4),AND(A22>$Y$5,A22<=$Z$5),AND(A22>$Y$6,A22<=$Z$6),AND(A22>$Y$7,A22<=$Z$7),AND(A22>$Y$8,A22<=$Z$8)),1,0) -> 1 | G22: =SUM(C22:F22) -> 1 | H22: ='Orbit Info'!C21*((C22*$O$2)+(D22*$O$3)+(E22*$O$4)+(F22*$O$5)) -> 2.856 | I22: =(C22*$N$2)+(D22*$N$3)+(E22*$N$4)+(F22*$N$5) -> 5.74655 | J22: =(H22*$N$7/60)-(I22*$N$7/60) -> -0.048175833 | K22: =IF((K21+J22)>$N$8,$N$8,J22+K21) -> 87.332835
A23: =A22+$N$7 -> 20 | B23: =A23/'Orbit Info'!$G$10 -> 0.21138638 | C23: =IF(OR(AND(A23>=$S$4,A23<=$T$4),AND(A23>$S$5,A23<=$T$5),AND(A23>$S$6,A23<=$T$6),AND(A23>$S$7,A23<=$T$7),AND(A23>$S$8,A23<=$T$8)),1,0) -> 0 | D23: =IF(OR(AND(A23>=$U$4,A23<=$V$4),AND(A23>$U$5,A23<=$V$5),AND(A23>$U$6,A23<=$V$6),AND(A23>$U$7,A23<=$V$7),AND(A23>$U$8,A23<=$V$8)),1,0) -> 0 | E23: =IF(OR(AND(A23>=$W$4,A23<=$X$4),AND(A23>$W$5,A23<=$X$5),AND(A23>$W$6,A23<=$X$6),AND(A23>$W$7,A23<=$X$7),AND(A23>$W$8,A23<=$X$8)),1,0) -> 0 | F23: =IF(OR(AND(A23>=$Y$4,A23<=$Z$4),AND(A23>$Y$5,A23<=$Z$5),AND(A23>$Y$6,A23<=$Z$6),AND(A23>$Y$7,A23<=$Z$7),AND(A23>$Y$8,A23<=$Z$8)),1,0) -> 1 | G23: =SUM(C23:F23) -> 1 | H23: ='Orbit Info'!C22*((C23*$O$2)+(D23*$O$3)+(E23*$O$4)+(F23*$O$5)) -> 2.856 | I23: =(C23*$N$2)+(D23*$N$3)+(E23*$N$4)+(F23*$N$5) -> 5.74655 | J23: =(H23*$N$7/60)-(I23*$N$7/60) -> -0.048175833 | K23: =IF((K22+J23)>$N$8,$N$8,J23+K22) -> 87.284659
A24: =A23+$N$7 -> 21 | B24: =A24/'Orbit Info'!$G$10 -> 0.2219557 | C24: =IF(OR(AND(A24>=$S$4,A24<=$T$4),AND(A24>$S$5,A24<=$T$5),AND(A24>$S$6,A24<=$T$6),AND(A24>$S$7,A24<=$T$7),AND(A24>$S$8,A24<=$T$8)),1,0) -> 0 | D24: =IF(OR(AND(A24>=$U$4,A24<=$V$4),AND(A24>$U$5,A24<=$V$5),AND(A24>$U$6,A24<=$V$6),AND(A24>$U$7,A24<=$V$7),AND(A24>$U$8,A24<=$V$8)),1,0) -> 0 | E24: =IF(OR(AND(A24>=$W$4,A24<=$X$4),AND(A24>$W$5,A24<=$X$5),AND(A24>$W$6,A24<=$X$6),AND(A24>$W$7,A24<=$X$7),AND(A24>$W$8,A24<=$X$8)),1,0) -> 0 | F24: =IF(OR(AND(A24>=$Y$4,A24<=$Z$4),AND(A24>$Y$5,A24<=$Z$5),AND(A24>$Y$6,A24<=$Z$6),AND(A24>$Y$7,A24<=$Z$7),AND(A24>$Y$8,A24<=$Z$8)),1,0) -> 1 | G24: =SUM(C24:F24) -> 1 | H24: ='Orbit Info'!C23*((C24*$O$2)+(D24*$O$3)+(E24*$O$4)+(F24*$O$5)) -> 2.856 | I24: =(C24*$N$2)+(D24*$N$3)+(E24*$N$4)+(F24*$N$5) -> 5.74655 | J24: =(H24*$N$7/60)-(I24*$N$7/60) -> -0.048175833 | K24: =IF((K23+J24)>$N$8,$N$8,J24+K23) -> 87.236483
... A1443: =A1442+$N$7 -> 1440 | B1443: =A1443/'Orbit Info'!$G$10 -> 15.21982 | C1443: =IF(OR(AND(A1443>=$S$4,A1443<=$T$4),AND(A1443>$S$5,A1443<=$T$5),AND(A1443>$S$6,A1443<=$T$6),AND(A1443>$S$7,A1443<=$T$7),AND(A1443>$S$8,A1443<=$T$8)),1,0) -> 0 | D1443: =IF(OR(AND(A1443>=$U$4,A1443<=$V$4),AND(A1443>$U$5,A1443<=$V$5),AND(A1443>$U$6,A1443<=$V$6),AND(A1443>$U$7,A1443<=$V$7),AND(A1443>$U$8,A1443<=$V$8)),1,0) -> 0 | E1443: =IF(OR(AND(A1443>=$W$4,A1443<=$X$4),AND(A1443>$W$5,A1443<=$X$5),AND(A1443>$W$6,A1443<=$X$6),AND(A1443>$W$7,A1443<=$X$7),AND(A1443>$W$8,A1443<=$X$8)),1,0) -> 1 | F1443: =IF(OR(AND(A1443>=$Y$4,A1443<=$Z$4),AND(A1443>$Y$5,A1443<=$Z$5),AND(A1443>$Y$6,A1443<=$Z$6),AND(A1443>$Y$7,A1443<=$Z$7),AND(A1443>$Y$8,A1443<=$Z$8)),1,0) -> 0 | G1443: =SUM(C1443:F1443) -> 1 | H1443: ='Orbit Info'!C1442*((C1443*$O$2)+(D1443*$O$3)+(E1443*$O$4)+(F1443*$O$5)) -> 11.721024 | I1443: =(C1443*$N$2)+(D1443*$N$3)+(E1443*$N$4)+(F1443*$N$5) -> 17.54526 | J1443: =(H1443*$N$7/60)-(I1443*$N$7/60) -> -0.0970706 | K1443: =IF((K1442+J1443)>$N$8,$N$8,J1443+K1442) -> 61.16424

Sheet Thermal Budget
D1: THERMAL BUDGET
A2: Subsystem | B2: Hardware Component | C2: Low Operating Temp (°C) | D2: High Operating Temp (°C) | E2: Low Survival Temp (°C) | F2: High Survival Temp (°C) | G2: Heat Generated (Watts) | I2: Definitions
A3: EPS | B3: Power regulators | C3: TBD | D3: TBD | I3: Operating temperature: | K3: The temperature at which a unit will successfully function and meet all specifications.
B4: Solar cells | C4: -40 | D4: 90
B5: Batteries (Samsung 35e) (Charge) | C5: 0 | D5: 45 | I5: Survival temperature: | K5: The temperature, if exceeded, at which the unit will suffer permanent damage.
B6: Batteries (Samsung 35e) (Discharge) | C6: -10 | D6: 60
B7: Solar panels (TBR) | C7: 10 | D7: 70
A12: ADCS
B14: Compact Magnetorquer (Ring) | C14: -55 | D14: 85
B15: Magnetorquer Rod (x2) | C15: -20 | D15: 80
B16: Magnetorquer PCB | C16: -55 | D16: 85 | E16: TBD | F16: TBD
B17: Sun Sensor | C17: -40 | D17: 100
B18: IMMU | C18: -40 | D18: 85
A21: Flight Computer
B22: CDH computer: BeagleBone Black | C22: -40 | D22: 85
B23: CDH PCB | C23: -40 | D23: 85
B24: USB ports | C24: -40 | D24: 90
A27: Payload
B28: COTS GNSS/GPS | C28: -40 | D28: 85
B29: Sagitta Star tracker | C29: -20 | D29: 50
B30: Ximea FOUND/LOST Camera | C30: 0 | D30: 50
B31: GNSS antenna (predicted) | C31: -40 | D31: 65
A34: Communications
B35: Endurosat/Radio | C35: -40 | D35: 75
B36: Comms Antenna (x2) | C36: -40 | D36: 120
A38: Thermal
B39: Thermal sensors (type K thermocouples) | C39: -270 | D39: 500
B40: Kapton heaters | C40: -40 | D40: 149
B41: Amplifiers (for thermocouples) | C41: -210 | D41: 500
B42: Thermal coating (TBD) | C42: TBD | D42: TBD

Sheet Mass Budget
A1: MASS BUDGET | G1: Notes
A2: Component | B2: Material | C2: Quantity | D2: Mass (kg) | E2: Total Mass (kg)
A3: Structure | E3: =SUM(E4:E10) -> 0.88086
A4: Primary Structure | B4: Aluminum T6 6061 | C4: 1 | D4: 0.54 | E4: =D4*C4 -> 0.54 | G4: GranSystem 3U CubeSat Structure
A5: Secondary Structure (Threated Rails) | B5: Stainless Steel | C5: 4 | D5: =20/1000 -> 0.02 | E5: =D5*C5 -> 0.08 | G5: 3U M3
A6: Mounting Brackets | B6: Aluminum T6 6061 | C6: 4 | D6: =4.5/1000 -> 0.0045 | E6: =D6*C6 -> 0.018
A7: Custom Reinforcement Brackets | B7: Aluminum T6 6062 | C7: 2 | D7: =28.93/1000 -> 0.02893 | E7: =D7*C7 -> 0.05786
A8: Fasteners | B8: Stainless Steel | C8: =4+4+4+4+16+32+16+8 -> 88 | D8: =1.25/1000 -> 0.00125 | E8: =D8*C8 -> 0.11 | G8: M3
A9: Harness | C9: 1 | D9: =20/1000 -> 0.02 | E9: =D9*C9 -> 0.02 | G9: For cameras and star tracker
A10: Spacers | B10: Lightweight Aluminum | C10: 20 | D10: =2.75/1000 -> 0.00275 | E10: =D10*C10 -> 0.055
A11: EPS | E11: =SUM(E12:E16) -> 0.93332
A12: Battery Pack | B12: Aluminum 6061-T6 | C12: 1 | D12: =(23.26+23.26+32.4+32.4)/1000 -> 0.11132 | E12: =C12*D12 -> 0.11132 | F12: A
A13: PCBs | B13: FR-4 | C13: 2 | D13: =63/1000 -> 0.063 | E13: =C13*D13 -> 0.126 | F13: A | G13: PC-104 assumption
A14: Battery Cells | B14: 30% graphite, 20% aluminum, 15% Nickel, 10% Copper, 10% stainless steel, 5% Maganese, 5% Cobalt, 5% Lithium | C14: 6 | D14: =42.5/1000 -> 0.0425 | E14: =C14*D14 -> 0.255
A15: Solar Panel Core | C15: 1 | D15: =(219/1000)/2 -> 0.1095 | E15: =C15*D15 -> 0.1095 | G15: 2nd Space one wing configuration
A16: Solar Panel Core 2 Wings | C16: 1 | D16: =331.5/1000 -> 0.3315 | E16: =C16*D16 -> 0.3315
A17: ADCS | E17: =SUM(E18:E21) -> 0.1185 | G17: Total estimate 0.250kg
A18: Magnetorquer Rods | B18: Heat-treated ferrous core | C18: 2 | D18: 0.0165 | E18: =C18*D18 -> 0.033 | F18: E | G18: Cubespace CR0002
A19: Air Core Magnetorquer | B19: Pre-evacuated enamel copper wire | C19: 1 | D19: 0.0075 | E19: =C19*D19 -> 0.0075 | G19: EXA MT01 Compact
A20: IMU | C20: 1 | D20: 0.015 | E20: =C20*D20 -> 0.015 | F20: E | G20: VectorNav VN-100 Rugged
A21: PCB | B21: FR-4 | C21: 1 | D21: =63/1000 -> 0.063 | E21: =D21*C21 -> 0.063 | G21: PC-104 assumption
A22: COM | E22: =SUM(E23:E25) -> 0.5195
A23: Transceiver | B23: Exterior: Aluminum 6061 T651 | C23: 1 | D23: 0.19085 | E23: =(D23*C23) -> 0.19085 | F23: A | G23: Endurosat S-band Transceiver
A24: Splitter | B24: EN AW-6082 | C24: 1 | D24: =136.65/1000 -> 0.13665 | E24: =D24*C24 -> 0.13665 | G24: Endurosat S-band Splitter
A25: Antenna | B25: Metal | C25: 2 | D25: =96/1000 -> 0.096 | E25: =(C25*D25) -> 0.192 | F25: A | G25: Patch S-Band Wideband Antenna for SANTV6
A26: Payload | E26: =SUM(E27:E36) -> 1.21007
A27: Structure | B27: Aluminum T6 6061 | C27: 1 | D27: =((27.15*4)+(79.91*2)+(25.86*2)+(22.31*2)+28.15+33.6+28.06+33.5+3.43+2.47)/1000 -> 0.49397 | E27: =C27*D27 -> 0.49397
A28: Fasteners/nuts/washers | C28: 50 | D28: =1.25/1000 -> 0.00125 | E28: =C28*D28 -> 0.0625
A29: FOUND Camera | B29: Aluminum | C29: 1 | D29: =28.3/1000 -> 0.0283 | E29: =C29*D29 -> 0.0283 | F29: A | G29: Ximea XiQ-S7 (MQ013MG-E2-S7)
A30: LOST Camera | B30: Aluminum | C30: 1 | D30: =28.3/1000 -> 0.0283 | E30: =C30*D30 -> 0.0283 | F30: A | G30: Ximea XiQ-S7 (MQ013MG-E2-S7)
A31: Star Tracker | B31: Aluminum 6063 | C31: 1 | D31: =270/1000 -> 0.27 | E31: =C31*D31 -> 0.27 | G31: Sagitta
A32: Found lense | B32: Metal | C32: 1 | D32: =70/1000 -> 0.07 | E32: =C32*D32 -> 0.07 | G32: NMV 12WA
A33: Lost lense | B33: Metal | C33: 1 | D33: =67/1000 -> 0.067 | E33: =C33*D33 -> 0.067 | G33: NMV 4WA
A34: PCB | B34: FR-4 | C34: 2 | D34: =63/1000 -> 0.063 | E34: =C34*D34 -> 0.126 | G34: PC-104 assumption
A35: Antenna | B35: Epoxy | C35: 1 | D35: =40/1000 -> 0.04 | E35: =C35*D35 -> 0.04 | G35: Mini patch skyfox
A36: GNSS | B36: FR-4 | C36: 1 | D36: =24/1000 -> 0.024 | E36: =C36*D36 -> 0.024 | G36: Skyfox
A37: Thermal | E37: =SUM(E38:E40) -> 0.00295
A38: Kapton Heaters | B38: Polymide and PTFE | C38: 3 | D38: 0 | E38: =C38*D38 -> 0 | G38: Negligible mass
A39: Amps | B39: TSSOP-14 | C39: 1 | D39: =0.15/1000 -> 0.00015 | E39: =C39*D39 -> 0.00015
A40: Sensors | B40: Copper/Constantan | C40: 8 | D40: =0.35/1000 -> 0.00035 | E40: =C40*D40 -> 0.0028
A41: CDH | E41: =SUM(E42,E43) -> 0.103
A42: CDH Computer | C42: 1 | D42: 0.04 | E42: 0.04 | G42: Beaglebone Black TBR
A43: PCB | C43: 1 | D43: =63/1000 -> 0.063 | E43: =C43*D43 -> 0.063 | G43: PC-104 assumption
D44: Total | E44: =SUM(E3,E11,E17,E22,E26,E37,E41) -> 3.7682
D45: Total + 25% | E45: =(E44*0.25)+E44 -> 4.71025
D46: Max Allowable | E46: 6

Sheet Link Budget, Simplified (1)
A1: LINK BUDGET | F1: LINK BUDGET | I1: Key | K1: Reference
A2: Parameter | B2: Value | C2: Unit | D2: Comment/Reference | F2: DOWNLINK | I2: Derived value | K2: https://s.campbellsci.com/documents/us/technical-papers/link-budget.pdf
A3: Orbit Information | F3: From | G3: Spacecraft | I3: Value to Enter
A4: Elevation Angle | B4: 10 | C4: ° | D4: Degree from horizon, 10° comes from a UNP requirement | F4: To | G4: Earth
A5: Radius of Earth | B5: ='[1]Orbit Info (1)'!G4 -> #REF! | C5: km
A6: Altitude of Satellite | B6: 500 | C6: km | F6: Notes: The purpose of this budget is to see if the downlink over margin closes with the selected communication architecture. For ShipSat, an S-band radio was used and it was determined that closed. Adjust the parameters to fit your mission.
A7: a = 1 | B7: 1 | D7: Solving law of cosines for the "range", see Orbit Info diagram, assuming elevation angle is variable -> rSat^2 = range^2 + rE^2 - 2*range*rE*cos(pi/2+El). Rearranged is: (1) range^2 - (2*rE*cos(pi/2+El)) range + (rE^2 - rSat^2) = 0. Requires quadratic equation to solve, done in the "Distance" cell
A8: b = - (2*rE*cos(pi/2+El)) | B8: =-2*B5*COS(PI()/2+B4*PI()/180) -> #REF!
A9: c = (rE^2 - rSat^2) | B9: =B5^2-(B5+B6)^2 -> #REF!
A10: Distance | B10: =(-B8+SQRT(B8^2-4*B7*B9))/(2*B7) -> #REF! | C10: km
A11: Speed of Light | B11: 299792458 | C11: m/s
A12: Boltzmann Constant | B12: 1.380649e-23 | C12: J/K
B13: =10*LOG10(B12) -> -228.59917 | C13: dB (W/K/Hz) | D13: (For thermal noise)
A14: Transmitter Information
A15: Frequency | B15: 2.23 | C15: GHz | D15: S-Band
A16: Utilized Bandwidth | B16: 0.3 | C16: MHz | D16: May be radio limited but is also limited by frequency license policy. Generally UHF max allocation ≤ 100kHz, S-band max allocation ≤ 5 MHz
A17: Wavelength | B17: =B11/(B15*10^9) -> 0.13443608 | C17: m | D17: Typically express in nm, but use m for calculations only
A18: Bit rate | B18: 0.125 | C18: Mbps | D18: Using value inputted into the Data Budget. This is modulation dependent but: UHF is usually 9600bps or 19.2kbps. S-band is usually < 1Mbps. X-band is usually < 100Mbps.
A19: Transmit Power | B19: 2 | C19: W
A20: Transmit Power | B20: =10*LOG10(B19*1000) -> 33.0103 | C20: dBm
A21: Transmit antenna gain | B21: 6.5 | C21: dBi | D21: datasheet
A22: Transmit system losses | B22: -4 | C22: dB | D22: Circuit loss -1 dB, Return Loss -3 dB
A23: EIRP | B23: =SUM(B20:B22) -> 35.5103 | C23: dBm
A24: Path loss | B24: =-10*LOG10((4*PI()*B10*10^3*B15*10^9/B11)^2) -> #REF! | C24: dB | D24: 10*log_10((4*pi*distance*frequency/speed of light)^2)
A25: Receiver Information
A26: Receive antenna diameter | B26: 2.4 | C26: m
A27: Antenna Efficiency | B27: N/A | C27: %
A28: Receive antenna gain | B28: 31.7 | C28: dBi | D28: If UHF, input from datsheet directly
A29: Noise Temperature | B29: 307 | C29: K
A30: Receive system noise figure | B30: =10*LOG10(B12*B29*1000) -> -173.72778 | C30: dBm/Hz | D30: System noise density = k*T but that is dB. System noise power = k*T*Bw or dB-Hz
A31: Receiver system losses | B31: -5 | C31: dB | D31: Antenna pointing loss -1 dB, Radome Loss 0 dB, Polarization Loss -2 dB, Circuit Loss -1 dB, Atmospheric -1 db
A32: Total Received Power | B32: =SUM(B23,B28,B24,B31) -> #REF! | C32: dBm
A33: Cross polarization loss | B33: 0 | C33: dB | D33: If ground antenna vs. flight antennas have same-hand circular or linear (0dB), linear to circular (-3dB) or LHCP to RHCP is often about -20dB or -30dB loss
A34: Link Margin Computation
A35: Received Eb/N0 | B35: =B32-B30+B33-10*LOG10(B18*10^6) -> #REF! | C35: dB | D35: Eb/N0 = SNR - 10*log_10(Bit Rate / Bandwidth)
A36: Required Eb/N0 | B36: 11 | C36: dB | D36: Based upon various modulation schemes for a desired bit error rate. Search various modulations for their performance curves (e.g. https://en.wikipedia.org/wiki/Bit_error_rate) e.g. BPSK for 1e-6 BER is about 11dB
A37: Link margin | B37: =B35-B36 -> #REF! | C37: dB | D37: If green, link closes. If red, something needs to be tweaked
A38: Required link margin | B38: 6 | C38: dB | D38: UNP Requirement
